Workbook
Name condicion: #REF!
Name edad: #REF!
Name etnias: #REF!
Name frecuencia: #REF!
Name genero: #REF!
Name INDICADOR: #REF!
Name INDICADOR: #REF!
Name INDICADOR: #REF!
Name INDICADOR: #REF!
Name localidad: #REF!
Name metas: #REF!
Name objetivoest: #REF!
Name objetivos: #REF!
Name objetivos: #REF!
Name objetivos: #REF!
Name objetivos: #REF!
Name pmr: #REF!
Name responsable: #REF!
Name SUBSECRETARIA: #REF!
Name SUBSECRETARIA: #REF!
Name SUBSECRETARIA: #REF!
Name SUBSECRETARIA: #REF!
Name subsecretarias: #REF!
Name tactividad: #REF!
Name tcalculo: #REF!
Name tindicador: #REF!
Name tipometa: #REF!
Name tmeta: [1]Hoja3!$A$5:$A$7
Name tmeta: [1]Hoja3!$A$5:$A$7
Name tmeta: [1]Hoja3!$A$5:$A$7
Name tmeta: #REF!

Sheet Instructivo
A1: PROGRAMACIÓN, ACTUALIZACIÓN Y SEGUIMIENTO PLAN DE ACCIÓN DE PROYECTOS DE INVERSIÓN
A2: ENCABEZADO DE TODAS LAS HOJAS
A3: ITEM | B3: DESCRIPCIÓN
A4: NOMBRE DEL PROYECTO | B4: En este campo se diligencia el nombre del proyecto de inversión como se encuentra en la ficha EBI-D y en la ficha MGA de formulación.
A5: PERIODO REPORTADO | B5: En este campo se marca con "X" el mes al cual corresponde el reporte de seguimiento
A6: TIPO DE REPORTE | B6: En este campo se selecciona según aplique. Programación: Corresponde al proceso de formulación del plan de acción de proyectos de inversión, el cual se realiza una vez por vigencia. Actualización: Corresponde al proceso mediante el cual la gerencia del proyecto modifica o ajusta la información contenida en el plan de acción de proyectos de inversión Seguimiento: Corresponde al proceso de reporte de avance de las actividades, tareas, meta PDD, producto MGA, territorialización y PMR de acuerdo con la programación.
A7: HOJA ACTIVIDAD
A8: ACTIVIDAD DEL PROYECTO | B8: En este campo se diligencia el nombre de la actividad del proyecto de inversión, como se encuentra registrada tanto en la ficha MGA como en la ficha EBI-D del proyecto de inversión
A9: PRODUCTO MGA | B9: En este campo se diligencia el nombre del producto registrado en la ficha MGA, asociado a la actividad correspondiente del proyecto de inversión.
A10: INDICADOR ACTIVIDAD | B10: En este campo se diligencia el nombre del indicador que se estableció para la actividad correspondiente, debe ser coherente con lo registrado en la hoja de vida de vida de indicadores.
A11: OBJETIVO ESTRATÉGICO | B11: En este campo se diligencia el nombre del Objetivo Estratégico establecido en la estructura Plan de Desarrollo vigente, bajo la cual se encuentra articulado el proyecto de inversión
A12: PROGRAMA | B12: En este campo se diligencia el nombre del Programa de acuerdo con la la estructura Plan de Desarrollo vigente, bajo la cual se encuentra articulado el proyecto de inversión
A13: META PDD | B13: En este campo se diligencia el nombre de la meta Plan de Desarrollo vigente, al cual se encuentra articulada la actividad correspondiente del proyecto de inversión.
A14: EJECUCIÓN PRESUPUESTAL DEL PROYECTO
A15: PROGRAMACION DE COMPROMISOS | B15: Se diligencia el valor de la programación mensual de compromisos. Para este campo, los insumos son la programación del proyecto coincidente con la programación PAABS.
A16: COMPROMISOS | B16: Se diligencia el valor de los compromisos efectivamente ejecutados mensualmente. Este dato debe coincidir con las ejecuciones de CRP de los informes BOGDATA.
A17: GIROS | B17: Se diligencia el valor mensual de los giros efectivamente ejecutados. Este dato debe coincidir con las ejecuciones de CRP (autorización giros) de los informes BOGDATA.
A19: PROGRAMACIÓN DE RESERVAS | B19: En este campo se diligencia el valor de la programación mensual a ejecutar de las reservas constituidas al inicio de la vigencia.
A20: LIBERACIÓN DE RESERVAS | B20: En este campo se registra el valor de las liberaciones de las reservas realizadas en el mes que corresponda.
A21: GIROS RESERVAS | B21: En este campo se diligencia el valor efectivo de los giros de la reserva para el mes correspondiente, este dato debe coincidir con la autorización de giros del informe de Rersevas de BOGDATA.
A22: REPORTE ACTIVIDADES VIGENCIA (Ejecución vigencia)
A23: DESCRIPCIÓN DE LA ACTIVIDAD | B23: Este campo se diligencia automaticamente, y corresponde al nombre de la actividad del proyecto de inversión, como quedó formulada tanto en la ficha MGA como en la ficha EBI-D del proyecto de inversión
A24: ANUALIZACIÓN DE LA ACTIVIDAD | B24: En este campo se diligencia para cada una de las vigencias, la meta numérica de la actividad (en valores absolutos o porcentuales), cuyo valor total debe corresponder a la meta del cuatrienio de la actividad, en coherencia con la información registrada en la ficha EBI-D del proyecto de inversión.
A25: TIPO DE ANUALIZACIÓN | B25: En este campo se diligencia el tipo de anualización de la actividad en coherencia con las mediciones establecidas por la SDP: Suma: La magnitud se distribuyen entre las vigencias y al final se tienen una totalización,es decir, la meta total de la actividad. Creciente: No tienen total y puede haber 2 años consecutivos con el mismo valor. El valor del último año corresponde a la meta total de la actividad. Decreciente: No tienen total y se registran en cada vigencia una magnitud igual o inferior hasta llegar a la meta de la actividad. Constante: No tienen total y las magnitudes deberán corresponder a un valor igual para cada vigencia
A26: PONDERACIÓN ACTIVIDAD | B26: En este campo se registra el valor porcentual asignado a la actividad dentro del plan de acción del proyecto de inversión. Es necesario tener en cuenta que la sumatoria de las ponderaciones de todas las actividades del plan de acción debe ser igual al 100%
A27: Programación | B27: Corresponde a las magnitudes que se mediran para cuantificar el bien o servicio, lo que se espera alcanzar en un periodo de tiempo a través de la ejecución o desempeño de las actividades. La sumatoria de la programación mensual debe corresponder con el valor de la anualización de la vigencia correspondiente.
A28: Ejecución | B28: Se diligencia la magnitud alcanzada durante el periodo reportado, a fin de cumplir la programación realizada para la actividad
A29: Avances y Logros Mensual (2.000 caracteres) | B29: En este campo se diligencia lo relacionando a los logros y avances del mes en coherencia con lo registrado en el avance cuantitativo de la actividad. Se recomienda dejar la información que se considere estratégica y de mayor relevancia.
A30: Avances y Logros Acumulado (2.000 caracteres) | B30: En este campo se diligencia lo relacionando a los logros y avances acumulados a la fecha del reporte en coherencia con lo registrado en el avance cuantitativo de la actividad, así como con la información reportada en meses anteriores. Se recomienda dejar la información que se considere estratégica y de mayor relevancia. IMPORTANTE: Se debe diligenciar la descripción cualitativa de manera acumulada de manera ejecutiva, sin replicar toda la información mes a mes de los seguimientos.
A31: Retrasos y Alternativas de solución (1.000 caracteres) | B31: En este campo se deberá diligenciar lo relacionando a las dificultades y alternativas de solución presentadas en el periodo en el que se dan. Cuando la ejecución del proyecto se encuentra acorde a lo programado, no se diligencia este campo o se incluye que el proyecto no presenta retrasos. IMPORTANTE: Se debe diligenciar la descripción cualitativa de manera acumulada de manera ejecutiva, sin replicar toda la información mes a mes de los seguimientos.
A32: Beneficios | B32: En este campo se deberá diligenciar lo relacionando con los beneficios aportados por la ejecución de la actividad, de forma acumulada e integrada. IMPORTANTE: Se debe diligenciar la descripción cualitativa de manera acumulada de manera ejecutiva, sin replicar toda la información mes a mes de los seguimientos.
A33: DESCRIPCIÓN CUALITATIVA Y PORCENTUAL DEL AVANCE POR TAREA
A34: DESCRIPCIÓN DE LA TAREA | B34: En este campo se diligencia el nombre de la tarea definida para la gestión de cumplimiento de la actividad del proyecto de inversión. Las tareas deben ser coherentes con las actividades a las cuales están asociadas y son aquellas que las dependencias deben llevar a cabo para producir los resultados definidos en las mismas.
A35: PONDERACIÓN DE LA TAREA | B35: En este campo se registra el valor porcentual asignado a la tarea (s) asociada (s) a la actividad, es decir, la sumatoria de las ponderaciones de las tareas de un actividad, debe ser igual al peso % de dicha actividad a la cual se encuentran asociadas.
A36: Programación (Tareas) | B36: En este campo se diligencia el porcentaje que se va a realizar en el mes de la tarea, la sumatoria de las programaciones mensuales debe sumar 100%.
A37: Ejecución (Tareas) | B37: En este campo se diligencia la magnitud alcanzada durante el periodo reportado, a fin de cumplir la programación mensual para la tarea.
A38: Logros y beneficios y Retrasos y alternativas de solución (2.000 caracteres) (Tareas) | B38: En este campo se registra: - El avance de la gestión mensual señalando las alertas que puedan afectar el cumplimiento de la tarea o producto, cuando aplique. - El avance acumulado y los productos obtenidos, indicando si se presentan retrasos y señalando las alternativas de solución que se implementarán.
A39: Evidencias de ejecución | B39: En este campo se registra el link o la ruta donde se puede consultar las evidencias que soportan la ejecución de las tareas.
A40: HOJA META PDD
A41: ITEM | B41: DESCRIPCIÓN
A42: META PDD | B42: En este campo se diligencia el nombre de la Meta Plan de Desarrollo vigente, al cual se encuentra articulado el proyecto de inversión
A43: OBJETIVO ODS | B43: En este campo se diligencia el nombre del Objetivo de Deasarrollo Sostenible al cual se encuentra asociada la Meta Plan Distrital de Desarrollo que compete al proyecto de inversión
A44: META ODS | B44: En este campo se diligencia el nombre de la Meta del Objetivo de Deasarrollo Sostenible al cual se encuentra asociada la Meta Plan Distrital de Desarrollo que compete al proyecto de inversión
A45: INDICADOR META PDD | B45: En este campo se diligencia el nombre del Indicador PDD establecido para la Meta Plan de Desarrollo a la que se encuentre asociado el proyecto de inversión y que se encuentran definidos en los documento del Plan de Desarrollo vigente.
A46: PROGRAMACIÓN CUATRIENAL INDICADOR PDD | B46: En este campo se diligencia en cada vigencia la magnitud numérica del Indicador de la Meta PDD (en valores absolutos o porcentuales), según corresponda con lo establecido en el documento del Plan de Desarrollo vigente.
A47: AVANCE ACUMULADO CUATRIENIO | B47: En este campo se diligencia la sumatoria de la programación cuatrienal del Indicador PDD, de acuerdo con el tipo de anualización establecido.
A48: TIPO DE ANUALIZACIÓN (Según aplique) | B48: En este campo se diligencia el tipo de anualización del indicador de la Meta PDD en coherencia con las mediciones establecidas por la SDP: Suma: La magnitud se distribuyen entre las vigencias y al final se tienen una totalización,es decir, la meta total deL indicador. Creciente: No tienen total y puede haber 2 años consecutivos con el mismo valor. El valor del último año corresponde a la meta total del indicador Decreciente: No tienen total y se registran en cada vigencia una magnitud igual o inferior hasta llegar a la meta del indicador. Constante: No tienen total y las magnitudes deberán corresponder a un valor igual para cada vigencia
A49: EJECUCIÓN MENSUAL INDICADOR PDD
A50: PROGRAMACIÓN | B50: Corresponde a la programación de las magnitudes que se mediran para cuantificar el bien o servicio, lo que se espera alcanzar en un periodo de tiempo a través de la ejecución o desempeño de las actividades asociadas a la Meta PDD. La sumatoria de la programación mensual debe corresponder con el valor de la anualización del Indicador de la vigencia correspondiente.
A51: EJECUCIÓN | B51: Se diligencia la magnitud alcanzada durante el periodo reportado, a fin de cumplir la programación relizada para el indicador
A52: AVANCES Y LOGROS MENSUAL (2.000 CARACTERES) | B52: En este campo se diligencia lo relacionando a los logros y avances del mes en coherencia con lo registrado en el avance cuantitativo del indicador Se recomienda dejar la información que se considere estratégica y de mayor relevancia.
A53: AVANCES Y LOGROS ACUMULADO (2.000 CARACTERES) | B53: En este campo se diligencia lo relacionando a los logros y avances acumulados a la fecha del reporte en coherencia con lo registrado en el avance cuantitativo indicador, así como con la información reportada en meses anteriores. Se recomienda dejar la información que se considere estratégica y de mayor relevancia. IMPORTANTE: Se debe diligenciar la descripción cualitativa de manera acumulada de manera ejecutiva, sin replicar toda la información mes a mes de los seguimientos.
A54: RETRASOS Y ALTERNATIVAS DE SOLUCIÓN (1.000 CARACTERES) | B54: En este campo se deberá diligenciar lo relacionando a las dificultades y alternativas de solución presentadas en el periodo en el que se dan. Cuando la ejecución del proyecto se encuentra acorde a lo programado, no se diligencia este campo o se incluye que el proyecto no presenta retrasos. IMPORTANTE: Se debe diligenciar la descripción cualitativa de manera acumulada de manera ejecutiva, sin replicar toda la información mes a mes de los seguimientos.
A55: BENEFICIOS | B55: En este campo se deberá diligenciar lo relacionando con los beneficios aportados por la ejecución de la Meta PDD, de forma acumulada e integrada. IMPORTANTE: Se debe diligenciar la descripción cualitativa de manera acumulada de manera ejecutiva, sin replicar toda la información mes a mes de los seguimientos.
A56: EVIDENCIAS DEL AVANCE | B56: En este campo se pone el link o la ruta donde se puede consultar las evidencias que soportan la ejecución de la Meta PDD.
A57: HOJA PRODUCTO MGA
A58: EJECUCIÓN PRESUPUESTAL DEL PRODUCTO
A59: OBJETIVO ESPECÍFICO | B59: En este campo se diligencia el nombre del objetivo especfíco al cual se encuentra asociado el producto (s) de acuerdo con la ficha MGA del proyecto de inversión
A60: ACTIVIDAD | B60: En este campo se registra el nombre de la actividad formulada en la ficha MGA del proyecto de inversión, asociada (s) al producto descrito en dicha ficha MGA
A61: PRODUCTO MGA | B61: En este campo se registra el nombre del producto que asocia la actividad mediante la cual se aporta a su cumplimiento. Cuando un producto tenga asociada más de una actividad, se requiere combinar la celda.
A62: COMPROMISOS | B62: En este campo se diligencia el valor de los compromisos efectivamente ejecutados a nivel de producto, por tanto, para aquellos productos que tenga asocidas más de una actividad, el valor a diligenciar en este campo corresponde a la sumatoria de la ejecución de compromisos de dichas actividades.
A63: GIROS | B63: En este campo se diligencia el valor de los giros efectivamente ejecutados a nivel de producto, por tanto, para aquellos productos que tenga asociadas más de una actividad, el valor a diligenciar en este campo corresponde a la sumatoria de la ejecución de giros de dichas actividades.
A64: EJECUTADO MAGNITUD | B64: En este campo se diligencia la ejecución mensual de la magnitud del producto para dar cumplimiento a la meta anual, de acuerdo con la información registrada en la ficha MGA del proyecto de inversión.
A65: HOJA TERRITORIALIZACIÓN
A66: DESCRIPCIÓN
A67: Este anexo, responde a la necesidad de plasmar la información correspondiente que las acciones (derivadas de metas PDD, metas proyecto de inversión, indicadores PMR, actividades) que se territorializan incluyendo el enfoque diferencial y según grupo etario, así como las reportadas a nivel distrital. De ser necesario las celdas correspondientes a enfoque diferencial, especificamente población con discapacidad (Sordociega, auditiva,, visual, multiple, mental, física, cognitiva, otro) y población LGBTI (Lesbianas, gays, bisexuales, hererosexuales, No responde...) se puede establecer mayor desagregue de ser necesario en la misma celda.
A68: INDICADOR TERRITORIALIZABLE | B68: En este campo se diligencia el nombre de la actividad o indicador PMR cuyas acciones se pueden estimar y ejecutar en las localidades de Bogotá.
A69: PROGRAMACIÓN MAGNITUD | B69: En este campo se diligencia la programación mensual de la magnitud de la actividad y/o indicador PMR en las ubicaciones que corresponda (Localidades y Distrito)
A70: PROGRAMACIÓN PRESUPUESTO | B70: En este campo se diligencia la programación mensual del presupuesto de la actividad y/o del indicador PMR en las ubicaciones que corresponda (Localidades y Distrito)
A71: EJECUCIÓN MAGNITUD | B71: En este campo se diligencia la ejecución mensual de la magnitud de la actividad y/o indicador PMR en las ubicaciones que corresponda (Localidades y Distrito)
A72: EJECUCIÓN PRESUPUESTO | B72: En este campo se debe diligencia la ejecución (compromisos) mensual del presupuesto de la actividad y/o del indicador PMR en las ubicaciones que corresponda (Localidades y Distrito)
A73: HOJA PMR
A74: Numero de objetivo | B74: En este campo se diligencia el número del objetivo PMR al cual se encuentra asociado el Producto PMR articulado al proyecto de inversión.
A75: Objetivo | B75: En este campo se diligencia el nombre objetivo PMR al cual se encuentra asociado el Producto PMR articulado al proyecto de inversión.
A76: producto | B76: En este campo se diligencia el nombre del producto PMR articulado al proyecto de inversión.
A77: Numero de indicador de producto | B77: En este campo se diligencia el número del indicador PMR articulado al proyecto de inversión.
A78: Indicador de Producto | B78: En este campo se diligencia el nombre del indicador de producto PMR articulado al proyecto de inversión.
A79: Actividad que aporta al indicador | B79: En este campo se diligencia el nombre de la actividad del proyecto de inversión que aporta al cumplimiento del indicador PMR, en los casos que aplique y exista relación directa.
A80: Naturaleza | B80: En este campo se diligencia la naturaleza según corresponda al tipo de indicador, el cual puede ser acumulado, stock o de capacidad.
A81: Territorializable | B81: En este campo se debe diligenciar "SI" o "NO" según corresponda.
A82: Linea Base (Corte 31 diciembre 2023 | B82: En este campo se diligencia el valor de la línea base del indicador PMR, el cual corresponde al valor registrado en la última vigencia del Plan Distrital de Desarrollo inmediatamente anterior.
A83: Meta Plan (TotaL PMR 10 Años) | B83: En este campo se diligencia la Meta total programada para un lapso de 10 años. Dicha información se formula previamenteentre las gerencias de los proyectos de inversión y el enlace de PMR ante laSecretaría Distrital de Hacienda.
A84: Meta Anual 2025 | B84: En este campo se diligencia la meta (valor numérico) para la vigencia correspondiente, la cual fue previamente establecida por las gerencias de los proyectos de inversión y revisada por la Secretaría Distrital de Hacienda.
A85: Programación | B85: En este campo se diligncia la programación mensual de la magnitud (valor numérico)del indicador PMR y que debe totalizar la meta anual.
... A87: Avance cualitativo | B87: En este campo se diligencia la información relacionada con los logros y avances del mes en máximo 250 caracteres, en coherencia con lo registrado en el avance cuantitativo del indicador PMR.
A88: HOJA CONTROL DE CAMBIOS
A89: Fecha de solicitud del cambio | B89: Diligencie la fecha en la que se realizó la solicitud de modificación al plan de acción
A90: Fecha de aprobación del cambio | B90: Diligencie la fecha en la que el cambio solicitado al plan de acción es aprobado
A91: Cambio | B91: Descripción de la información modificada y/o ajustada en el plan de acción
A92: Justificación del cambio | B92: Justificación del motivo que genera la modificación y/o ajuste en el plan de acción
A93: FIN INSTRUCTIVO

Sheet ACTIVIDAD_1 
B1: SECRETARÍA DISTRITAL DE LA MUJER | M1: Código: DE-FO-5
B2: DIRECCIONAMIENTO ESTRATEGICO | M2: Versión: 14
B3: PROGRAMACIÓN, ACTUALIZACIÓN Y SEGUIMIENTO PLAN DE ACCIÓN DE PROYECTOS DE INVERSIÓN | M3: Fecha de Emisión: 28/04/2025
B4: ACTIVIDADES | M4: Página 2 de 7
A6: PROYECTO DE INVERSIÓN | B6: 8232 - Implementación de estrategias para el empoderamiento económico de las mujeres en toda su diversidad en Bogotá D.C. | L6: BPIN | M6: 2024110010318
A8: PERIODO REPORTADO | B8: Enero | D8: Febrero | F8: Marzo | H8: Abril | J8: TIPO DE REPORTE | L8: FORMULACION
B9: Mayo | D9: Junio | F9: Julio | H9: Agosto | L9: ACTUALIZACION
B10: Septiembre | C10: X | D10: Octubre | F10: Noviembre | H10: Diciembre | L10: SEGUIMIENTO | M10: X
A12: ACTIVIDAD DEL PROYECTO | B12: Desarrollar 1 estrategia para potenciar las habilidades y capacidades de las mujeres en sus diversidades que aporten a su empoderamiento y autonomía económica
A16: PRODUCTO MGA | B16: Servicio de educación informal | G16: INDICADOR ACTIVIDAD | I16: Documento actualizado de la estrategia para potenciar las habilidades y capacidades de las mujeres en sus diversidades
A18: OBJETIVO ESTRATÉGICO | B18: 3. Bogotá confía en su potencial | F18: PROGRAMA | G18: 3.20. Promoción del emprendimiento formal, equitativo e incluyente | J18: META PDD | K18: 192. Cualificar 9000 mujeres, en sus diferencias y diversidades, en herramientas para la autonomía económica.
A21: EJECUCIÓN PRESUPUESTAL DEL PROYECTO
A22: PRESUPUESTO ASIGNADO EN LA VIGENCIA ACTUAL (en pesos, sin decimales)
B23: Enero | C23: Febrero | D23: Marzo | E23: Abril | F23: Mayo | G23: Junio | H23: Julio | I23: Agosto | J23: Septiembre | K23: Octubre | L23: Noviembre | M23: Diciembre | N23: Total | O23: Porcentaje de ejecución
A24: PROGRAMACION DE COMPROMISOS | B24: 882834000 | C24: 0 | D24: 0 | G24: 13719000 | H24: 10143256 | I24: 0 | J24: 0 | K24: 3519212 | N24: =SUM(B24:M24) -> 910215468 | O24: 1
A25: COMPROMISOS | B25: 882834000 | C25: 0 | D25: -7632744 | E25: 10716806 | F25: 0 | G25: 0 | H25: 0 | I25: 12634400 | J25: 0 | N25: =SUM(B25:M25) -> 898552462 | O25: =N25/N24 -> 0.98718654
A26: GIROS | C26: 29694266 | D26: 80045926 | E26: 78132731 | F26: 76673514 | G26: 84719654 | H26: 74146053 | I26: 71359054 | J26: 74053161 | N26: =SUM(B26:M26) -> 568824359 | O26: =N26/N24 -> 0.62493374
A27: PROGRAMACIÓN RESERVAS | B27: 4371203 | C27: 7930500 | D27: 0 | E27: 0 | F27: 0 | G27: 0 | H27: 0 | I27: 0 | J27: 0 | N27: =SUM(B27:M27) -> 12301703 | O27: 1
A28: LIBERACION DE RESERVAS | D28: 0 | E28: 0 | F28: 0 | G28: 0 | H28: 0 | I28: 0 | J28: 0 | N28: =SUM(B28:M28) -> 0 | O28: =N28/N27 -> 0
A29: GIROS RESERVAS | B29: 4109001 | C29: 6553500 | D29: 0 | E29: 0 | F29: 0 | G29: 0 | H29: 0 | I29: 0 | J29: 0 | N29: =SUM(B29:M29) -> 10662501 | O29: =N29/N27 -> 0.86674999
A33: REPORTE ACTIVIDADES VIGENCIA (Ejecución vigencia)
A34: DESCRIPCION DE LA ACTIVIDAD | B34: =+B12 -> Desarrollar 1 estrategia para potenciar las habilidades y capacidades de las mujeres en sus diversidades que aporten a su empoderamiento y autonomía económica
A35: ANUALIZACIÓN DE LA ACTIVIDAD | B35: 2024 | C35: 2025 | D35: 2026 | E35: 2027 | F35: TOTAL PDD | G35: TIPO DE ANUALIZACIÓN | H35: Constante
B36: 1 | C36: 1 | D36: 1 | E36: 1 | F36: 1
A37: PONDERACIÓN ACTIVIDAD | B37: 0.39 | D37: DESCRIPCIÓN CUALITATIVA DEL AVANCE POR ACTIVIDAD
A38: ENERO | B38: PROGRAMACIÓN | C38: EJECUCIÓN | D38: AVANCES Y LOGROS MENSUAL (2.000 CARACTERES) | F38: AVANCES Y LOGROS ACUMULADO (2.000 CARACTERES) | H38: RETRASOS Y ALTERNATIVAS DE SOLUCIÓN (1.000 CARACTERES) | I38: BENEFICIOS
B39: 0 | C39: 0 | D39: No se programaron actividades para este periodo
A40: FEBRERO | B40: PROGRAMACIÓN | C40: EJECUCIÓN | D40: AVANCES Y LOGROS MENSUAL (2.000 CARACTERES) | F40: AVANCES Y LOGROS ACUMULADO (2.000 CARACTERES) | H40: RETRASOS Y ALTERNATIVAS DE SOLUCIÓN (1.000 CARACTERES) | I40: BENEFICIOS
B41: 0.03 | C41: 0.03 | D41: Con el fin de fortalecer la incorporación del enfoque de género en los procesos de gestión financiera desarrollados por los aliados público-privados de la Estrategia de Autonomía Económica de las Mujeres, en el mes de febrero se avanzó en el diseño de dos contenidos de sensibilización y cualificación dirigidos a estos actores. Los contenidos abordan, por una parte, las brechas que enfrentan las mujeres para alcanzar la autonomía económica y, por otra, conceptos clave de género y lenguaje incluyente. Como acción orientada a disminuir barreras de acceso tecnológico, se elaboró un instructivo con orientaciones para que las mujeres participantes puedan conectarse a los procesos de cualificación virtual a través de la plataforma Teams, desde dispositivos móviles o computadores. | F41: A febrero el cumplimiento de la actividad va en un 0,03 sobre el (1) uno programado para la vigencia 2026, con la elaboracion de (2) dos contenidos dirigido a los aliados público privados de la Estartegia para la Autonomia Economica y (1) un instructivo para el manejo de la plataforma TEAMS dirigido a las mujeres participantes de los espcios de cualificación de la Estrategia. | H41: N/A | I41: El desarrollo de esta actividad, contribuye a que las mujeres participantes de la Ruta de Autonomía Económica accedan a procesos de formación, acompañamiento y ofertas de empleo más pertinentes e inclusivos, al promover que los aliados público-privados incorporen el enfoque de género en los contenidos, metodologías y convocatorias. Esto favorece el reconocimiento de las brechas que enfrentan las mujeres en el ámbito económico y fortalece las herramientas y conocimientos que apoyan su empoderamiento y el avance hacia su autonomía económica.
A42: MARZO | B42: PROGRAMACIÓN | C42: EJECUCIÓN | D42: AVANCES Y LOGROS MENSUAL (2.000 CARACTERES) | F42: AVANCES Y LOGROS ACUMULADO (2.000 CARACTERES) | H42: RETRASOS Y ALTERNATIVAS DE SOLUCIÓN (1.000 CARACTERES) | I42: BENEFICIOS
B43: 0.08 | C43: 0.08 | D43: Durante este periodo se avanzó en la construcción de la propuesta del Documento de Sistematización del proceso de cualificación de la Estrategia, alcanzando el desarrollo de sus componentes clave, entre ellos la introducción, los objetivos general y específicos, la metodología y los indicadores de seguimiento. Este avance es relevante en tanto el documento permitirá recoger y analizar la percepción de las mujeres participantes sobre los aportes del proceso de cualificación en el fortalecimiento de sus habilidades socioemocionales, el conocimiento de sus derechos y el manejo de herramientas financieras y laborales; constituyéndose así en un insumo fundamental para identificar logros, valorar impactos y orientar ajustes que fortalezcan de manera continua la Estrategia para la Autonomía Económica de las Mujeres. | F43: A marzo el cumplimiento de la actividad va en un 0,11 sobre el (1) uno programado para la vigencia 2026, con la elaboracion de (2) dos contenidos dirigido a los aliados público privados de la Estartegia para la Autonomia Economica y (1) un instructivo para el manejo de la plataforma TEAMS dirigido a las mujeres participantes de los espcios de cualificación de la Estrategia, y el avance en la construcción de la propuesta del documento de sistematización, anexo del documento orientador de la Estrategia para la Autonomía Económica de las Mujeres. | H43: N/A | I43: El principal beneficio para las mujeres de la ciudad radica en que este proceso de recolección de datos y análisis, permite visibilizar y valorar sus experiencias y percepciones, asegurando que sus voces sean tenidas en cuenta en la mejora continua de la Estrategia para la Autonomía Económica de las Mujeres. A partir de ello, se podrán fortalecer de manera más pertinente los contenidos sobre habilidades socioemocionales, ampliar su conocimiento sobre derechos y mejorar sus capacidades en gestión financiera y laboral, lo que contribuye directamente a incrementar sus oportunidades de generación de ingresos, toma de decisiones autónomas y, en general, aporta a un mayor nivel de bienestar y autonomía económica.
A44: ABRIL | B44: PROGRAMACIÓN | C44: EJECUCIÓN | D44: AVANCES Y LOGROS MENSUAL (2.000 CARACTERES) | F44: AVANCES Y LOGROS ACUMULADO (2.000 CARACTERES) | H44: RETRASOS Y ALTERNATIVAS DE SOLUCIÓN (1.000 CARACTERES) | I44: BENEFICIOS
B45: 0.08 | C45: 0.08 | D45: Como avance de la actividad, durante este periodo se ajustaron dos contenidos de cualificación —Proyecto de Vida y Política Pública Mujer y Equidad de Género— incorporando un enfoque diferencial indígena y armonizando sus componentes conceptuales y metodológicos con la cosmovisión de los pueblos indígenas. Esta actualización fortalecerá la pertinencia y accesibilidad de los procesos formativos dirigidos a mujeres indígenas, cuya implementación iniciará en mayo en Casa Refugio Rural. | F45: En abril el cumplimiento de la actividad va en un 0,19 sobre el (1) uno programado para la vigencia 2026, con la elaboracion de (2) dos contenidos dirigido a los aliados público privados de la Estartegia para la Autonomia Economica y (1) un instructivo para el manejo de la plataforma TEAMS dirigido a las mujeres participantes de los espcios de cualificación de la Estrategia, y el avance en la construcción de la propuesta del documento de sistematización, anexo del documento orientador de la Estrategia para la Autonomía Económica de las Mujeres. Asimismo, el ajuste de dos contenidos, uno socioemocional (Proyecto de Vida) y uno de Derechos Humanos (Política Pública Mujer y Equidad de Género) desde un enfoque diferencial indígena, en donde se tuvo en cuenta un ajuste conceptual y metodológico armonizado con la cosmovisión de los pueblos indígenas. | H45: N/A | I45: La incorporación del enfoque diferencial indígena en los contenidos de cualificación permitirá a las mujeres indígenas acceder a procesos formativos más pertinentes, inclusivos y acordes con sus contextos culturales, fortaleciendo el reconocimiento de sus derechos y su participación en espacios de formación desde una perspectiva respetuosa de su identidad y cosmovisión.
A46: MAYO | B46: PROGRAMACIÓN | C46: EJECUCIÓN | D46: AVANCES Y LOGROS MENSUAL (2.000 CARACTERES) | F46: AVANCES Y LOGROS ACUMULADO (2.000 CARACTERES) | H46: RETRASOS Y ALTERNATIVAS DE SOLUCIÓN (1.000 CARACTERES) | I46: BENEFICIOS
B47: 0.08 | C47: 0.08 | D47: Durante este periodo, se diseñaron dos mecanismos de recolección de información para la elaboración del documento orientador de la Estrategia: * Uno es el instrumento de recolección de información, orientado a identificar los aportes que los procesos de cualificación han tenido para la vida de las mujeres participantes en la ruta de cualificación. * Y dos es el guion metodológico, diseñado para desarrollar grupos focales, con el fin de recoger información cualitativa, analizar los hallazgos y promover la reflexión conjunta con las participantes | F47: En mayo el cumplimiento de la actividad va en un 0,27 sobre el (1) uno programado para la vigencia 2026. Avanzando en: *Elaboración de (2) dos contenidos dirigidos a los aliados público privados de la Estartegia para la Autonomia Economica. *Elaboración de(1) un instructivo para el manejo de la plataforma TEAMS dirigido a las mujeres participantes de los espcios de cualificación de la Estrategia. * Ajuste de dos (2) contenidos, socioemocional (Proyecto de Vida) y de Derechos Humanos (Política Pública Mujer y Equidad de Género) desde un enfoque diferencial indígena. *Elaboración Instrumentos recoleccion de información, para la sistematizacion de experiencias de las mujeres. *Se construyó un guion metodológico para aplicar en sesiones de grupos focales en donde se recogerá información de tipo cualitativa. | H47: N/A | I47: La construcción de estos mecanismos de recolección de información beneficia a las mujeres participantes al generar espacios para que compartan sus experiencias y percepciones sobre los procesos de cualificación recibidos. Esto permite identificar los aportes y transformaciones que la Estrategia para la Autonomía Económica ha tenido en sus vidas, fortalecer las acciones desarrolladas a partir de sus necesidades y expectativas, y promover procesos de reflexión y reconocimiento de los aprendizajes alcanzados mediante la socialización y análisis conjunto de los resultados obtenidos.
A48: JUNIO | B48: PROGRAMACIÓN | C48: EJECUCIÓN | D48: AVANCES Y LOGROS MENSUAL (2.000 CARACTERES) | F48: AVANCES Y LOGROS ACUMULADO (2.000 CARACTERES) | H48: RETRASOS Y ALTERNATIVAS DE SOLUCIÓN (1.000 CARACTERES) | I48: BENEFICIOS
B49: 0.08 | C49: 0.08 | D49: Durante el mes de junio se avanzó en la elaboración de los contenidos "Proyecto de Vida" y "Derecho al Cuidado" con enfoque diferencial para mujeres negras y afrodescendientes. En articulación con el Consejo Consultivo de Mujeres Negras y Afrodescendientes, se revisaron las propuestas metodológicas, se incorporaron los aportes recibidos y se consolidaron las versiones preliminares de ambos contenidos, las cuales servirán como base para su implementación mediante con un grupo piloto. | F49: En junio el cumplimiento de la actividad va en un 0,35 sobre el (1) uno programado para la vigencia 2026. Avanzando en: *Elaboración de (2) dos contenidos dirigidos a los aliados público privados de la Estrategia para la Autonomía Económica: Uno de sensibilización sobre las brechas que tienen las mujeres para alcanzar la Autonomía Económica y el segundo sobre conceptos clave de género y lenguaje incluyente. *Elaboración de(1) un instructivo para el manejo de la plataforma TEAMS dirigido a las mujeres participantes de los espcios de cualificación de la Estrategia. * Ajuste de dos (2) contenidos, socioemocional (Proyecto de Vida) y de Derechos Humanos (Política Pública Mujer y Equidad de Género) desde un enfoque diferencial indígena. *Elaboración Instrumentos recoleccion de información, para la sistematizacion de experiencias de las mujeres. *Se construyó un guion metodológico para aplicar en sesiones de grupos focales en donde se recogerá información de tipo cualitativa. *Elaboración de los contenidos "Proyecto de Vida" y "Derecho al Cuidado" con enfoque diferencial para mujeres negras y afrodescendientes. | H49: N/A | I49: El avance en elaboración de estos contenidos contribuye a fortalecer la pertinencia y el enfoque diferencial de la Ruta de Cualificación, al incorporar los aportes del Consejo Consultivo de Mujeres Negras y Afrodescendientes en su construcción. De esta manera, se promueve una oferta formativa acorde con las realidades, experiencias y necesidades de las mujeres negras y afrodescendientes, favoreciendo procesos de aprendizaje más inclusivos y pertinentes.
A50: JULIO | B50: PROGRAMACIÓN | C50: EJECUCIÓN | D50: AVANCES Y LOGROS MENSUAL (2.000 CARACTERES) | F50: AVANCES Y LOGROS ACUMULADO (2.000 CARACTERES) | H50: RETRASOS Y ALTERNATIVAS DE SOLUCIÓN (1.000 CARACTERES) | I50: BENEFICIOS
B51: 0.08 | C51: 0.08 | D51: En el mes de julio se avanzó en la elaboración y consolidación del informe de gestión de la Estrategia para la Autonomía Económica de las Mujeres correspondiente a la vigencia 2026. Este documento integra y organiza la información reportada por los equipos de Alianzas, Cualificación y Territorial, permitiendo evidenciar de manera articulada los principales avances en la implementación de la ruta de cualificación. Asimismo, consolida los resultados relacionados con la gestión de alianzas, el desarrollo y actualización de los procesos de cualificación, las acciones implementadas en los territorios y en las Casas Refugio, así como los principales logros, retos y recomendaciones identificados durante el periodo. Este ejercicio fortalece el seguimiento a la gestión de la Estrategia y aporta información clave para la toma de decisiones, la mejora continua y los procesos de rendición de cuentas. | F51: En julio el cumplimiento de la actividad va en un 0,43 sobre el (1) uno programado para la vigencia 2026. Avanzando en: *Elaboración de (2) dos contenidos dirigidos a los aliados público privados de la Estrategia para la Autonomía Económica: Uno de sensibilización sobre las brechas que tienen las mujeres para alcanzar la Autonomía Económica y el segundo sobre conceptos clave de género y lenguaje incluyente. *Elaboración de(1) un instructivo para el manejo de la plataforma TEAMS dirigido a las mujeres participantes de los espcios de cualificación de la Estrategia. * Ajuste de dos (2) contenidos, socioemocional (Proyecto de Vida) y de Derechos Humanos (Política Pública Mujer y Equidad de Género) desde un enfoque diferencial indígena. *Elaboración Instrumentos recoleccion de información, para la sistematizacion de experiencias de las mujeres. *Se construyó un guion metodológico para aplicar en sesiones de grupos focales en donde se recogerá información de tipo cualitativa. *Elaboración de los contenidos "Proyecto de Vida" y "Derecho al Cuidado" con enfoque diferencial para mujeres negras y afrodescendientes. *Elboración del I Informe de Gestión e Implementación de la Ruta de Cualificación de la Estrategia para la Autonomía Económica de las Mujeres | H51: N/A | I51: La elaboración de este informe contribuye a fortalecer el seguimiento y la evaluación de la Estrategia para la Autonomía Económica de las Mujeres, al consolidar información confiable sobre los avances, resultados y oportunidades de mejora en la implementación de la ruta de cualificación. Este ejercicio permite orientar la toma de decisiones para optimizar la oferta institucional y responder de manera más pertinente a las necesidades de las mujeres, favoreciendo el acceso a procesos de formación, orientación y acompañamiento que fortalezcan sus capacidades para el empleo, el emprendimiento y la generación de ingresos, promoviendo así su autonomía económica y el ejercicio efectivo de sus derechos.
A52: AGOSTO | B52: PROGRAMACIÓN | C52: EJECUCIÓN | D52: AVANCES Y LOGROS MENSUAL (2.000 CARACTERES) | F52: AVANCES Y LOGROS ACUMULADO (2.000 CARACTERES) | H52: RETRASOS Y ALTERNATIVAS DE SOLUCIÓN (1.000 CARACTERES) | I52: BENEFICIOS
B53: 0.08 | C53: 0.08 | D53: Durante el mes de agosto, el equipo de Cualificación realizó la actualización de dos (2) contenidos de sensibilización denominados “Brechas de género” y “Enfoque de género y lenguaje incluyente”, diseñados para el desarrollo de jornadas de cualificación dirigidas a los aliados de la Estrategia. La actualización estuvo orientada a ajustar las metodologías y herramientas pedagógicas de estos contenidos, con el propósito de facilitar su implementación en modalidad presencial, teniendo en cuenta que inicialmente se encontraban estructurados para su desarrollo virtual. La implementación de estos contenidos en modalidad presencial permitirá fortalecer el proceso de cualificación dirigido a los aliados de la Estrategia, mediante el desarrollo de las jornadas directamente en sus instalaciones. Esta modalidad favorece una mayor participación de las y los colaboradores de las empresas aliadas, amplía el alcance de las acciones de sensibilización y facilita espacios de diálogo e interacción que contribuyen a profundizar en el reconocimiento de las brechas de género, así como en la importancia de incorporar el enfoque de género y el lenguaje incluyente en los diferentes ámbitos organizacionales. | F53: En agosto el cumplimiento de la actividad va en un 0,51 sobre el (1) uno programado para la vigencia 2026. Avanzando en: *Elaboración de (2) dos contenidos dirigidos a los aliados público privados de la Estrategia para la Autonomía Económica: Uno de sensibilización sobre las brechas que tienen las mujeres para alcanzar la Autonomía Económica y el segundo sobre conceptos clave de género y lenguaje incluyente. *Elaboración de(1) un instructivo para el manejo de la plataforma TEAMS dirigido a las mujeres participantes de los espcios de cualificación de la Estrategia. * Ajuste de dos (2) contenidos, socioemocional (Proyecto de Vida) y de Derechos Humanos (Política Pública Mujer y Equidad de Género) desde un enfoque diferencial indígena. *Elaboración Instrumentos recoleccion de información, para la sistematizacion de experiencias de las mujeres. *Se construyó un guion metodológico para aplicar en sesiones de grupos focales en donde se recogerá información de tipo cualitativa. *Elaboración de los contenidos "Proyecto de Vida" y "Derecho al Cuidado" con enfoque diferencial para mujeres negras y afrodescendientes. *Elboración del I Informe de Gestión e Implementación de la Ruta de Cualificación de la Estrategia para la Autonomía Económica de las Mujeres. *Actualización de metodologias a modalidad presencial, de (2) dos contenidos dirigidos a los aliados de la Estrategia: "Contenido brechas de genero, retos para la autonomía ecónomica de las mujeres" y "contenido enfoque de género y lenguaje incluyente" | H53: N/A | I53: La actualización e implementación presencial de los contenidos de sensibilización contribuye a generar entornos laborales más equitativos e incluyentes para las mujeres, al fortalecer en las y los colaboradores de las empresas aliadas el reconocimiento de las brechas de género y la importancia de incorporar el enfoque de género y el lenguaje incluyente. Esta acción favorece la transformación de estereotipos y prácticas que pueden reproducir desigualdades, promoviendo relaciones laborales basadas en el respeto, la igualdad de oportunidades y la no discriminación. Asimismo, contribuye a que las mujeres puedan desenvolverse en espacios laborales más seguros, inclusivos y con mayores condiciones para su participación y desarrollo.
A54: SEPTIEMBRE | B54: PROGRAMACIÓN | C54: EJECUCIÓN | D54: AVANCES Y LOGROS MENSUAL (2.000 CARACTERES) | F54: AVANCES Y LOGROS ACUMULADO (2.000 CARACTERES) | H54: RETRASOS Y ALTERNATIVAS DE SOLUCIÓN (1.000 CARACTERES) | I54: BENEFICIOS
B55: 0.08 | C55: 0.08 | D55: En septiembre, se avanzó en el fortalecimiento de los mecanismos de recolección y sistematización de información de la Ruta de Cualificación, mediante la actualización de los instrumentos metodológicos y el inicio de su implementación. A través de llamadas telefónicas se lograron realizar 51 contactos efectivos de ciudadanas que permitieron recopilar información cualitativa, la cual evidencia resultados favorables de la EAE en las mujeres participantes, especialmente en el fortalecimiento de su confianza, toma de decisiones, motivación, conocimientos financieros y consolidación de sus iniciativas de generación de ingresos. | F55: A 30 de septiembre el cumplimiento de la actividad va en un 0,59 sobre el (1) uno programado para la vigencia 2026. Avanzando en: *Elaboración de (2) dos contenidos dirigidos a los aliados público privados de la Estrategia para la Autonomía Económica: Uno de sensibilización sobre las brechas que tienen las mujeres para alcanzar la Autonomía Económica y el segundo sobre conceptos clave de género y lenguaje incluyente. *Elaboración de(1) un instructivo para el manejo de la plataforma TEAMS dirigido a las mujeres participantes de los espcios de cualificación de la Estrategia. * Ajuste de dos (2) contenidos, socioemocional (Proyecto de Vida) y de Derechos Humanos (Política Pública Mujer y Equidad de Género) desde un enfoque diferencial indígena. *Elaboración Instrumentos recoleccion de información, para la sistematizacion de experiencias de las mujeres. *Se construyó un guion metodológico para aplicar en sesiones de grupos focales en donde se recogerá información de tipo cualitativa. *Elaboración de los contenidos "Proyecto de Vida" y "Derecho al Cuidado" con enfoque diferencial para mujeres negras y afrodescendientes. *Elaboración del Informe de Gestión e Implementación de la Ruta de Cualificación de la Estrategia para la Autonomía Económica de las Mujeres. *Actualización de metodologias a modalidad presencial, de (2) dos contenidos dirigidos a los aliados de la Estrategia: "Contenido brechas de genero, retos para la autonomía ecónomica de las mujeres" y "contenido enfoque de género y lenguaje incluyente". *Revisión y actualización del instrumento de recolección de información para la sistematización del proceso de cualificación. Asimismo, se inició su aplicación mediante contacto telefónico con las mujeres participantes, logrando 51 contactos efectivos y recopilando sus testimonios y percepciones frente a los aportes de la Estrategia para la Autonomía Económica. | H55: NA | I55: La actividad permitió recoger de manera directa las experiencias, percepciones y valoraciones de las mujeres participantes, identificando los aportes de la Estrategia para la Autonomía Económica en el fortalecimiento de su autonomía. Los testimonios recopilados evidencian beneficios relacionados con el fortalecimiento de la confianza y seguridad para la toma de decisiones, la motivación para continuar sus procesos de formación, el desarrollo y fortalecimiento de sus emprendimientos y la adquisición de conocimientos y herramientas para la gestión financiera y la generación de ingresos. Asimismo, este ejercicio permite reconocer sus necesidades y experiencias para continuar fortaleciendo las acciones de la Estrategia.
A56: OCTUBRE | B56: PROGRAMACIÓN | C56: EJECUCIÓN | D56: AVANCES Y LOGROS MENSUAL (2.000 CARACTERES) | F56: AVANCES Y LOGROS ACUMULADO (2.000 CARACTERES) | H56: RETRASOS Y ALTERNATIVAS DE SOLUCIÓN (1.000 CARACTERES) | I56: BENEFICIOS
B57: 0.08
A58: NOVIEMBRE | B58: PROGRAMACIÓN | C58: EJECUCIÓN | D58: AVANCES Y LOGROS MENSUAL (2.000 CARACTERES) | F58: AVANCES Y LOGROS ACUMULADO (2.000 CARACTERES) | H58: RETRASOS Y ALTERNATIVAS DE SOLUCIÓN (1.000 CARACTERES) | I58: BENEFICIOS
B59: 0.08
A60: DICIEMBRE | B60: PROGRAMACIÓN | C60: EJECUCIÓN | D60: AVANCES Y LOGROS MENSUAL (2.000 CARACTERES) | F60: AVANCES Y LOGROS ACUMULADO (2.000 CARACTERES) | H60: RETRASOS Y ALTERNATIVAS DE SOLUCIÓN (1.000 CARACTERES) | I60: BENEFICIOS
B61: 0.25
B62: =B39+B41+B43+B45+B47+B49+B51+B53+B55+B57+B59+B61 -> 1 | C62: =C39+C41+C43+C45+C47+C49+C51+C53+C55+C57+C59+C61 -> 0.59
A65: DESCRIPCIÓN CUALITATIVA Y PORCENTUAL DEL AVANCE POR TAREA
A66: DESCRIPCIÓN DE LA TAREA | B66: Tarea 1: Actualizar el documento orientador de la Estrategia para la Autonomía Económica de las mujeres en sus diferencias y diversidad. | D66: Tarea 2:Actualizar el documento metodológico de la ruta de cualificación para las mujeres en sus diferencias y diversidad en el marco de la estrategia para la autonomia económica. | F66: Tarea 3. Realizar informe de gestión e implementación de la ruta de cualificación para las mujeres en herramientas para la autonomía económica. | H66: Tarea 4
A67: PONDERACIÓN DE LA TAREA | B67: 0.095 | D67: 0.2 | F67: 0.095
A68: Enero | B68: PROGRAMACIÓN | C68: EJECUCIÓN | D68: PROGRAMACIÓN | E68: EJECUCIÓN | F68: PROGRAMACIÓN | G68: EJECUCIÓN | H68: PROGRAMACIÓN | I68: EJECUCIÓN
B69: 0 | C69: 0 | D69: 0 | E69: 0 | F69: 0 | G69: 0
A70: LOGROS Y BENEFICIOS Y RETRASOS Y ALTERNATIVAS DE SOLUCIÓN | B70: No se programaron actividades para este periodo | D70: No se programaron actividades para este periodo
A71: EVIDENCIAS DE EJECUCIÓN
A72: Febrero | B72: PROGRAMACIÓN | C72: EJECUCIÓN | D72: PROGRAMACIÓN | E72: EJECUCIÓN | F72: PROGRAMACIÓN | G72: EJECUCIÓN | H72: PROGRAMACIÓN | I72: EJECUCIÓN
B73: 0 | C73: 0 | D73: 0.1 | E73: 0.1 | F73: 0 | G73: 0
A74: LOGROS Y BENEFICIOS Y RETRASOS Y ALTERNATIVAS DE SOLUCIÓN | B74: No se programaron actividades para este periodo | D74: Teniendo en cuenta la importancia de que los Aliados público privados de la Estrategia para la Autonomía Económica de las Mujeres puedan realizar una oferta adecuada según las necesidades de las mujeres que se encuentran dentro de la Ruta y de igual forma puedan transversalizar el enfoque de género en los contenidos de gestión financiera que implementan con las mujeres de la Ruta AE, se vio la necesidad de llevar a cabo un proceso de sensibilización. Es así como el equipo de cualificación, construyó dos contenidos, uno de sensibilización sobre las brechas que tienen las mujeres para alcanzar la Autonomía Económica y el segundo sobre conceptos clave de género y lenguaje incluyente, los cuáles serán implementados en el mes de marzo 2026. De otro lado, como estrategia para disminuir la brecha tecnológica para que las mujeres puedan acceder a las cualificaciones virtuales a través de la plataforma Teams, se llevó a cabo la elaboración de un instructivo, en donde se les orienta sobre la manera en la que pueden conectarse a esta plataforma, sea desde el celular o desde el computador.
A75: EVIDENCIAS DE EJECUCIÓN | B75: N/A | D75: https://secretariadistritald.sharepoint.com/:f:/s/ContratacinSPI-2022/IgCCqGFsuSg7To866FqRrCQ6AR2BNNIVpVeCx7cKp6_dEoM?e=G7KUBJ
A76: Marzo | B76: PROGRAMACIÓN | C76: EJECUCIÓN | D76: PROGRAMACIÓN | E76: EJECUCIÓN | F76: PROGRAMACIÓN | G76: EJECUCIÓN | H76: PROGRAMACIÓN | I76: EJECUCIÓN
B77: 0.2 | C77: 0.2 | D77: 0 | E77: 0 | F77: 0
A78: LOGROS Y BENEFICIOS Y RETRASOS Y ALTERNATIVAS DE SOLUCIÓN | B78: Durante este periodo, se llevó a cabo la construcción de la propuesta del Documento de Sistematización, el cual es un anexo del Documento Orientador de la Estrategia. El avance del documento de sistematización, contiene la introducción, el objetivo general, específicos, la metodología y los indicadores. Dicho proceso tiene como objetivo Identificar la percepción de las mujeres que han hecho parte del proceso de cualificación con respecto a cómo los contenidos impartidos han aportado para el fortalecimiento de sus habilidades socioemocionales, para el conocimiento de sus derechos y de herramientas de gestión financiera y laboral; con el fin de generar acciones para un continuo fortalecimiento de la Estrategia para la Autonomía Económica de las Mujeres. Se considera importante este ejercicio en donde la voz de las mujeres es relevante para conocer los aportes e impacto de la EAE en la Autonomía Económica de las mujeres y así poder generar ajustes razonables a la misma, en pro de potenciar cada vez más su alcances. | D78: No se programaron actividades para este periodo
A79: EVIDENCIAS DE EJECUCIÓN | B79: Avance Documento de Sistematización: https://secretariadistritald.sharepoint.com/:f:/s/ContratacinSPI-2022/IgCGHzQqDyeVTrQYVhRoGuw9AdITi1OerE4w6hG5ILMSYAk?e=k2kizr | D79: N/A
A80: Abril | B80: PROGRAMACIÓN | C80: EJECUCIÓN | D80: PROGRAMACIÓN | E80: EJECUCIÓN | F80: PROGRAMACIÓN | G80: EJECUCIÓN | H80: PROGRAMACIÓN | I80: EJECUCIÓN
B81: 0 | C81: 0 | D81: 0.2 | E81: 0.2 | F81: 0
A82: LOGROS Y BENEFICIOS Y RETRASOS Y ALTERNATIVAS DE SOLUCIÓN | B82: No se programaron actividades para este periodo | D82: Atendiendo a la importancia de contar con contenidos que puedan ser implementados con grupos de mujeres en sus diferencias y diversidad, se hace necesario ajustar dos contenidos, uno socioemocional (Proyecto de Vida) y uno de Derechos Humanos (Política Pública Mujer y Equidad de Género) desde un enfoque diferencial indígena. Es por esto que el equipo de cualificación llevo a cabo la construcción de estos dos contenidos, en donde se tuvo en cuenta un ajuste conceptual y metodológico armonizado con la cosmovisión de los pueblos indígenas. Dichos contenidos serán implementados en el mes de mayo, particularmente en Casa Refugio Rural lugar donde llegan mujeres indígenas de diferentes municipios.
A83: EVIDENCIAS DE EJECUCIÓN | B83: N/A | D83: Contenidos actualizados desde un enfoque diferencial indígena https://secretariadistritald.sharepoint.com/:f:/s/ContratacinSPI-2022/IgAa1OzTN2nDSISgZeyQOVzPAX5ZgBe5_OLk-OLoroiwPFM?e=gONImQ
A84: Mayo | B84: PROGRAMACIÓN | C84: EJECUCIÓN | D84: PROGRAMACIÓN | E84: EJECUCIÓN | F84: PROGRAMACIÓN | G84: EJECUCIÓN | H84: PROGRAMACIÓN | I84: EJECUCIÓN
B85: 0.2 | C85: 0.2 | D85: 0 | E85: 0 | F85: 0
A86: LOGROS Y BENEFICIOS Y RETRASOS Y ALTERNATIVAS DE SOLUCIÓN | B86: Durante el presente mes, se llevó a cabo la construcción de dos herramientas de recolección de información para el proceso de sistematización, que será insumo para el documento orientador, cuya finalidad es indagar acerca de los aportes de la Estrategia para la autonomía económica de las mujeres. Fue así como se construyó un instrumento de recolección que se diligenciará a través de llamadas telefónicas a las mujeres que participaron de cualificaciones de los 3 componentes, gestión financiera, Derechos Humanos para las mujeres y habilidades socioemocionales. Y de otro lado, se construyó un guion metodológico para el desarrollo de grupos focales en donde se recogerá información de tipo cualitativo. | D86: No se programaron actividades para este periodo
A87: EVIDENCIAS DE EJECUCIÓN | B87: 1. Instrumento de Recolección. 2.Guión metodológico Grupos Focales EAE https://secretariadistritald.sharepoint.com/:f:/s/ContratacinSPI-2022/IgDEYRU9Cha6T73x9k0gW8jdAbowBECdO2HKayaJeYzxxjE?e=bndorP | D87: N/A
A88: Junio | B88: PROGRAMACIÓN | C88: EJECUCIÓN | D88: PROGRAMACIÓN | E88: EJECUCIÓN | F88: PROGRAMACIÓN | G88: EJECUCIÓN | H88: PROGRAMACIÓN | I88: EJECUCIÓN
B89: 0 | C89: 0 | D89: 0.2 | E89: 0.2 | F89: 0
A90: LOGROS Y BENEFICIOS Y RETRASOS Y ALTERNATIVAS DE SOLUCIÓN | B90: No se programaron actividades para este periodo | D90: Se avanzo en la elaboración de los contenidos socioemocional “Proyecto de Vida” y de Derechos humanos “Derecho al cuidado” desde un enfoque diferencial dirigido a mujeres afrodescendientes y negras, a través de espacios de trabajo con el Consejo Consultivo de mujeres negras y afrodescendientes. En estos Espacios se revisaron las propuestas hechas por el equipo de cualificación y se recogieron observaciones y aportes que fueron tenidos en cuenta para contar con las versiones preliminares de dichos contenidos y dar paso a su implementación con un grupo piloto de mujeres que se definió desde las Consultivas negras y afrodescendientes.
A91: EVIDENCIAS DE EJECUCIÓN | B91: N/A | D91: Documentos preliminar: *Contenido Socioemocional Proyecto de Vida Presencial para Mujeres Afrocolombiana y Negras. *Contenido Trabajo de Cuidado Enfoque Étnico Afro https://secretariadistritald.sharepoint.com/:f:/s/ContratacinSPI-2022/IgCypwia3YSmRaY9JIard6BIAfPrR82ALUiAwIZNCldRfRs?e=ePHwhJ
A92: Julio | B92: PROGRAMACIÓN | C92: EJECUCIÓN | D92: PROGRAMACIÓN | E92: EJECUCIÓN | F92: PROGRAMACIÓN | G92: EJECUCIÓN | H92: PROGRAMACIÓN | I92: EJECUCIÓN
B93: 0 | C93: 0 | D93: 0 | E93: 0 | F93: 0.5 | G93: 0.5
A94: LOGROS Y BENEFICIOS Y RETRASOS Y ALTERNATIVAS DE SOLUCIÓN | B94: No se programaron actividades para este periodo | D94: No se programaron actividades para este periodo | F94: El equipo realizó la recopilación, revisión y consolidación de la información técnica y estadística generada durante el primer semestre de 2026 por los componentes de Alianzas, Cualificación y Territorial, verificando la consistencia de los datos, los soportes documentales y el cumplimiento de los avances reportados en la implementación de la Estrategia para la Autonomía Económica de las Mujeres. Se estructuró y organizó el contenido del informe, definiendo la información correspondiente a cada capítulo y articulando los aportes de los diferentes equipos. Para ello, se integró el estado de las alianzas estratégicas, los resultados de las acciones de cualificación en las líneas de Derechos Humanos y Socioemocional, las intervenciones territoriales y las acciones desarrolladas en las Casas Refugio. El equipo analizó y sistematizó la información cuantitativa y cualitativa de la Estrategia, consolidando resultados, avances metodológicos, contenidos actualizados y caracterizaciones de las mujeres participantes. Este ejercicio permitió evidenciar el alcance de la implementación de la ruta de cualificación y los resultados obtenidos durante el periodo de análisis. Se elaboraron los apartados de resultados, logros, conclusiones y recomendaciones, incorporando un análisis integral de la gestión desarrollada durante el semestre. Asimismo, se adelantó la revisión técnica y la validación del documento con los equipos responsables, garantizando que el informe reflejara de manera clara, coherente y objetiva la gestión realizada y sirviera como insumo para el seguimiento institucional, la toma de decisiones y la rendición de cuentas.
A95: EVIDENCIAS DE EJECUCIÓN | B95: N/A | D95: N/A | F95: 1. Documento I Informe semestral:INFORME DE GESTION E IMPLEMENETACION DE LA RUTA DE CUALIFICACIÓN https://secretariadistritald.sharepoint.com/:f:/s/ContratacinSPI-2022/IgDz3vnkzWuSR6qfHyy5VJDkAWLxIJQu9YJTRXL0iPap5HI?e=dPuSkK
A96: Agosto | B96: PROGRAMACIÓN | C96: EJECUCIÓN | D96: PROGRAMACIÓN | E96: EJECUCIÓN | F96: PROGRAMACIÓN | G96: EJECUCIÓN | H96: PROGRAMACIÓN | I96: EJECUCIÓN
B97: 0 | C97: 0 | D97: 0.2 | E97: 0.2 | F97: 0
A98: LOGROS Y BENEFICIOS Y RETRASOS Y ALTERNATIVAS DE SOLUCIÓN | B98: No se programaron actividades para este periodo | D98: Durante el mes de agosto, el equipo de cualificación actualizo (2) dos contenidos de sensibilización denominados "contenido brechas de género" y el "contenido de enfoque de género y lenguaje incluyente", diseñados para las jornadas de cualificación con los aliados de la Estrategia, la actualización consistio en adecuar las metodologías para ser implementados de manera presencial y no virtual como están planteados inicialmente. Lo anterior permite, que se puedan ofrecer espacios sensibilización a aliados de manera presencial, teniendo en cuenta la solicitud que han hecho sobre la importancia de hacer las cualificaciones en sus instalaciones.
A99: EVIDENCIAS DE EJECUCIÓN | B99: N/A | D99: https://secretariadistritald.sharepoint.com/:f:/s/ContratacinSPI-2022/IgDezftEeKwyQY1nVUI6rO3UARu6tNY4yfnYvsWDVr0whGU?e=Uv1SWe
A100: Septiembre | B100: PROGRAMACIÓN | C100: EJECUCIÓN | D100: PROGRAMACIÓN | E100: EJECUCIÓN | F100: PROGRAMACIÓN | G100: EJECUCIÓN | H100: PROGRAMACIÓN | I100: EJECUCIÓN
B101: 0.2 | C101: 0.2 | D101: 0 | E101: 0 | F101: 0
A102: LOGROS Y BENEFICIOS Y RETRASOS Y ALTERNATIVAS DE SOLUCIÓN | B102: En el mes de septiembre 2026, se llevaron a cabo diferentes espacios para revisar y actualizar el instrumento de recolección de información para la sistematización del proceso de cualificación, el instrumento que se implementa a través de llamadas telefónicos y el documento metodológico de grupos focales. Frente al instrumento que se implementa a través de llamadas, se inició la aplicación contando con 51 contactos efectivos, en donde se evidencia como la EAE ha aportado a las mujeres en su autonomía económica, como lo muestran los siguientes testimonios: “Me ha dado pautas para tener seguridad sobre mis decisiones como valiosas, y me han motivado a seguir adelante. Me ha ayudado a vencer la idea que no tiene que ser complicado, sino que puedo buscar oportunidades”, “Me siento más segura y tengo un propósito con mi emprendimiento”, “Me han aportado muchas cosas que antes no sabía, me han motivado a seguir aprendiendo sobre gestión financiera”, “Ha sido herramientas que han permitido verme mejor y ayudar a que ese emprendimiento impacte si yo estoy mejor mi emprendimiento esta mejor”, entre otros. | D102: No se reportan actividades para este periodo
A103: EVIDENCIAS DE EJECUCIÓN | B103: *Guion metodologico de grupos focales *Excel instrumento de recoleccion para sistematizacion *Documento instrumento de recolección https://secretariadistritald.sharepoint.com/:f:/s/ContratacinSPI-2022/IgDiMClXvDjgRJyb7bsgDlqdAdO5fOHAuKTy81wj_H0OmiU?e=MvesfP | D103: N/A
A104: Octubre | B104: PROGRAMACIÓN | C104: EJECUCIÓN | D104: PROGRAMACIÓN | E104: EJECUCIÓN | F104: PROGRAMACIÓN | G104: EJECUCIÓN | H104: PROGRAMACIÓN | I104: EJECUCIÓN
B105: 0 | D105: 0.2 | F105: 0
A106: LOGROS Y BENEFICIOS Y RETRASOS Y ALTERNATIVAS DE SOLUCIÓN
A107: EVIDENCIAS DE EJECUCIÓN
A108: Noviembre | B108: PROGRAMACIÓN | C108: EJECUCIÓN | D108: PROGRAMACIÓN | E108: EJECUCIÓN | F108: PROGRAMACIÓN | G108: EJECUCIÓN | H108: PROGRAMACIÓN | I108: EJECUCIÓN
B109: 0 | D109: 0.1 | F109: 0
A110: LOGROS Y BENEFICIOS Y RETRASOS Y ALTERNATIVAS DE SOLUCIÓN
A111: EVIDENCIAS DE EJECUCIÓN
A112: Diciembre | B112: PROGRAMACIÓN | C112: EJECUCIÓN | D112: PROGRAMACIÓN | E112: EJECUCIÓN | F112: PROGRAMACIÓN | G112: EJECUCIÓN | H112: PROGRAMACIÓN | I112: EJECUCIÓN
B113: 0.4 | C113: 0 | D113: 0 | F113: 0.5
A114: LOGROS Y BENEFICIOS Y RETRASOS Y ALTERNATIVAS DE SOLUCIÓN
...

Sheet Hoja de vida (1)
F1: DIRECCIONAMIENTO ESTRATÉGICO
F3: HOJA DE VIDA DEL INDICADOR
A5: ASOCIACIÓN
A6: CLASIFICACIÓN | D6: Proyectos | I6: SUB CLASIFICACIÓN | K6: Planes
A7: CATEGORÍA | D7: Resultado | I7: TIPO | K7: Eficacia
A8: PROCESO AL QUE APORTA | D8: Desarrollo de capacidades para la vida de las mujeres | I8: DEPENDENCIAS | K8: Subsecretaría del Cuidado y Políticas de Igualdad
A9: IDENTIFICACIÓN
A10: ACTIVIDAD | E10: =+[1]ACTIVIDAD_1!B12 -> Desarrollar 1 estrategia para potenciar las habilidades y capacidades de las mujeres en sus diversidades que aporten a su empoderamiento y autonomía económica
A11: NOMBRE DEL INDICADOR | E11: =+[1]ACTIVIDAD_1!I16 -> Documento actualizado de la estrategia para potenciar las habilidades y capacidades de las mujeres en sus diversidades
A12: OBJETIVO DEL INDICADOR | E12: Medir el avance en la actualización del documento de la estrategia para potenciar las habilidades y capacidades de la mujeres en sus diferencias y diviersidad.
A13: CÓDIGO DEL INDICADOR | D13: N.A | I13: MÉTODO DE RECOLECCIÓN | K13: Estadísticas
A14: CRITERIO DEL ANÁLISIS
A15: TIPO DE CÁLCULO | D15: Simple | I15: FRECUENCIA DE MEDICIÓN | K15: Mensual
A16: META PROGRAMADA | D16: =+[1]ACTIVIDAD_1!C37 -> 1 | I16: TIPO DE ANUALIZACIÓN | K16: Constante
A17: RANGO DE GESTIÓN | D17: NA
A18: No. | B18: ALIAS | C18: VARIABLES | H18: DESCRIPCIÓN | J18: UNIDAD DE MEDIDA | L18: FUENTE
A19: 1 | B19: NA | C19: Actualizar documento orientador | H19: Revisión y actualización del documento orientador de la Estrategia, enfatizando en el panorama situacional, marco normativo, marco político, los enfoques diferenciales, de género y derechos humanos para las mujeres, asi como mejores prácticas y herramientas innovadoras para la autonomía económica de las mujeres en sus diferencias y diversidad. | J19: Número | L19: Documento orientador de la Estrategia
A20: No. | B20: FÓRMULA DEL INDICADOR | L20: UNIDAD DE MEDIDA FÓRMULA
A21: 1 | B21: Avance del documento orientador actualizado | L21: Número
A22: DESCRIPCIÓN DEL INDICADOR
A23: LÍNEA BASE | D23: 1 | F23: Año de línea base | H23: 2024 | I23: FUENTE DE VERIFICACIÓN | K23: Plan de accion
A24: ANÁLISIS DEL INDICADOR
A25: GLOSARIO DE TÉRMINOS
A26: OBSERVACIONES

Sheet ACTIVIDAD 2
B1: SECRETARÍA DISTRITAL DE LA MUJER | M1: Código: DE-FO-5
B2: DIRECCIONAMIENTO ESTRATEGICO | M2: Versión: 14
B3: PROGRAMACIÓN, ACTUALIZACIÓN Y SEGUIMIENTO PLAN DE ACCIÓN DE PROYECTOS DE INVERSIÓN | M3: Fecha de Emisión: 28/04/2025
B4: ACTIVIDADES | M4: Página 2 de 7
A6: PROYECTO DE INVERSIÓN | B6: 8232 - Implementación de estrategias para el empoderamiento económico de las mujeres en toda su diversidad en Bogotá D.C. | L6: BPIN | M6: 2024110010318
A8: PERIODO REPORTADO | B8: Enero | D8: Febrero | F8: Marzo | H8: Abril | J8: TIPO DE REPORTE | L8: FORMULACION
B9: Mayo | D9: Junio | F9: Julio | H9: Agosto | L9: ACTUALIZACION
B10: Septiembre | C10: X | D10: Octubre | F10: Noviembre | H10: Diciembre | L10: SEGUIMIENTO | M10: X
A12: ACTIVIDAD DEL PROYECTO | B12: Cualificar 9.000 mujeres en sus diferencias y diversidades en herramientas para la autonomía económica.
A16: PRODUCTO MGA | B16: Servicio de educación informal | G16: INDICADOR ACTIVIDAD | I16: Número de mujeres cualificadas en herramientas para la autonomía económica
A18: OBJETIVO ESTRATÉGICO | B18: 3. Bogotá confía en su potencial | F18: PROGRAMA | G18: 3.20. Promoción del emprendimiento formal, equitativo e incluyente | J18: META PDD | K18: 192. Cualificar 9000 mujeres, en sus diferencias y diversidades, en herramientas para la autonomía económica.
A21: EJECUCIÓN PRESUPUESTAL DEL PROYECTO
A22: PRESUPUESTO ASIGNADO EN LA VIGENCIA ACTUAL (en pesos, sin decimales)
B23: Enero | C23: Febrero | D23: Marzo | E23: Abril | F23: Mayo | G23: Junio | H23: Julio | I23: Agosto | J23: Septiembre | K23: Octubre | L23: Noviembre | M23: Diciembre | N23: Total | O23: Porcentaje de ejecución
A24: PROGRAMACION DE COMPROMISOS | B24: 442578000 | C24: 0 | D24: 46493000 | E24: 0 | G24: 13719000 | H24: 23567199 | I24: 0 | J24: 0 | N24: =SUM(B24:M24) -> 526357199 | O24: 1
A25: COMPROMISOS | B25: 442578000 | C25: 0 | D25: -3716056 | E25: 10716806 | F25: 526000 | G25: 45967000 | H25: 1856479 | I25: 12634400 | J25: 0 | N25: =SUM(B25:M25) -> 510562629 | O25: =N25/N24 -> 0.96999268
A26: GIROS | B26: 0 | C26: 14306354 | D26: 41731166 | E26: 39817952 | F26: 38482619 | G26: 46528758 | H26: 35811952 | I26: 34324488 | J26: 35719052 | N26: =SUM(B26:M26) -> 286722341 | O26: =N26/N24 -> 0.54472959
A27: PROGRAMACIÓN RESERVAS | B27: 24781493 | C27: 4330500 | D27: 5000000 | E27: 10120853 | F27: 0 | G27: 6861256 | H27: 0 | I27: 0 | J27: 0 | N27: =SUM(B27:M27) -> 51094102 | O27: 1
A28: LIBERACION DE RESERVAS | B28: 0 | C28: 0 | D28: 0 | E28: 0 | F28: 0 | G28: 0 | H28: 0 | I28: 0 | J28: 0 | N28: =SUM(B28:M28) -> 0 | O28: =N28/N27 -> 0
A29: GIROS RESERVAS | B29: 13627717 | C29: 2992147 | D29: 436155 | E29: 27728528 | F29: 0 | G29: 4632131 | H29: 0 | I29: 0 | J29: 0 | N29: =SUM(B29:M29) -> 49416678 | O29: =N29/N27 -> 0.96716991
A33: REPORTE ACTIVIDADES VIGENCIA (Ejecución vigencia)
A34: DESCRIPCION DE LA ACTIVIDAD | B34: =+B12 -> Cualificar 9.000 mujeres en sus diferencias y diversidades en herramientas para la autonomía económica.
A35: ANUALIZACIÓN DE LA ACTIVIDAD | B35: 2024 | C35: 2025 | D35: 2026 | E35: 2027 | F35: TOTAL PDD | G35: TIPO DE ANUALIZACIÓN | H35: Suma
B36: 1070 | C36: 4013 | D36: 2027 | E36: 1890 | F36: =B36+C36+D36+E36 -> 9000
A37: PONDERACIÓN ACTIVIDAD | B37: 0.39 | D37: DESCRIPCIÓN CUALITATIVA DEL AVANCE POR ACTIVIDAD
A38: ENERO | B38: PROGRAMACIÓN | C38: EJECUCIÓN | D38: AVANCES Y LOGROS MENSUAL (2.000 CARACTERES) | F38: AVANCES Y LOGROS ACUMULADO (2.000 CARACTERES) | H38: RETRASOS Y ALTERNATIVAS DE SOLUCIÓN (1.000 CARACTERES) | I38: BENEFICIOS
B39: 0 | C39: 0 | D39: No se programaron actividades para este periodo
A40: FEBRERO | B40: PROGRAMACIÓN | C40: EJECUCIÓN | D40: AVANCES Y LOGROS MENSUAL (2.000 CARACTERES) | F40: AVANCES Y LOGROS ACUMULADO (2.000 CARACTERES) | H40: RETRASOS Y ALTERNATIVAS DE SOLUCIÓN (1.000 CARACTERES) | I40: BENEFICIOS
B41: 104 | C41: 80 | D41: Durante febrero de 2026, la Estrategia para la Autonomía Económica de las Mujeres avanzó en acciones de alistamiento, visibilización y consolidación territorial, iniciando su presencia en diferentes localidades de Bogotá y fortaleciendo la difusión de la ruta de cualificación para la autonomía económica. En este marco, se desarrollaron orientaciones a mujeres en diversos escenarios institucionales y comunitarios, así como jornadas territoriales de difusión del portafolio de oportunidades para la generación de ingresos. De igual manera, se promovieron espacios de cualificación en modalidades presenciales y virtuales, a través de los cuales varias mujeres culminaron su proceso de cualifcación en herramientas orientadas al fortalecimiento de su autonomía económica, contribuyendo así a ampliar sus capacidades para el acceso a oportunidades de empleo, emprendimiento y generación de ingresos. | F41: *En febrero se cualificaron 80 mujeres de las 2027 programadas para la vigencia 2026, en herramietas para la la autonomía económica. *Se realizaron 652 orientaciones a mujeres en diversos escenarios de atención. *Se realizaron 125 registros de mujeres en jornadas territoriales de difusión del portafolio de oportunidades para la generación de ingresos *Se promovieron 13 espacios de cualificación, en los que registraron 325 asistencias en modalidades presenciales y virtuales. | H41: No se alcanzó a cumplir con la meta establecida, tendiendo un rezago de 24 mujeres, esto obedece principalmente a que si bien se ha logrado llegar a un número significativo de ciudadanas, el tiempo para la culminación de la cualificación puede variar según la disponibilidad de tiempo de las mujeres. Para mejorar el cumplimiento de la meta, se van a intensificar acciones durante el mes de marzo a traves de espacios conmemorativos, asi mismo se va ampliar la articulación interinstitucional con otros actores locales, con el fin de llegar a escenarios no abordados anteriormente para la difusión de la ruta de cualificación, los cuales pueden impactar en alcanzar los cumplimientos de meta programados. | I41: Las acciones desarrolladas en esta actividad, contribuyen a que las mujeres de la ciudad conozcan y accedan a oportunidades reales para fortalecer su autonomía económica, mediante orientación, información y acompañamiento sobre alternativas de empleo, formación y generación de ingresos. Asimismo, los espacios de cualificación les permiten desarrollar habilidades y herramientas para mejorar su perfil ocupacional, fortalecer iniciativas productivas y ampliar sus posibilidades de inserción laboral o emprendimiento. De esta manera, se promueve el empoderamiento económico de las mujeres, el fortalecimiento de sus capacidades para la toma de decisiones sobre su vida económica y la reducción de barreras de acceso a oportunidades en el mercado laboral y productivo de la ciudad.
A42: MARZO | B42: PROGRAMACIÓN | C42: EJECUCIÓN | D42: AVANCES Y LOGROS MENSUAL (2.000 CARACTERES) | F42: AVANCES Y LOGROS ACUMULADO (2.000 CARACTERES) | H42: RETRASOS Y ALTERNATIVAS DE SOLUCIÓN (1.000 CARACTERES) | I42: BENEFICIOS
B43: 220 | C43: 256 | D43: Durante marzo se logró cualificar a 256 mujeres, alcanzado el cumplimiento 100% respecto a la programación. Adicionalmente se supera el rezago del mes anterior esto dado a que en el marco de la conmemoración del día internacional de los Derechos de las mujeres se realizó un espacio de reconocimiento a la culminación de la ruta con las mujeres y se aperturó un escenario de comercialización de sus producto posibilitando el reconocimiento de sus estrategias de generación de ingresos. Paralelamente, se fortalecieron acciones de gestión en espacios locales conmemorativos y se avanzó en el impulso de la gestión de nuevos escenarios locales no abordados anteriormente para la difusión de la ruta de cualificación, los cuales impactan en alcanzar los cumplimientos de meta programados. | F43: *A marzo se han cualificado 336 mujeres de las 2027 programadas para la vigencia 2026, en herramietas para la la autonomía económica. *Se han realizado 1501 orientaciones a mujeres en diversos escenarios de atención. *Se han realizado 332 registros de mujeres en jornadas territoriales de difusión del portafolio de oportunidades para la generación de ingresos *Se han promovido 75 espacios de cualificación, en los que registraron 1185 asistencias en modalidades presenciales y virtuales. | H43: N/A | I43: Los beneficios para las mujeres se evidencian en el fortalecimiento integral de sus capacidades personales, sociales y económicas, a través de procesos de cualificación que promueven el reconocimiento de sus derechos, el desarrollo de habilidades socioemocionales y el acceso a herramientas prácticas para la empleabilidad y el emprendimiento. Asimismo, la presencia territorial y la ampliación de espacios de participación facilitan un mayor acceso a información, orientación y oportunidades, lo que contribuye a mejorar su autonomía, potenciar sus iniciativas de generación de ingresos y favorecer su inclusión en escenarios económicos y sociales. Todo ello se traduce en un impacto positivo en su bienestar, en su capacidad de toma de decisiones y en el reconocimiento de su rol activo dentro de la comunidad.
A44: ABRIL | B44: PROGRAMACIÓN | C44: EJECUCIÓN | D44: AVANCES Y LOGROS MENSUAL (2.000 CARACTERES) | F44: AVANCES Y LOGROS ACUMULADO (2.000 CARACTERES) | H44: RETRASOS Y ALTERNATIVAS DE SOLUCIÓN (1.000 CARACTERES) | I44: BENEFICIOS
B45: 150 | C45: 253 | D45: Durante el mes de abril se cualificaron 253 mujeres, superando la meta programada, gracias a la apertura de nuevos espacios de cualificación en articulación con la Cámara de Comercio de Bogotá y a la participación de las mujeres en la jornada “Lidertesas”, fortaleciendo sus habilidades comerciales, estratégicas y digitales. Así mismo, se fortalecieron las acciones de gestión territorial y articulación interinstitucional. De manera complementaria, el equipo territorial continúa impulsando la fase de direccionamiento a oportunidades,a las mujeres cualificadas, favoreciendo la permanencia y culminación efectiva de la ruta de cualificación. | F45: *A abril se han cualificado 589 mujeres de las 2027 programadas para la vigencia 2026, en herramietas para la la autonomía económica. *Se han realizado 2214 orientaciones a mujeres en diversos escenarios de atención. *Se han realizado 452 registros de mujeres en jornadas territoriales de difusión del portafolio de oportunidades para la generación de ingresos *Se han promovido 149 espacios de cualificación, en los que registraron 2303 asistencias en modalidades presenciales y virtuales. | H45: N/A | I45: Durante el periodo reportado, las mujeres participantes fortalecieron sus capacidades para el empleo, el emprendimiento y la generación de ingresos, mediante procesos de cualificación en habilidades comerciales, estratégicas, digitales, socioemocionales y de gestión financiera y laboral. Así mismo, accedieron a espacios de comercialización y posicionamiento de sus productos a través de ferias locales y jornadas de emprendimiento, favoreciendo el fortalecimiento de sus iniciativas productivas. De igual manera, se promovió el conocimiento y ejercicio de los derechos humanos de las mujeres yde sus habilidades socioemocionales.
A46: MAYO | B46: PROGRAMACIÓN | C46: EJECUCIÓN | D46: AVANCES Y LOGROS MENSUAL (2.000 CARACTERES) | F46: AVANCES Y LOGROS ACUMULADO (2.000 CARACTERES) | H46: RETRASOS Y ALTERNATIVAS DE SOLUCIÓN (1.000 CARACTERES) | I46: BENEFICIOS
B47: 250 | C47: 240 | D47: Durante el mes de mayo se logró la cualificación de 240 mujeres, alcanzando el 96 % de la meta programada para el periodo y presentando un rezago de 10 mujeres frente a lo previsto. Esta diferencia se asocia principalmente a factores relacionados con la disponibilidad de tiempo de las participantes y la asistencia efectiva a los espacios programados, situación que incidió en la culminación de algunos procesos de cualificación dentro del mes. No obstante, se mantuvo una alta ejecución de las actividades previstas y se continuó fortaleciendo la gestión y articulación territorial para la difusión de la ruta de cualificación y la vinculación de nuevas participantes. | F47: *A mayo se han cualificado 829 mujeres de las 2027 programadas para la vigencia 2026, en herramietas para la la autonomía económica. *Se han realizado 2985 orientaciones a mujeres en diversos escenarios de atención. *Se han realizado 552 registros de mujeres en jornadas territoriales de difusión del portafolio de oportunidades para la generación de ingresos *Se han promovido 248 espacios de cualificación, en los que registraron 3943 asistencias en modalidades presenciales y virtuales. | H47: Con el fin de alcanzar el cumplimiento de la meta programada, se fortalecerán las estrategias de convocatoria, seguimiento y confirmación de asistencia de las participantes, mediante la articulación con actores territoriales y la ampliación de los canales de difusión de la oferta. Así mismo, se priorizará la vinculación de mujeres previamente orientadas e interesadas en los procesos de cualificación, promoviendo su participación en los espacios programados durante los meses siguientes para garantizar el cumplimiento de la meta anual. | I47: Las acciones desarrolladas durante el mes de mayo beneficiaron a las mujeres participantes al fortalecer sus conocimientos y capacidades en temas relacionados con derechos humanos, habilidades socioemocionales y herramientas para la empleabilidad y el emprendimiento, contribuyendo al fortalecimiento de su autonomía económica. Asimismo, la gestión y articulación territorial permitió ampliar el acceso a la oferta institucional, facilitando que un mayor número de mujeres conocieran y se vincularan a los procesos de cualificación, generando mayores oportunidades para el desarrollo de sus proyectos personales, laborales y productivos.
A48: JUNIO | B48: PROGRAMACIÓN | C48: EJECUCIÓN | D48: AVANCES Y LOGROS MENSUAL (2.000 CARACTERES) | F48: AVANCES Y LOGROS ACUMULADO (2.000 CARACTERES) | H48: RETRASOS Y ALTERNATIVAS DE SOLUCIÓN (1.000 CARACTERES) | I48: BENEFICIOS
B49: 180 | C49: 239 | D49: Durante el mes de junio se logró la cualificación de 239 mujeres, superando la meta programada y el rezago de las 10 mujeres del mes inmediatamente anterior, esto se logro a través de la participación en espacios de cualificación presenciales y/o virtuales; en contenidos relacionados con derechos humanos, en habilidades socioemocionales, así como de gestión financiera en empleabilidad y emprendimiento. Se continúan fortalecieron acciones de gestión y articulación local, para la difusión de la ruta de cualificación, los cuales impactan en alcanzar los cumplimientos de meta programados. | F49: *A junio se han cualificado 1.068 mujeres de las 2.027 programadas para la vigencia 2026, en herramietas para la la autonomía económica. *Se han realizado 3569 orientaciones a mujeres en diversos escenarios de atención. *Se han realizado 678 registros de mujeres en jornadas territoriales de difusión del portafolio de oportunidades para la generación de ingresos *Se han promovido 316 espacios de cualificación, en los que registraron 4954 asistencias en modalidades presenciales y virtuales. | H49: N/A | I49: El avance alcanzado durante el mes de junio permitió que un mayor número de mujeres fortaleciera sus capacidades para el ejercicio de sus derechos, la toma de decisiones, el desarrollo de habilidades socioemocionales y la adquisición de herramientas para la empleabilidad, el emprendimiento y la gestión financiera. Asimismo, las acciones de articulación y gestión territorial favorecieron una mayor difusión y acceso a la Ruta de Cualificación, ampliando las oportunidades para que más mujeres de Bogotá participen en procesos que contribuyen al fortalecimiento de su autonomía económica y al mejoramiento de sus condiciones de vida.
A50: JULIO | B50: PROGRAMACIÓN | C50: EJECUCIÓN | D50: AVANCES Y LOGROS MENSUAL (2.000 CARACTERES) | F50: AVANCES Y LOGROS ACUMULADO (2.000 CARACTERES) | H50: RETRASOS Y ALTERNATIVAS DE SOLUCIÓN (1.000 CARACTERES) | I50: BENEFICIOS
B51: 270 | C51: 262 | D51: Durante el mes de julio se cualificaron 262 mujeres, alcanzando un resultado de ocho (8) mujeres por debajo de la meta programada para el periodo. Es importante señalar que el cumplimiento de la meta mensual está condicionado por el tiempo que requiere el proceso de cualificación y, especialmente, por la permanencia y la participación voluntaria de las mujeres a lo largo de la ruta. En este contexto, el equipo mantuvo de manera permanente las acciones de convocatoria y seguimiento, promoviendo la participación de las mujeres en espacios de cualificación presenciales y virtuales, mediante el desarrollo de contenidos en derechos humanos, habilidades socioemocionales y herramientas para la gestión financiera orientadas al fortalecimiento de capacidades para la empleabilidad y el emprendimiento. De igual manera, se fortalecieron las acciones de gestión y articulación con actores locales para ampliar la difusión de la ruta de cualificación y acercar la oferta institucional a un mayor número de mujeres. Estas acciones contribuyen a incrementar la participación, fortalecer la permanencia en el proceso de formación y avanzar de manera progresiva en el cumplimiento de las metas programadas por la Estrategia. Es importante resaltar que, aunque en el mes de julio se presentó un rezago de ocho (8) mujeres frente a la meta mensual, el comportamiento acumulado de la vigencia continúa por encima de la meta programada, lo que evidencia un avance satisfactorio en la implementación de la Estrategia y permite prever el cumplimiento de la meta anual. | F51: *A julio se han cualificado 1.330 mujeres de las 2.027 programadas para la vigencia 2026, en herramietas para la la autonomía económica. *Se han realizado 4.263 orientaciones a mujeres en diversos escenarios de atención. *Se han realizado 836 registros de mujeres en jornadas territoriales de difusión del portafolio de oportunidades para la generación de ingresos *Se han promovido 390 espacios de cualificación, en los que registraron 6.022 asistencias en modalidades presenciales y virtuales. | H51: Se van a continuar desarrollando acciones para mantener el cumplimiento de las metas establecidas, fortaleciendo la convocatoria y el seguimiento a las mujeres interesadas en la ruta de cualificación, promoviendo su permanencia y culminación del proceso formativo. Asimismo, se reforzará la articulación con aliados estratégicos y actores territoriales para ampliar la difusión de la oferta institucional y facilitar el acceso de más mujeres a los espacios de formación. De igual manera, se mantendrá el monitoreo permanente de las metas e indicadores de ejecución, realizando los ajustes operativos que sean necesarios para garantizar el cumplimiento de la programación. | I51: Las acciones desarrolladas durante el mes de julio fortalecieron el acceso y la permanencia de las mujeres en la ruta de cualificación, permitiéndoles adquirir herramientas en derechos humanos, habilidades socioemocionales y gestión financiera que fortalecen sus capacidades para la empleabilidad, el emprendimiento y la generación de ingresos. Asimismo, el fortalecimiento de la convocatoria, el seguimiento y la articulación con actores territoriales facilitó que un mayor número de mujeres conociera y accediera a la oferta institucional de la Estrategia, promoviendo procesos formativos más oportunos e incluyentes que contribuyen al fortalecimiento de su autonomía económica, la ampliación de sus oportunidades y el ejercicio efectivo de sus derechos.
A53: AGOSTO | B53: PROGRAMACIÓN | C53: EJECUCIÓN | D53: AVANCES Y LOGROS MENSUAL (2.000 CARACTERES) | F53: AVANCES Y LOGROS ACUMULADO (2.000 CARACTERES) | H53: RETRASOS Y ALTERNATIVAS DE SOLUCIÓN (1.000 CARACTERES) | I53: BENEFICIOS
B54: 200 | C54: 197 | D54: Durante el mes de agosto de 2026, se logró la cualificación de 197 mujeres en contenidos relacionados con derechos humanos, habilidades socioemocionales y gestión financiera para el empleo y el emprendimiento, contribuyendo al cumplimiento de la meta establecida para el periodo. Este resultado fue posible mediante el desarrollo de procesos de formación en los diferentes escenarios de intervención de la Estrategia, fortaleciendo los conocimientos y competencias de las participantes para el ejercicio de sus derechos, el acceso a oportunidades de empleo y emprendimiento y el fortalecimiento de su autonomía económica. La participación y permanencia de las mujeres en los procesos de cualificación responde a su vinculación voluntaria y a las dinámicas propias de cada proceso formativo, factores que inciden en el comportamiento del resultado mensual. | F54: *A agosto se han cualificado 1.527 mujeres de las 2.027 programadas para la vigencia 2026, en herramietas para la la autonomía económica. *Se han realizado 4.896 orientaciones a mujeres en diversos escenarios de atención. *Se han realizado 1040 registros de mujeres en jornadas territoriales de difusión del portafolio de oportunidades para la generación de ingresos *Se han promovido 473 espacios de cualificación, en los que registraron 7.291 asistencias en modalidades presenciales y virtuales. | H54: En agosto se alcanzó la cualificación de 197 mujeres frente a las 200 programadas, con una diferencia de tres participantes. Para el siguiente periodo se fortalecerán las acciones de convocatoria, seguimiento y articulación con aliados, con el fin de ampliar la participación y garantizar el cumplimiento de las metas establecidas. | I54: La cualificación de 197 mujeres durante el mes de agosto contribuyó al fortalecimiento de sus conocimientos y capacidades en derechos humanos, habilidades socioemocionales y gestión financiera, brindándoles herramientas para mejorar su preparación frente al acceso a oportunidades de empleo, emprendimiento y generación de ingresos. De esta manera, la acción aporta al desarrollo de competencias para la toma de decisiones, el ejercicio de sus derechos y el fortalecimiento de su autonomía económica, favoreciendo mejores condiciones para su participación en los ámbitos laboral y productivo.
A55: SEPTIEMBRE | B55: PROGRAMACIÓN | C55: EJECUCIÓN | D55: AVANCES Y LOGROS MENSUAL (2.000 CARACTERES) | F55: AVANCES Y LOGROS ACUMULADO (2.000 CARACTERES) | H55: RETRASOS Y ALTERNATIVAS DE SOLUCIÓN (1.000 CARACTERES) | I55: BENEFICIOS
B56: 200 | C56: 297 | D56: Durante septiembre de 2026, la Estrategia para la Autonomía Económica fortaleció su presencia territorial en las 19 localidades de Bogotá, cualificar a 297 mujeres en herramientas para la autonomía económica. este avance fue posible mediante la participación y la articulación con nuevos escenarios institucionales, educativos y comunitarios, ampliando el acceso de las mujeres a oportunidades de formación, generación de ingresos y fortalecimiento de capacidades para su autonomía económica. | F56: A septiembre se han cualificado 1.824 mujeres de las 2.027 programadas para la vigencia 2026, en herramietas para la autonomía económica. Del total de mujeres cualificadas 414 manifestaron interes en empleabilidad y 1410 en emprendimiento. Las mujeres han contado con acompañamiento durante la ruta, encontrando una diversidad de contenidos presenciales o virtuales para fortalecer sus procesos de generación de ingresos. Se ha llevado la ruta de cualificación a espacios de incidencia local y barrial, fortaleciendo la articulación interinstitucional y la visibilizando la Estrategia en diversos escenarios distritales. *Se han realizado 5.589 orientaciones a mujeres en diversos escenarios de atención. *Se han realizado 1.286 registros de mujeres en jornadas territoriales de difusión masiva del portafolio de oportunidades para la generación de ingresos *Se han promovido 587 espacios de cualificación, en los que registraron 8.857 asistencias en modalidades presenciales y virtuales. * Participación de 18 mujeres en el Bootcamp,articulación de los Centros de Inclusión Digital (CID) de la SD Mujer en alianza con la Cámara de Comercio de Bogotá, con el proposito de fortalecer las habilidades digitales de las mujeres emprendedoras en inteligencia artificial. *126 mujeres han completado la ruta de fortalecimiento a emprendimientos de CCB desarrollada en las manzanas del cuidado, mientras otras avanzan en su cualificación. | H56: N/A | I56: Las acciones desarrolladas permitieron a las mujeres de Bogotá acceder a información, orientación y herramientas para fortalecer su autonomía económica, ampliar el conocimiento sobre oportunidades de formación, empleabilidad y generación de ingresos, y fortalecer sus capacidades para la toma de decisiones y el desarrollo de sus proyectos personales y económicos. Asimismo, la presencia territorial facilitó el acercamiento de la oferta institucional a mujeres en sus diferencias y diversidad, reduciendo barreras de acceso y promoviendo mayores oportunidades de participación y vinculación a la ruta de la Estrategia para la Autonomía Económica.
A57: OCTUBRE | B57: PROGRAMACIÓN | C57: EJECUCIÓN | D57: AVANCES Y LOGROS MENSUAL (2.000 CARACTERES) | F57: AVANCES Y LOGROS ACUMULADO (2.000 CARACTERES) | H57: RETRASOS Y ALTERNATIVAS DE SOLUCIÓN (1.000 CARACTERES) | I57: BENEFICIOS
B58: 200
A59: NOVIEMBRE | B59: 150 | C59: EJECUCIÓN | D59: AVANCES Y LOGROS MENSUAL (2.000 CARACTERES) | F59: AVANCES Y LOGROS ACUMULADO (2.000 CARACTERES) | H59: RETRASOS Y ALTERNATIVAS DE SOLUCIÓN (1.000 CARACTERES) | I59: BENEFICIOS
B60: 200
A61: DICIEMBRE | B61: 30 | C61: EJECUCIÓN | D61: AVANCES Y LOGROS MENSUAL (2.000 CARACTERES) | F61: AVANCES Y LOGROS ACUMULADO (2.000 CARACTERES) | H61: RETRASOS Y ALTERNATIVAS DE SOLUCIÓN (1.000 CARACTERES) | I61: BENEFICIOS
B62: 53
B63: =+B47+B43+B41+B45+B49+B51+B54+B56+B58+B60+B62 -> 2027 | C63: =+C47+C43+C41+C45+C49+C51+C54+C56+C58+C60+C62 -> 1824 | D63: =+C56+1083 -> 1380
A65: DESCRIPCIÓN CUALITATIVA Y PORCENTUAL DEL AVANCE POR TAREA
A66: DESCRIPCIÓN DE LA TAREA | B66: Tarea 1. Implementar la ruta de cualificación en autonomía económica para las mujeres en sus diferencias y diversidad. | D66: Tarea 2. Orientar a las ciudadanas en escenarios locales de relevancia respecto al portafolio de oportunidades para la Autonomía Económica de la SDMujer. | F66: Tarea 3 | H66: Tarea 4
A67: PONDERACIÓN DE LA TAREA | B67: 0.3 | D67: 0.09
A68: Enero | B68: PROGRAMACIÓN | C68: EJECUCIÓN | D68: PROGRAMACIÓN | E68: EJECUCIÓN | F68: PROGRAMACIÓN | G68: EJECUCIÓN | H68: PROGRAMACIÓN | I68: EJECUCIÓN
B69: 0 | C69: 0 | D69: 0 | E69: 0
A70: LOGROS Y BENEFICIOS Y RETRASOS Y ALTERNATIVAS DE SOLUCIÓN | B70: No se programaron actividades para este periodo | D70: No se programaron actividades para este periodo
A71: EVIDENCIAS DE EJECUCIÓN
A72: Febrero | B72: PROGRAMACIÓN | C72: EJECUCIÓN | D72: PROGRAMACIÓN | E72: EJECUCIÓN | F72: PROGRAMACIÓN | G72: EJECUCIÓN | H72: PROGRAMACIÓN | I72: EJECUCIÓN
B73: 0.05 | C73: 0.05 | D73: 0.03 | E73: 0.03
A74: LOGROS Y BENEFICIOS Y RETRASOS Y ALTERNATIVAS DE SOLUCIÓN | B74: Para febrero se lograron cualificar a 80 mujeres. Esto obedece principalmente a que si bien se ha logrado llegar a un número significativo de ciudadanas, el tiempo para la culminación de la cualificación puede variar según la disponibilidad de tiempo de las mujeres. Adicionalmente se han fortalecido acciones de gestión para los espacios conmemorativos de marzo y se avanza en el impulso de la gestión de nuevos escenarios locales no abordados anteriormente para la difusión de la ruta de cualificación, los cuales pueden impactar en alcanzar los cumplimientos de meta programados. Por otra parte, realizaron 125 registros de mujeres en jornadas territoriales de difusión masiva del portafolio de oportunidades para la generación de ingresos en los diferentes espacios de relevancia para las mujeres. Así mismo se han realizado 13 espacios de cualificación logrando 325 asistencias presenciales y virtuales, garantizando así, diferentes mecanismos para realizar la cualificación en herramientas para la autonomía económica con las mujeres de Bogotá. | D74: Para el mes de febrero se realizaron 652 orientaciones dirigidas a mujeres en diferentes escenarios institucionales y territoriales de la ciudad, priorizando espacios de alta concurrencia y relevancia para las mujeres en sus diferencias y diversidad. A través de estos procesos de orientación se brindó información sobre la ruta de acceso a la Estrategia para la Autonomía Económica de las Mujeres, el portafolio de oportunidades disponibles y las alternativas de formación, empleo y generación de ingresos, facilitando así que las participantes conozcan y accedan a los servicios y mecanismos de acompañamiento que promueven el fortalecimiento de su autonomía económica. Asimismo, estas acciones permitieron ampliar la visibilización de la Estrategia y fortalecer el acercamiento con las mujeres en los territorios, promoviendo su vinculación a los diferentes procesos ofrecidos.
A75: EVIDENCIAS DE EJECUCIÓN | B75: https://secretariadistritald.sharepoint.com/:f:/s/ContratacinSPI-2022/IgCCqGFsuSg7To866FqRrCQ6AR2BNNIVpVeCx7cKp6_dEoM?e=G7KUBJ | D75: https://secretariadistritald.sharepoint.com/:f:/s/ContratacinSPI-2022/IgCCqGFsuSg7To866FqRrCQ6AR2BNNIVpVeCx7cKp6_dEoM?e=G7KUBJ
A76: Marzo | B76: PROGRAMACIÓN | C76: EJECUCIÓN | D76: PROGRAMACIÓN | E76: EJECUCIÓN | F76: PROGRAMACIÓN | G76: EJECUCIÓN | H76: PROGRAMACIÓN | I76: EJECUCIÓN
B77: 0.11 | C77: 0.11 | D77: 0.1 | E77: 0.1
A78: LOGROS Y BENEFICIOS Y RETRASOS Y ALTERNATIVAS DE SOLUCIÓN | B78: Durante marzo se logró cualificar a 256 mujeres, alcanzado el cumplimiento 100% respecto a la programación. Adicionalmente se supera el rezago del mes anterior esto dado a que en el marco de la conmemoración del día internacional de los Derechos de las mujeres se realizó un espacio de reconocimiento a la culminación de la ruta con las mujeres y se aperturó un escenario de comercialización de sus producto posibilitando el reconocimiento de sus estrategias de generación de ingresos. Paralelamente, se fortalecieron acciones de gestión en espacios locales conmemorativos y se avanzó en el impulso de la gestión de nuevos escenarios locales no abordados anteriormente para la difusión de la ruta de cualificación, los cuales impactan en alcanzar los cumplimientos de meta programados. En el mismo periodo se implementaron 62 espacios de cualificación en derechos humanos de las mujeres, habilidades socioemocionales para el empleo y emprendimiento y herramientas de gestión financiera y laboral, logrando 860 asistencias en modalidades presenciales y/o virtuales. Así mismo, se realizaron 207 registros de mujeres en jornadas territoriales de difusión masiva y atención a las ciudadanas por medio de canales presenciales y virtuales. Igualmente, a través de la gestión local. | D78: Se realizaron 849 orientaciones en diversos escenarios de impacto, dirigidas a mujeres en su diversidad, contextos socioeconómicos y trayectorias de vida. Estas acciones permitieron acercar información clara y oportuna sobre los servicios y la oferta de la Estrategia a espacios clave y de alta relevancia para ellas, tales como encuentros comunitarios, jornadas institucionales, ferias de servicios y actividades territoriales. A través de estas orientaciones, no solo se promovió el acceso a oportunidades para la autonomía económica, sino que también se fortaleció el reconocimiento de derechos, la toma de decisiones informadas y la vinculación de las mujeres a procesos de formación, empleabilidad y emprendimiento. Asimismo, se contribuyó a la consolidación de redes de apoyo y al posicionamiento de la Estrategia como una herramienta cercana, accesible y pertinente para el desarrollo integral de las mujeres.
A79: EVIDENCIAS DE EJECUCIÓN | B79: Hoja de ruta mujeres cualificadas marzo 2026: https://secretariadistritald.sharepoint.com/:f:/s/ContratacinSPI-2022/IgCGHzQqDyeVTrQYVhRoGuw9AdITi1OerE4w6hG5ILMSYAk?e=k2kizr | D79: Listado de mujeres orientadas marzo 2026: https://secretariadistritald.sharepoint.com/:f:/s/ContratacinSPI-2022/IgCGHzQqDyeVTrQYVhRoGuw9AdITi1OerE4w6hG5ILMSYAk?e=k2kizr
A80: Abril | B80: PROGRAMACIÓN | C80: EJECUCIÓN | D80: PROGRAMACIÓN | E80: EJECUCIÓN | F80: PROGRAMACIÓN | G80: EJECUCIÓN | H80: PROGRAMACIÓN | I80: EJECUCIÓN
B81: 0.07 | C81: 0.07 | D81: 0.1 | E81: 0.1
A82: LOGROS Y BENEFICIOS Y RETRASOS Y ALTERNATIVAS DE SOLUCIÓN | B82: Durante el mes de abril se logró cualificar a 253 mujeres, superando la meta programada para abril, lo que representa un cumplimiento del 168% frente a la programación prevista. Este resultado obedece al fortalecimiento de la Estrategia mediante la apertura de espacios de cualificación en articulación con la Cámara de Comercio de Bogotá, dirigidos a mujeres emprendedoras, permitiéndoles adquirir herramientas para fortalecer sus ideas de negocio y/o consolidar sus emprendimientos. Asimismo, durante este periodo, las mujeres emprendedoras participaron en la jornada de “Lidertesas”, en la cual fortalecieron habilidades comerciales, estratégicas y digitales. De igual manera, se promovió su participación en ferias locales, generando escenarios de comercialización para sus productos y posibilitando el reconocimiento y fortalecimiento de sus estrategias de generación de ingresos. Paralelamente, se fortalecieron las acciones de gestión territorial, la articulación interinstitucional y la apertura de nuevos escenarios locales previamente no abordados para la difusión de la ruta de cualificación, aspectos que contribuyeron significativamente al cumplimiento y superación de las metas programadas. Igualmente, el equipo territorial continuará fortaleciendo en las mujeres ya cualificadas, las acciones de direccionamiento a oportunidades y el acompañamiento individual, con el propósito de favorecer la permanencia y culminación efectiva de la ruta de cualificación. De otra parte, en el mismo periodo se implementaron 74 espacios de cualificación en derechos humanos de las mujeres, habilidades socioemocionales para el empleo y emprendimiento y herramientas de gestión financiera y laboral, logrando 1118 asistencias en modalidades presenciales y/o virtuales. Así mismo, se realizaron 120 registros de mujeres en jornadas territoriales de difusión masiva y atención a las ciudadanas por medio de canales presenciales y virtuales. Igualmente, a través de la gestión local. | D82: Se realizaron 713 orientaciones dirigidas a mujeres en su diversidad, en diferentes escenarios de impacto territorial, facilitando el acceso a información sobre los servicios, oportunidades y oferta institucional de la Estrategia. Estas acciones permitieron ampliar el alcance de la implementación, fortalecer los procesos de difusión y acercar la oferta a espacios estratégicos de interés y participación para las mujeres.
A83: EVIDENCIAS DE EJECUCIÓN | B83: Matriz mujeres cualificadas abril de 2026: https://secretariadistritald.sharepoint.com/:f:/s/ContratacinSPI-2022/IgAa1OzTN2nDSISgZeyQOVzPAX5ZgBe5_OLk-OLoroiwPFM?e=gONImQ | D83: Base de datos mujeres orientadas abril de 2026: https://secretariadistritald.sharepoint.com/:f:/s/ContratacinSPI-2022/IgAa1OzTN2nDSISgZeyQOVzPAX5ZgBe5_OLk-OLoroiwPFM?e=gONImQ
A84: Mayo | B84: PROGRAMACIÓN | C84: EJECUCIÓN | D84: PROGRAMACIÓN | E84: EJECUCIÓN | F84: PROGRAMACIÓN | G84: EJECUCIÓN | H84: PROGRAMACIÓN | I84: EJECUCIÓN
B85: 0.12 | C85: 0.12 | D85: 0.1 | E85: 0.1
A86: LOGROS Y BENEFICIOS Y RETRASOS Y ALTERNATIVAS DE SOLUCIÓN | B86: Durante el mes de mayo se logró cualificar a 240 mujeres en contenidos relacionados con derechos humanos, habilidades socioemocionales y gestión financiera para el empleo y el emprendimiento, alcanzando un cumplimiento del 96 % de la meta programada para el periodo. Este resultado fue posible gracias al fortalecimiento de las acciones de gestión y articulación territorial orientadas a la difusión de la ruta de cualificación y a la vinculación efectiva de las participantes a los procesos formativos. Como parte de la implementación de la Estrategia, se desarrollaron 99 espacios de cualificación en modalidades presencial y virtual, generando un total de 1.640 asistencias. Estos espacios contribuyeron al fortalecimiento de capacidades y competencias de las mujeres participantes, favoreciendo el acceso a herramientas para el ejercicio de sus derechos, el desarrollo de habilidades socioemocionales y la gestión de oportunidades de empleo y emprendimiento. Adicionalmente, se consolidaron acciones de divulgación y orientación que permitieron ampliar el alcance de la oferta institucional. En este marco, se realizaron 100 registros de mujeres a través de jornadas territoriales de difusión y atención ciudadana. | D86: Durante este periodo se lograron 771 orientaciones individuales y grupales dirigidas a mujeres en su diversidad. Estas acciones facilitaron el acceso a información oportuna sobre los servicios de la Estrategia y fortalecieron la conexión con escenarios territoriales de alto impacto para la promoción de la autonomía económica de las mujeres.
A87: EVIDENCIAS DE EJECUCIÓN | B87: 1, Base de datos muejres cualificadas en mayo 2026 https://secretariadistritald.sharepoint.com/:f:/s/ContratacinSPI-2022/IgAZ7pShzolHRJa6zL3ou7qOAU1Gu_mHED69Oayj3YQ3zrA?e=br5bgu | D87: 1, Base de datos mujeres orientadas mayo 2026 https://secretariadistritald.sharepoint.com/:f:/s/ContratacinSPI-2022/IgBsGf-A72j8R6c3kzwdZB2jATC1Y1b9199Jw7RWFDz0pZw?e=u8eVYO
A88: Junio | B88: PROGRAMACIÓN | C88: EJECUCIÓN | D88: PROGRAMACIÓN | E88: EJECUCIÓN | F88: PROGRAMACIÓN | G88: EJECUCIÓN | H88: PROGRAMACIÓN | I88: EJECUCIÓN
B89: 0.09 | C89: 0.09 | D89: 0.1 | E89: 0.1
A90: LOGROS Y BENEFICIOS Y RETRASOS Y ALTERNATIVAS DE SOLUCIÓN | B90: Durante el mes de junio se logró la cualificación de 239 mujeres, superando la meta programada y el rezago de las 10 mujeres del mes inmediatamente anterior, esto se logro a través de la participación en espacios de cualificación presenciales y/o virtuales; en contenidos relacionados con derechos humanos, en habilidades socioemocionales, así como de gestión financiera en empleabilidad y emprendimiento. Así mismo, se mantuvo una alta ejecución de las actividades previstas y se continúa fortaleciendo acciones de gestión y articulación local, para la difusión de la ruta de cualificación, los cuales impactan en alcanzar los cumplimientos de meta programados. En el mismo periodo se implementaron 68 espacios de cualificación en derechos humanos de las mujeres, habilidades socioemocionales para el empleo y emprendimiento y herramientas de gestión financiera y laboral, logrando 1011 asistencias en modalidades presenciales y/o virtuales. Así mismo, se realizaron 126 registros de mujeres en jornadas territoriales de difusión masiva y atención a las ciudadanas por medio de canales presenciales y virtuales. Igualmente, a través de la gestión local. | D90: Durante el mes de junio se realizaron 584 orientaciones en diversos escenarios de impacto, dirigidas a mujeres en su diversidad. Estas acciones permitieron socializar la oferta institucional y los servicios de la Estrategia para la Autonomía Económica, facilitando el acceso a información sobre la ruta de cualificación, oportunidades de empleo, generación de ingresos y formación. De esta manera, se fortaleció la difusión de la oferta y se promovió el acceso de las mujeres a herramientas que contribuyen al fortalecimiento de su autonomía económica.
A91: EVIDENCIAS DE EJECUCIÓN | B91: Reporte mujeres cualificadas junio 2026: https://secretariadistritald.sharepoint.com/:f:/s/ContratacinSPI-2022/IgAnMRIcRxD2Qbc6UlerKp-YAYiBwuCCKX-JoMGnfG2yJnI?e=XOrFDl | D91: Reporte orientaciones junio 2026: https://secretariadistritald.sharepoint.com/:f:/s/ContratacinSPI-2022/IgCK6CVIrX7wQrIfl7qQH7VuARit4tMwo6iTGvEYq9ys1nU?e=XkbQ7b
A92: Julio | B92: PROGRAMACIÓN | C92: EJECUCIÓN | D92: PROGRAMACIÓN | E92: EJECUCIÓN | F92: PROGRAMACIÓN | G92: EJECUCIÓN | H92: PROGRAMACIÓN | I92: EJECUCIÓN
B93: 0.13 | C93: 0.13 | D93: 0.1 | E93: 0.1
A94: LOGROS Y BENEFICIOS Y RETRASOS Y ALTERNATIVAS DE SOLUCIÓN | B94: Durante el mes de julio se logró la cualificación de 262 mujeres en contenidos relacionados con derechos humanos, habilidades socioemocionales y gestión financiera para el empleo y el emprendimiento, avanzando de manera significativa en el cumplimiento de la meta programada para el periodo y registrando un rezago de ocho (8) mujeres. Este resultado responde a que el proceso de cualificación requiere un tiempo de participación y permanencia por parte de las mujeres, cuya continuidad depende de su decisión voluntaria y de las dinámicas propias de cada proceso formativo. No obstante, es importante resaltar que, aunque en julio se presentó esta diferencia frente a la meta mensual, el avance acumulado de la vigencia se mantiene por encima de la programación establecida, lo que evidencia un desempeño favorable de la Estrategia y permite proyectar el cumplimiento de la meta anual. Este avance fue posible gracias al fortalecimiento de las acciones de gestión y articulación territorial, orientadas a ampliar la difusión de la ruta de cualificación, acercar la oferta institucional a más mujeres y promover su vinculación efectiva a los procesos formativos. Estas acciones permitieron consolidar alianzas y espacios de coordinación que favorecieron una mayor cobertura y participación en los diferentes escenarios de intervención. Como parte de la implementación de la Estrategia, durante el periodo se desarrollaron 74 espacios de cualificación en modalidades presencial y virtual, que registraron un total de 1.068 asistencias. A través de estos espacios, las participantes fortalecieron conocimientos y competencias para el ejercicio de sus derechos, el desarrollo de habilidades socioemocionales y la adquisición de herramientas que favorecen su empleabilidad, el emprendimiento y la generación de ingresos, aportando al fortalecimiento de su autonomía económica. De manera complementaria, se consolidaron acciones de divulgación y acercamiento a la ciudadanía, ampliando el alcance de la oferta institucional en los territorios. Como resultado, se realizaron 158 registros de mujeres interesadas en vincularse a la ruta de cualificación mediante jornadas de difusión y atención ciudadana, fortaleciendo la identificación de potenciales participantes y promoviendo un mayor acceso a los servicios que ofrece la Estrategia | D94: En el mes de julio se brindaron 694 orientaciones a mujeres en diversos espacios de atención y articulación territorial. A través de estos encuentros se proporcionó información sobre la oferta de la Estrategia para la Autonomía Económica de las Mujeres, incluyendo la ruta de cualificación y el portafolio de alianzas, disponibles para fortalecer las oportunidades de empleo, emprendimiento y generación de ingresos. Estas acciones favorecieron el acercamiento de un mayor número de mujeres a los servicios institucionales, promoviendo su vinculación a los procesos de acompañamiento y formación orientados al fortalecimiento de su autonomía económica.
A96: EVIDENCIAS DE EJECUCIÓN | B96: 1. Base de datos mujeres cualificadas en julio 2026 https://secretariadistritald.sharepoint.com/:f:/s/ContratacinSPI-2022/IgACNZ9jJgc4QpJ4W6F-1-o5ATLDMMtaI0GApKqdkykLHqs?e=bcWlih | D96: 1. Base de datos orientaciones julio 2026 https://secretariadistritald.sharepoint.com/:f:/s/ContratacinSPI-2022/IgAbRIiBUhpyQbs94TkeQ5kBATt4gpaSq4QeCF-PKjaasXo?e=HtYb89
A97: Agosto | B97: PROGRAMACIÓN | C97: EJECUCIÓN | D97: PROGRAMACIÓN | E97: EJECUCIÓN | F97: PROGRAMACIÓN | G97: EJECUCIÓN | H97: PROGRAMACIÓN | I97: EJECUCIÓN
B98: 0.1 | C98: 0.1 | D98: 0.1 | E98: 0.1
A99: LOGROS Y BENEFICIOS Y RETRASOS Y ALTERNATIVAS DE SOLUCIÓN | B99: Durante el mes de agosto se logró la cualificación de 197 mujeres en contenidos relacionados con derechos humanos, habilidades socioemocionales y gestión financiera para el empleo y el emprendimiento, avanzando de manera significativa en el cumplimiento de la meta programada para el periodo. Este resultado responde a al proceso de cualificación y el tiempo de participación y permanencia de las mujeres, cuya continuidad depende de su decisión voluntaria y de las dinámicas propias de cada proceso formativo. Este avance fue posible gracias al fortalecimiento de las acciones de gestión y articulación territorial, orientadas a ampliar la difusión de la ruta de cualificación, acercar la oferta institucional a más mujeres y promover su vinculación efectiva a los procesos de cualificación. Estas acciones permitieron consolidar alianzas y espacios de coordinación que favorecieron una mayor cobertura y participación en los diferentes escenarios de intervención, como casas refugio, articulaciones institucionales y con colaboradora de las empresas. Como parte de la implementación de la Estrategia, durante el periodo se desarrollaron 83 espacios de cualificación en modalidades presencial y virtual, que registraron un total de 1.269 asistencias. A través de estos espacios, las participantes fortalecieron conocimientos y competencias para el ejercicio de sus derechos, el desarrollo de habilidades socioemocionales y la adquisición de herramientas que favorecen su empleabilidad, el emprendimiento y la generación de ingresos, aportando al fortalecimiento de su autonomía económica. De manera complementaria, se consolidaron acciones de divulgación y acercamiento a la ciudadanía, ampliando el alcance de la oferta institucional en los territorios. Como resultado, se realizaron 204 registros de mujeres interesadas en vincularse a la ruta de cualificación mediante jornadas de difusión y atención ciudadana, fortaleciendo la identificación de potenciales participantes y promoviendo un mayor acceso a los servicios que ofrece la Estrategia | D99: Durante agosto de 2026, se realizaron 633 orientaciones a mujeres en el marco de las acciones de atención y articulación desarrolladas en el territorio. Estas orientaciones permitieron identificar intereses y necesidades relacionadas con el acceso a oportunidades de empleo, emprendimiento y generación de ingresos, y brindar información pertinente sobre la oferta de la Estrategia para la Autonomía Económica de las Mujeres, incluyendo la ruta de cualificación y el portafolio de alianzas. Con este resultado, se fortaleció el acceso de las mujeres a la oferta disponible y se facilitaron mecanismos de vinculación a los servicios y procesos de acompañamiento de la Estrategia, contribuyendo al desarrollo de capacidades y a la generación de condiciones favorables para el fortalecimiento de su autonomía económica.
A100: EVIDENCIAS DE EJECUCIÓN | B100: Reporte mujeres cualificadas agosto 2026 https://secretariadistritald.sharepoint.com/:f:/s/ContratacinSPI-2022/IgCHw066y312QpvlI9jlSjutARbHYWlgzvlEGyHih4cWNZU?e=AA66rc | D100: Base de datos orientaciones agosto 2026 https://secretariadistritald.sharepoint.com/:f:/s/ContratacinSPI-2022/IgCNCtSMQTpKRaOnvwmpfjEEAa8TEBwpD4nKlTZGqxIsu8s?e=KmwNge
A101: Septiembre | B101: PROGRAMACIÓN | C101: EJECUCIÓN | D101: PROGRAMACIÓN | E101: EJECUCIÓN | F101: PROGRAMACIÓN | G101: EJECUCIÓN | H101: PROGRAMACIÓN | I101: EJECUCIÓN
B102: 0.1 | C102: 0.1 | D102: 0.1 | E102: 0.1
A103: LOGROS Y BENEFICIOS Y RETRASOS Y ALTERNATIVAS DE SOLUCIÓN | B103: La gestión local durante el transcurso de la vigencia 2026 ha estado dirigida a la difusión, el acceso y acompañamiento de las ciudadanas a la ruta de la Estrategia para la Autonomía Económica. en septiembre se cualificaron en herramientas para su autonomía a 297 ciudadanas. Esto ha sido posible a que la EAEM hace presencia en 19 localidades de la ciudad llevado la información del portafolio de oportunidades para la generación de ingresos a los diferentes espacios de relevancia para las mujeres. Así mismo se han garantizado 114 espacios de cualificación logrando asistencias de 1566 mujeres en espacios presenciales y virtuales, garantizando así, diferentes mecanismos para realizar la cualificación en herramientas para la autonomía económica con las mujeres de Bogotá. Para esto se han realizado acciones de dinamización territorial en la infraestructura de la entidad, espacios como las manzanas del cuidado, las Casas de Igualdad de Oportunidades, las Ferias de servicio, espacios locales conmemorativos y jornadas territoriales por sectores priorizados localmente, alcanzando 246 registros en el mes. Con respecto al tercer trimestre se han movilizado acciones de dinamización territorial, todo esto con el objetivo de impactar nuevos escenarios, promover el acceso a oportunidades y reconocimiento de la SDMujer con la ciudad que se describen a continuación: Casas Refugio, Cárcel El Buen Pastor, Cárcel Distrital de Hombres - Anexo de Mujeres, Consejo local de productividad y desarrollo, Centros de Inclusión Digital, Articulación con la Fundación Bamby - ICBF, Programa Jóvenes en Paz, Jardines infantiles del ICBF – Programa Pago por Resultados – Subdirección para Asuntos LGBTI (SDIS), Estrategia de Fortalecimiento a la Participación – Secretaría Distrital de la Mujer CIOM Suba / SENA: IPES Sector Educativo: Articulación orientada a la identificación y caracterización de ciudadanas interesadas en la oferta de la EAEM, así como a la identificación y postulación de emprendedoras para participar en la feria y rueda de negocios. Universidad Antonio Nariño, Universidad del Área Andina, Programa de Educación Flexible SDE en diferentes colegios y localidades de la ciudad, Universidad Colegio Mayor de Cundinamarca, Consultorio social Uniminuto sede Coprogreso, Universidad Pública de Kennedy, Programa Vidas Móviles de la Universidad Javeriana, Colegio Distrital Alberto Lleras Camargo. Llevando de esta manera herramientas para la autonomía económica para las mujeres en sus diferencias y diversidad, fortaleciendo la arquitectura institucional y el reconocimiento de la SDMujer en la ciudad. | D103: Durante el mes de septiembre de 2026, se logró orientar a 693 ciudadanas, fortaleciendo su acceso a la oferta de la Estrategia para la Autonomía Económica y brindando información sobre las diferentes oportunidades disponibles para el fortalecimiento de sus capacidades. Estas acciones permitieron acercar a las mujeres a alternativas de formación, empleabilidad, emprendimiento y generación de ingresos, así como brindar acompañamiento inicial para su vinculación a la ruta de cualificación, de acuerdo con sus intereses y necesidades. Este resultado contribuye al posicionamiento de la Estrategia en el territorio y a la ampliación del acceso de las mujeres, en sus diferencias y diversidad, a herramientas que favorecen el desarrollo de su autonomía económica.
A104: EVIDENCIAS DE EJECUCIÓN | B104: Matriz de mujeres cualificadas en septiembre2026. https://secretariadistritald.sharepoint.com/:f:/s/ContratacinSPI-2022/IgDLjKwINwoqS49ha7AQWgiMAQHa7dBiZDJ8oBAejoKMMlE?e=emD8iU | D104: Base de datos mujeres orientadas en septiembre 2026. https://secretariadistritald.sharepoint.com/:f:/s/ContratacinSPI-2022/IgDwAks80EXDRZtlvM36a29sAelj0Zn_cj_uonrERkxLXL8?e=pbVmXd
A105: Octubre | B105: PROGRAMACIÓN | C105: EJECUCIÓN | D105: PROGRAMACIÓN | E105: EJECUCIÓN | F105: PROGRAMACIÓN | G105: EJECUCIÓN | H105: PROGRAMACIÓN | I105: EJECUCIÓN
B106: 0.1 | D106: 0.12
A107: LOGROS Y BENEFICIOS Y RETRASOS Y ALTERNATIVAS DE SOLUCIÓN
A108: EVIDENCIAS DE EJECUCIÓN
A109: Noviembre | B109: PROGRAMACIÓN | C109: EJECUCIÓN | D109: PROGRAMACIÓN | E109: EJECUCIÓN | F109: PROGRAMACIÓN | G109: EJECUCIÓN | H109: PROGRAMACIÓN | I109: EJECUCIÓN
B110: 0.1 | D110: 0.1
A111: LOGROS Y BENEFICIOS Y RETRASOS Y ALTERNATIVAS DE SOLUCIÓN
A113: EVIDENCIAS DE EJECUCIÓN
A114: Diciembre | B114: PROGRAMACIÓN | C114: EJECUCIÓN | D114: PROGRAMACIÓN | E114: EJECUCIÓN | F114: PROGRAMACIÓN | G114: EJECUCIÓN | H114: PROGRAMACIÓN | I114: EJECUCIÓN
B115: 0.03 | D115: 0.05
A116: LOGROS Y BENEFICIOS Y RETRASOS Y ALTERNATIVAS DE SOLUCIÓN
...

Sheet Hoja de vida  (2)
F1: DIRECCIONAMIENTO ESTRATÉGICO
F3: HOJA DE VIDA DEL INDICADOR
A5: ASOCIACIÓN
A6: CLASIFICACIÓN | D6: Proyectos | I6: SUB CLASIFICACIÓN | K6: Planes
A7: CATEGORÍA | D7: Resultado | I7: TIPO | K7: Eficacia
A8: PROCESO AL QUE APORTA | D8: Desarrollo de capacidades para la vida de las mujeres | I8: DEPENDENCIAS | K8: Subsecretaría del Cuidado y Políticas de Igualdad
A9: IDENTIFICACIÓN
A10: ACTIVIDAD | E10: Cualificar 9.000 mujeres en sus diferencias y diversidad en herramientas para la autonomía económica.
A11: NOMBRE DEL INDICADOR | E11: Número de mujeres cualificadas en herramientas para la autonomía económica
A12: OBJETIVO DEL INDICADOR | E12: Determinar el número de mujeres cualificadas en herramientas para la autonomía económica .
A13: CÓDIGO DEL INDICADOR | D13: N.A. | I13: MÉTODO DE RECOLECCIÓN | K13: Estadísticas
A14: CRITERIO DEL ANÁLISIS
A15: TIPO DE CÁLCULO | D15: Simple | I15: FRECUENCIA DE MEDICIÓN | K15: Mensual
A16: META PROGRAMADA | D16: =[1]ACTIVIDAD_2!C37 -> 2930 | I16: TIPO DE ANUALIZACIÓN | K16: Suma
A17: RANGO DE GESTIÓN
A18: No. | B18: ALIAS | C18: VARIABLES | H18: DESCRIPCIÓN | J18: UNIDAD DE MEDIDA | L18: FUENTE
A19: 2 | B19: NA | C19: Mujeres cualificadas en sus diferencias y diversidad en herramientas para la autonomía económica | H19: Mujeres que han sido caracterizadas, que cuentan con hoja de ruta de cualificación y se les ha brindado acompañamiento durante su proceso de cualificación. | J19: Número | L19: Formatos hojas de ruta de mujeres
A20: No. | B20: FÓRMULA DEL INDICADOR | L20: UNIDAD DE MEDIDA FÓRMULA
A21: 1 | B21: Sumatoria de mujeres cualificadas | L21: Número
A22: DESCRIPCIÓN DEL INDICADOR
A23: LÍNEA BASE | D23: 1070 | F23: Año de linea base | H23: 2024 | I23: FUENTE DE VERIFICACIÓN | L23: Formatos hojas de ruta de mujeres
A24: ANÁLISIS DEL INDICADOR
A25: GLOSARIO DE TÉRMINOS
A26: OBSERVACIONES

Sheet ACTIVIDAD_3
B1: SECRETARÍA DISTRITAL DE LA MUJER | M1: Código: DE-FO-5
B2: DIRECCIONAMIENTO ESTRATEGICO | M2: Versión: 14
B3: PROGRAMACIÓN, ACTUALIZACIÓN Y SEGUIMIENTO PLAN DE ACCIÓN DE PROYECTOS DE INVERSIÓN | M3: Fecha de Emisión: 28/04/2025
B4: ACTIVIDADES | M4: Página 2 de 7
A6: PROYECTO DE INVERSIÓN | B6: 8232 - Implementación de estrategias para el empoderamiento económico de las mujeres en toda su diversidad en Bogotá D.C. | L6: BPIN | M6: 2024110010318
A8: PERIODO REPORTADO | B8: Enero | D8: Febrero | F8: Marzo | H8: Abril | J8: TIPO DE REPORTE | L8: FORMULACION
B9: Mayo | D9: Junio | F9: Julio | H9: Agosto | L9: ACTUALIZACION
B10: Septiembre | C10: X | D10: Octubre | F10: Noviembre | H10: Diciembre | L10: SEGUIMIENTO | M10: X
A12: ACTIVIDAD DEL PROYECTO | B12: Gestionar 1 portafolio de oportunidades a través de aliados públicos y privados para el empoderamiento y autonomía económica de las mujeres de Bogotá.
A16: PRODUCTO MGA | B16: Servicio de educación informal | G16: INDICADOR ACTIVIDAD | I16: Número de alianzas que contribuyan al empleo, la generación de ingresos y la formación de las mujeres en sus diferencias y diversidades para la gestión del portafolio de oportunidades
A18: OBJETIVO ESTRATÉGICO | B18: 3. Bogotá confía en su potencial | F18: PROGRAMA | G18: 3.20. Promoción del emprendimiento formal, equitativo e incluyente | J18: META PDD | K18: 192. Cualificar 9000 mujeres, en sus diferencias y diversidades, en herramientas para la autonomía económica.
A21: EJECUCIÓN PRESUPUESTAL DEL PROYECTO
A22: PRESUPUESTO ASIGNADO EN LA VIGENCIA ACTUAL (en pesos, sin decimales)
B23: Enero | C23: Febrero | D23: Marzo | E23: Abril | F23: Mayo | G23: Junio | H23: Julio | I23: Agosto | J23: Septiembre | K23: Octubre | L23: Noviembre | M23: Diciembre | N23: Total | O23: Porcentaje de ejecución
A24: PROGRAMACION DE COMPROMISOS | B24: 293491000 | C24: 0 | D24: 0 | E24: 0 | G24: 12594333 | H24: 0 | I24: 0 | J24: 0 | N24: =SUM(B24:M24) -> 306085333 | O24: 1
A25: COMPROMISOS | B25: 293491000 | C25: 0 | D25: -316667 | E25: 10085625 | F25: 0 | H25: 0 | I25: 0 | J25: 0 | N25: =SUM(B25:M25) -> 303259958 | O25: =N25/N24 -> 0.99076932
A26: GIROS | C26: 8604046 | D26: 29894754 | E26: 25520957 | F26: 25520957 | G26: 35606582 | H26: 25520957 | I26: 25520957 | J26: 25520957 | N26: =SUM(B26:M26) -> 201710167 | O26: =N26/N24 -> 0.65899978
A27: PROGRAMACIÓN RESERVAS | B27: 6000000 | C27: 8058000 | D27: 0 | E27: 0 | F27: 0 | G27: 0 | H27: 0 | I27: 0 | J27: 0 | N27: =SUM(B27:M27) -> 14058000 | O27: 1
A28: LIBERACION DE RESERVAS | D28: 0 | E28: 0 | F28: 0 | G28: 0 | H28: 0 | I28: 0 | J28: 612000 | N28: =SUM(B28:M28) -> 612000 | O28: =N28/N27 -> 0.043533931
A29: GIROS RESERVAS | B29: 7836000 | C29: 5610000 | D29: 0 | E29: 0 | F29: 0 | G29: 0 | H29: 0 | I29: 0 | J29: 0 | N29: =SUM(B29:M29) -> 13446000 | O29: =N29/N27 -> 0.95646607
A33: REPORTE ACTIVIDADES VIGENCIA (Ejecución vigencia)
A34: DESCRIPCION DE LA ACTIVIDAD | B34: =+B12 -> Gestionar 1 portafolio de oportunidades a través de aliados públicos y privados para el empoderamiento y autonomía económica de las mujeres de Bogotá.
A35: ANUALIZACIÓN DE LA ACTIVIDAD | B35: 2024 | C35: 2025 | D35: 2026 | E35: 2027 | F35: TOTAL PDD | G35: TIPO DE ANUALIZACIÓN | H35: Constante
B36: 1 | C36: 1 | D36: 1 | E36: 1 | F36: 1
A37: PONDERACIÓN ACTIVIDAD | B37: 0.22 | D37: DESCRIPCIÓN CUALITATIVA DEL AVANCE POR ACTIVIDAD
A38: ENERO | B38: PROGRAMACIÓN | C38: EJECUCIÓN | D38: AVANCES Y LOGROS MENSUAL (2.000 CARACTERES) | F38: AVANCES Y LOGROS ACUMULADO (2.000 CARACTERES) | H38: RETRASOS Y ALTERNATIVAS DE SOLUCIÓN (1.000 CARACTERES) | I38: BENEFICIOS
B39: 0 | C39: 0 | D39: No se programaron actividades para este periodo | F39: No se programaron actividades para este periodo | H39: N/A | I39: N/A
A40: FEBRERO | B40: PROGRAMACIÓN | C40: EJECUCIÓN | D40: AVANCES Y LOGROS MENSUAL (2.000 CARACTERES) | F40: AVANCES Y LOGROS ACUMULADO (2.000 CARACTERES) | H40: RETRASOS Y ALTERNATIVAS DE SOLUCIÓN (1.000 CARACTERES) | I40: BENEFICIOS
B41: 0.05 | C41: 0.05 | D41: Durante los meses de enero y febrero de 2026 se adelantó la gestión para la continuidad de las alianzas estratégicas de la Estrategia para la Autonomía Económica de las Mujeres con el propósito de consolidar el portafolio de oportunidades disponible para las mujeres de Bogotá. Como resultado de este proceso de articulación con aliados públicos y privados, se consolidaron 51 alianzas activas, orientadas a ampliar las oportunidades de acceso a empleo, formación y generación de ingresos. El portafolio se compone de 27 empresas con oportunidades de empleo, 5 empresas para generación de ingresos, 14 aliados de formación y 5 gremios empresariales,de los cuales la ANDI, comparte de manera permanente ofertas de empleo, lo que fortalece la articulación con el sector productivo y contribuye a promover mayores oportunidades para el empoderamiento y la autonomía económica de las mujeres en la ciudad. | F41: A febrero el cumplimiento de la actividad va en un 0,05 sobre el (1) uno programado para la vigencia 2026, a traves de la consolidación de 51 alianzas con el sector privado, que permitirán ampliar y fortalecer la oferta de oportunidades en materia de empleo, generación de ingresos, formación y articulación con gremios empresariales. | H41: N/A | I41: Actualmente se cuenta con 51 aliados del sector privado, consolidando un portafolio de ofertas a través del cual se lleva a las mujeres de Bogotá de manera permanente los programas de empleo y emprendimiento del distrito, generación de ingresos desde casa y programas de formación, que benefician a las mujeres en todas sus diferencias y diversidad, facilitando el acceso oportuno a la información y a herramientas de cualificación, contribuyendo así a su autonomía económica.
A42: MARZO | B42: PROGRAMACIÓN | C42: EJECUCIÓN | D42: AVANCES Y LOGROS MENSUAL (2.000 CARACTERES) | F42: AVANCES Y LOGROS ACUMULADO (2.000 CARACTERES) | H42: RETRASOS Y ALTERNATIVAS DE SOLUCIÓN (1.000 CARACTERES) | I42: BENEFICIOS
B43: 0.15 | C43: 0.15 | D43: Durante el mes de marzo de 2026, se avanzó en la gestión y fortalecimiento de las alianzas estratégicas establecidas con corte a 2025, priorizando su continuidad y consolidación. Como resultado de este proceso, se logró la permanencia de dos alianzas adicionales Xuss y WOK, alcanzando un total de 53 alianzas activas, lo que evidencia un crecimiento sostenido en la articulación interinstitucional para el desarrollo de acciones en favor de la autonomía económica de las mujeres en Bogotá. Estas alianzas se distribuyen de manera estratégica en diferentes líneas de intervención, permitiendo ampliar las oportunidades para las mujeres en diversos ámbitos. En el componente de empleo, se cuenta con la participación de 29 empresas que facilitan procesos de vinculación laboral; en generación de ingresos, 5 empresas apoyan el fortalecimiento de iniciativas productivas y emprendimientos; en formación, 14 empresas contribuyen al desarrollo de habilidades y competencias; y, finalmente, 5 gremios se articulan para potenciar el alcance y la sostenibilidad de estas acciones. | F43: A marzo el cumplimiento de la actividad va en un 0,2 sobre el (1) uno programado para la vigencia 2026, a traves de la consolidación de 53 alianzas con el sector privado, que permitirán ampliar y fortalecer la oferta de oportunidades en materia de empleo, generación de ingresos, formación y articulación con gremios empresariales. En marzo se avanzó en el fortalecimiento y ampliación de la red de aliados de la Estrategia, mediante la realización de 4 espacios de seguimiento con actores clave, así como la gestión de nuevas oportunidades con el sector privado a traves del desarrollo de 7 reuniones con posibles nuevos aliados. En marzo se realizaron tres (3) ferias territoriales de empleo en tres localiades de la ciudad y (2) ferias de generación de ingresos 1 feria con el aliado Hornitos y 1 propia realizada en el parque de los novios, en el marco del 8M dia internacional de la Mujer. | H43: N/A | I43: Actualmente se cuenta con 53 aliados del sector privado, consolidando un portafolio de ofertas, a través del cual se lleva a las mujeres de Bogotá de manera permanente a los programas de empleo y emprendimiento del distrito, oportunidades de empleo, emprendimiento, generación de ingresos desde casa y programas de formación, que benefician a las mujeres en todas sus diferencias y diversidad, facilitando el acceso oportuno a la información y a herramientas de cualificación, contribuyendo así a su autonomía económica.
A44: ABRIL | B44: EJECUCION | C44: EJECUCIÓN | D44: AVANCES Y LOGROS MENSUAL (2.000 CARACTERES) | F44: AVANCES Y LOGROS ACUMULADO (2.000 CARACTERES) | H44: RETRASOS Y ALTERNATIVAS DE SOLUCIÓN (1.000 CARACTERES) | I44: BENEFICIOS
B45: 0.05 | C45: 0.05 | D45: Durante este periodo se continuó fortaleciendo la gestión y sostenibilidad de alianzas estratégicas, así como la consolidación de nuevas articulaciones que actualmente se encuentran en proceso. Como resultado, a la fecha se cuenta con un total de 53 alianzas orientadas a promover oportunidades de empleo, generación de ingresos y formación para las mujeres de Bogotá, contribuyendo al fortalecimiento de su autonomía económica. Actualmente 29 de las alianzas corresponden a empresas que promueven oportunidades de empleo, 5 orientadas a la generación de ingresos, 14 enfocadas en procesos de formación y fortalecimiento de capacidades, y 5 articuladas con gremios. Estas alianzas han permitido ampliar las oportunidades para las mujeres de Bogotá, fortaleciendo su acceso a procesos de empleabilidad, emprendimiento y autonomía económica. | F45: A abril el cumplimiento de la actividad va en un 0,25 sobre el (1) uno programado para la vigencia 2026, a traves de la consolidación y mantenimiento de 53 alianzas con el sector privado, que permitirán ampliar y fortalecer la oferta de oportunidades en materia de empleo, generación de ingresos, formación y articulación con gremios empresariales. Asimismo, se contiua avanzando en el fortalecimiento y ampliación de la red de aliados de la Estrategia, mediante la realización de 4 espacios de seguimiento con actores clave, así como la gestión de nuevas oportunidades con el sector privado a traves del desarrollo de 7 reuniones con posibles nuevos aliados. A la fecha se han realizaron tres (3) ferias territoriales de empleo en tres localiades de la ciudad y (2) ferias de generación de ingresos 1 feria con el aliado Hornitos y 1 propia realizada en el parque de los novios, en el marco del 8M dia internacional de la Mujer. | H45: N/A | I45: Actualmente se cuenta con 53 aliados del sector privado, consolidando un portafolio de ofertas, a través del cual se lleva a las mujeres de Bogotá de manera permanente a los programas de empleo y emprendimiento del distrito, oportunidades de empleo, emprendimiento, generación de ingresos desde casa y programas de formación, que benefician a las mujeres en todas sus diferencias y diversidad, facilitando el acceso oportuno a la información y a herramientas de cualificación, contribuyendo así a su autonomía económica.
A46: MAYO | B46: PROGRAMACIÓN | C46: EJECUCIÓN | D46: AVANCES Y LOGROS MENSUAL (2.000 CARACTERES) | F46: AVANCES Y LOGROS ACUMULADO (2.000 CARACTERES) | H46: RETRASOS Y ALTERNATIVAS DE SOLUCIÓN (1.000 CARACTERES) | I46: BENEFICIOS
B47: 0.05 | C47: 0.05 | D47: Durante el mes de mayo de 2026 se dio continuidad a la gestión de alianzas estratégicas orientadas a fortalecer la autonomía económica de las mujeres de Bogotá, mediante el seguimiento a las alianzas activas con cierre a 2025 y la consolidación de nuevas articulaciones. Como resultado, se logró la continuidad de una alianza adicional y la formalización de dos nuevas alianzas, alcanzando un total de 56 alianzas vigentes. Estas alianzas se distribuyen en 31 empresas vinculadas a procesos de empleo, 5 empresas para generación de ingresos, 15 entidades de formación y 5 gremios, ampliando las oportunidades de acceso de las mujeres a procesos de vinculación laboral, fortalecimiento de capacidades y desarrollo de iniciativas productivas. | F47: A mayo el cumplimiento de la actividad va en un 0,3 sobre el (1) uno programado para la vigencia 2026, a traves de la consolidación y mantenimiento de 56 alianzas con el sector privado, que permitirán ampliar y fortalecer la oferta de oportunidades en materia de empleo, generación de ingresos, formación y articulación con gremios empresariales. Asimismo, se contiua avanzando en el fortalecimiento y ampliación de la red de aliados de la Estrategia, mediante la realización de 4 espacios de seguimiento con actores clave, así como la gestión de nuevas oportunidades con el sector privado a traves del desarrollo de 7 reuniones con posibles nuevos aliados. A la fecha se han realizaron tres (3) ferias territoriales de empleo en tres localiades de la ciudad y (3) ferias de generación de ingresos 1 feria con el aliado Hornitos 1 propia realizada en el Parque de los Novios, en el marco del 8M Dia Internacional de la Mujer y 1 feria con el aliando WOM. | H47: NA | I47: Actualmente se cuenta con 56 aliados del sector privado, consolidando un portafolio de ofertas, a través del cual se lleva a las mujeres de Bogotá de manera permanente a los programas de empleo y emprendimiento del distrito, oportunidades de empleo, emprendimiento, generación de ingresos desde casa y programas de formación, que benefician a las mujeres en todas sus diferencias y diversidad, facilitando el acceso oportuno a la información y a herramientas de cualificación, contribuyendo así a su autonomía económica.
A48: JUNIO | B48: PROGRAMACIÓN | C48: EJECUCIÓN | D48: AVANCES Y LOGROS MENSUAL (2.000 CARACTERES) | F48: AVANCES Y LOGROS ACUMULADO (2.000 CARACTERES) | H48: RETRASOS Y ALTERNATIVAS DE SOLUCIÓN (1.000 CARACTERES) | I48: BENEFICIOS
B49: 0.15 | C49: 0.15 | D49: Durante el mes de junio se dio continuidad a la gestión y fortalecimiento de las alianzas con el sector privado, mediante el seguimiento a las alianzas activas y la consolidación de nuevas articulaciones, de las cuales se espera obtener nuevas alianzas. Como resultado, se alcanzó un total de 56 alianzas, distribuidas en 31 para empleo, 5 para generación de ingresos, 15 para formación y 5 con gremios, ampliando el portafolio de oportunidades para que las mujeres de Bogotá, que les permita acceder a procesos de empleabilidad y fortalecimiento de emprendimientos, en el marco de su autonomía económica. | F49: A junio el cumplimiento de la actividad va en un 0,45 sobre el (1) uno programado para la vigencia 2026, a traves de la consolidación y mantenimiento de 56 alianzas con el sector privado, que permitirán ampliar y fortalecer la oferta de oportunidades en materia de empleo, generación de ingresos, formación y articulación con gremios empresariales. Asimismo, se contiua avanzando en el fortalecimiento y ampliación de la red de aliados de la Estrategia, mediante la realización de 8 espacios de seguimiento con actores clave, así como la gestión de nuevas oportunidades con el sector privado a traves del desarrollo de 9 reuniones con posibles nuevos aliados. A la fecha se han realizaron tres (3) ferias territoriales de empleo en tres localiades de la ciudad y (4) ferias de generación de ingresos: (1) feria propia realizada en el Parque de los Novios, en el marco del 8M Dia Internacional de la Mujer y (3) ferias o espacios de comercialización para emprendedoras de la EAE, mediante la articulación con aliados del sector privado Hornitos y 2 con WOM. | H49: N/A | I49: Actualmente se cuenta con 56 aliados del sector privado, consolidando un portafolio de ofertas, a través del cual se lleva a las mujeres de Bogotá de manera permanente a los programas de empleo y emprendimiento del distrito, oportunidades de empleo, emprendimiento, generación de ingresos desde casa y programas de formación, que benefician a las mujeres en todas sus diferencias y diversidad, facilitando el acceso oportuno a la información y a herramientas de cualificación, contribuyendo así a su autonomía económica.
A50: JULIO | B50: PROGRAMACIÓN | C50: EJECUCIÓN | D50: AVANCES Y LOGROS MENSUAL (2.000 CARACTERES) | F50: AVANCES Y LOGROS ACUMULADO (2.000 CARACTERES) | H50: RETRASOS Y ALTERNATIVAS DE SOLUCIÓN (1.000 CARACTERES) | I50: BENEFICIOS
B51: 0.05 | C51: 0.05 | D51: Durante el mes de julio de 2026 se continuó fortaleciendo el trabajo articulado con el sector público, privado y gremial, mediante el seguimiento a las alianzas activas provenientes del cierre de la vigencia 2025 y la consolidación de nuevas oportunidades de cooperación. Gracias a esta gestión, la Estrategia para la Autonomía Económica alcanzó un total de 58 alianzas vigentes, las cuales amplían las oportunidades para que las mujeres de Bogotá accedan a procesos de formación, oportunidades laborales y alternativas para fortalecer sus iniciativas de generación de ingresos. Del total de alianzas, 32 corresponden a empresas que promueven oportunidades de empleo, 5 a empresas que impulsan la generación de ingresos, 16 a organizaciones que ofrecen procesos de cualificación, y 5 a gremios que contribuyen a fortalecer la articulación con el sector productivo. Este avance refleja el compromiso permanente de la Estrategia por construir relaciones de cooperación que permitan acercar una oferta más amplia y pertinente a las mujeres en su diversidad, contribuyendo al fortalecimiento de su autonomía económica y a la generación de mayores oportunidades para el ejercicio de sus proyectos de vida. | F51: A julio el cumplimiento de la actividad va en un 0,5 sobre el (1) uno programado para la vigencia 2026, a traves de la consolidación y mantenimiento de 58 alianzas con el sector privado, que permitirán ampliar y fortalecer la oferta de oportunidades en materia de empleo, generación de ingresos, formación y articulación con gremios empresariales. Asimismo, se contiua avanzando en el fortalecimiento y ampliación de la red de aliados de la Estrategia, mediante la realización de 8 espacios de seguimiento con actores clave, así como la gestión de nuevas oportunidades con el sector privado a traves del desarrollo de 9 reuniones con posibles nuevos aliados. A la fecha se han realizaron tres (3) ferias territoriales de empleo en tres localiades de la ciudad y (8) ferias de generación de ingresos: (1) feria propia realizada en el Parque de los Novios, en el marco del 8M Dia Internacional de la Mujer y (7) ferias o espacios de comercialización para emprendedoras de la EAE, mediante la articulación con aliados del sector privado Hornitos, 2 con WOM, Camara de Comercio de Bogotá (We Trade y Mas Talante), MUEVE USME y MUEVE FONTIBON. | H51: N/A | I51: Actualmente se cuenta con 58 aliados del sector privado, consolidando un portafolio de ofertas, a través del cual se lleva a las mujeres de Bogotá de manera permanente a los programas de empleo y emprendimiento del distrito, oportunidades de empleo, emprendimiento, generación de ingresos desde casa y programas de formación, que benefician a las mujeres en todas sus diferencias y diversidad, facilitando el acceso oportuno a la información y a herramientas de cualificación, contribuyendo así a su autonomía económica.
A52: AGOSTO | B52: PROGRAMACIÓN | C52: EJECUCIÓN | D52: AVANCES Y LOGROS MENSUAL (2.000 CARACTERES) | F52: AVANCES Y LOGROS ACUMULADO (2.000 CARACTERES) | H52: RETRASOS Y ALTERNATIVAS DE SOLUCIÓN (1.000 CARACTERES) | I52: BENEFICIOS
B53: 0.05 | C53: 0.05 | D53: Durante el mes de agosto de 2026, se dio continuidad a la gestión y fortalecimiento de las alianzas activas con cierre a 2025, así como a la vinculación de nuevas empresas aliadas, alcanzando un total de 60 alianzas. En particular, durante este periodo se incorporaron dos (2) nuevas alianzas en la línea de empleo: Grupo Éxito y Listos Nuevas Generaciones, ampliando la oferta de oportunidades laborales dirigida a las mujeres de Bogotá. La distribución de las alianzas gestionadas por línea de acción es la siguiente: Empleo:34 empresas, incluyendo las dos nuevas alianzas vinculadas durante agosto, generación de ingresos: 5 empresas, formación: 16 empresas y gremios: 5 gremios. La consolidación y ampliación de estas alianzas contribuye al fortalecimiento de la oferta institucional y privada dirigida a las mujeres de Bogotá, facilitando su acceso a oportunidades de empleo, generación de ingresos y formación, y aportando al fortalecimiento de su autonomía económica y participación en el mercado laboral. | F53: A agosto el cumplimiento de la actividad va en un 0,55 sobre el (1) uno programado para la vigencia 2026, a traves de la consolidación y mantenimiento de 60 alianzas con el sector privado, que permitirán ampliar y fortalecer la oferta de oportunidades en materia de empleo, generación de ingresos, formación y articulación con gremios empresariales. Asimismo, se contiua avanzando en el fortalecimiento y ampliación de la red de aliados de la Estrategia, mediante la realización de 8 espacios de seguimiento con actores clave, así como la gestión de nuevas oportunidades con el sector privado a traves del desarrollo de 9 reuniones con posibles nuevos aliados. A la fecha se han realizado: *Tres (3) ferias territoriales de empleo en tres localiades de la ciudad *Once (11) ferias de generación de ingresos asi: (7) ferias o espacios de comercialización para emprendedoras de la EAE, mediante la articulación con aliados del sector privado Hornitos, 2 con WOM, Camara de Comercio de Bogotá (We Trade y Mas Talante), MUEVE USME y MUEVE FONTIBON. (4) ferias propias: (1) Parque de los Novios, en el marco del 8M Dia Internacional de la Mujer (2) Centro Comercial Gran Estacion y (1) en Hayuelos Centro Comercial. | H53: N/A | I53: Actualmente se cuenta con 60 aliados del sector privado, consolidando un portafolio de ofertas, a través del cual se lleva a las mujeres de Bogotá de manera permanente a los programas de empleo y emprendimiento del distrito, oportunidades de empleo, emprendimiento, generación de ingresos desde casa y programas de formación, que benefician a las mujeres en todas sus diferencias y diversidad, facilitando el acceso oportuno a la información y a herramientas de cualificación, contribuyendo así a su autonomía económica.
A54: SEPTIEMBRE | B54: PROGRAMACIÓN | C54: EJECUCIÓN | D54: AVANCES Y LOGROS MENSUAL (2.000 CARACTERES) | F54: AVANCES Y LOGROS ACUMULADO (2.000 CARACTERES) | H54: RETRASOS Y ALTERNATIVAS DE SOLUCIÓN (1.000 CARACTERES) | I54: BENEFICIOS
B55: 0.15 | C55: 0.15 | D55: Durante septiembre de 2026, la Estrategia para la Autonomía Económica de las Mujeres fortaleció su red de alianzas estratégicas, consolidando 62 alianzas orientadas a ampliar y diversificar las oportunidades de acceso a empleo, generación de ingresos, formación y articulación gremial para las mujeres de Bogotá. Este resultado se alcanzó mediante la continuidad de las alianzas activas con cierre a 2025 y la vinculación de nuevas organizaciones, entre ellas NOVUS ESTRATEGIAS e INSTITUTO IXVOS, incorporadas en la línea de formación. La red consolidada está conformada por 34 empresas en empleo, 5 en generación de ingresos, 18 en formación y 5 gremios, fortaleciendo las posibilidades de las mujeres para desarrollar sus capacidades, mejorar sus competencias, acceder a oportunidades de inserción laboral y fortalecer sus iniciativas de generación de ingresos, contribuyendo así al avance de su autonomía económica. | F55: A septiembre el cumplimiento de la actividad va en un 0,7 sobre el (1) uno programado para la vigencia 2026, a traves de la consolidación y mantenimiento de 62 alianzas con el sector privado, que permitirán ampliar y fortalecer la oferta de oportunidades en materia de empleo, generación de ingresos, formación y articulación con gremios empresariales. Asimismo, se contiua avanzando en el fortalecimiento y ampliación de la red de aliados de la Estrategia, mediante la realización de 10 espacios de seguimiento con actores clave, así como la gestión de nuevas oportunidades con el sector privado a traves del desarrollo de 14 reuniones con posibles nuevos aliados. A la fecha se han realizado: *Tres (3) ferias territoriales de empleo en tres localiades de la ciudad *Catorce (14) ferias de generación de ingresos asi: (9) ferias o espacios de comercialización para emprendedoras de la EAE, mediante la articulación con aliados del sector privado: 1 Hornitos, 2 con WOM, 3 con Camara de Comercio de Bogotá (We Trade, Mas Talante y Feria del Hogar), 1 MUEVE USME, 1 MUEVE FONTIBON y 1 DIAGEO. (5) ferias propias: (1) Parque de los Novios, en el marco del 8M Dia Internacional de la Mujer (2) Centro Comercial Gran Estacion, (1) en Hayuelos Centro Comercial y (1) en el Edificio Elemento. Beneficiando a la fecha a 139 mujeres emprendedoras, rgistrado un total de ventas de $ 122.712.190 pesos | H55: N/A | I55: Actualmente se cuenta con 62 aliados del sector privado, consolidando un portafolio de ofertas, a través del cual se lleva a las mujeres de Bogotá de manera permanente a los programas de empleo y emprendimiento del distrito, oportunidades de empleo, emprendimiento, generación de ingresos desde casa y programas de formación, que benefician a las mujeres en todas sus diferencias y diversidad, facilitando el acceso oportuno a la información y a herramientas de cualificación, contribuyendo así a su autonomía económica.
A56: OCTUBRE | B56: PROGRAMACIÓN | C56: EJECUCIÓN | D56: AVANCES Y LOGROS MENSUAL (2.000 CARACTERES) | F56: AVANCES Y LOGROS ACUMULADO (2.000 CARACTERES) | H56: RETRASOS Y ALTERNATIVAS DE SOLUCIÓN (1.000 CARACTERES) | I56: BENEFICIOS
B57: 0.05
A58: NOVIEMBRE | B58: PROGRAMACIÓN | C58: EJECUCIÓN | D58: AVANCES Y LOGROS MENSUAL (2.000 CARACTERES) | F58: AVANCES Y LOGROS ACUMULADO (2.000 CARACTERES) | H58: RETRASOS Y ALTERNATIVAS DE SOLUCIÓN (1.000 CARACTERES) | I58: BENEFICIOS
B59: 0.1
A60: DICIEMBRE | B60: PROGRAMACIÓN | C60: EJECUCIÓN | D60: AVANCES Y LOGROS MENSUAL (2.000 CARACTERES) | F60: AVANCES Y LOGROS ACUMULADO (2.000 CARACTERES) | H60: RETRASOS Y ALTERNATIVAS DE SOLUCIÓN (1.000 CARACTERES) | I60: BENEFICIOS
B61: 0.15
B62: =B39+B41+B43+B45+B47+B49+B51+B53+B55+B57+B59+B61 -> 1 | C62: =C39+C41+C43+C45+C47+C49+C51+C53+C55+C57+C59+C61 -> 0.7
A65: DESCRIPCIÓN CUALITATIVA Y PORCENTUAL DEL AVANCE POR TAREA
A66: DESCRIPCIÓN DE LA TAREA | B66: Tarea 1.Gestionar alianzas que contribuyan a la consolidación de la autonomía económica de las mujeres en sus diferencias y diversidad. | D66: Tarea 2. Realizar el seguimiento a los aliados que integran el portafolio de oportunidades para la autonomía económica de las mujeres en sus diferencias y diversidad. | F66: Tarea 3 | H66: Tarea 4
A67: PONDERACIÓN DE LA TAREA | B67: 0.15 | D67: 0.07
A68: Enero | B68: PROGRAMACIÓN | C68: EJECUCIÓN | D68: PROGRAMACIÓN | E68: EJECUCIÓN | F68: PROGRAMACIÓN | G68: EJECUCIÓN | H68: PROGRAMACIÓN | I68: EJECUCIÓN
B69: 0 | C69: 0 | D69: 0 | E69: 0
A70: LOGROS Y BENEFICIOS Y RETRASOS Y ALTERNATIVAS DE SOLUCIÓN | B70: No se programaron actividades para este periodo | D70: No se programaron actividades para este periodo
A71: EVIDENCIAS DE EJECUCIÓN
A72: Febrero | B72: PROGRAMACIÓN | C72: EJECUCIÓN | D72: PROGRAMACIÓN | E72: EJECUCIÓN | F72: PROGRAMACIÓN | G72: EJECUCIÓN | H72: PROGRAMACIÓN | I72: EJECUCIÓN
B73: 0.05 | C73: 0.05 | D73: 0 | E73: 0
A74: LOGROS Y BENEFICIOS Y RETRASOS Y ALTERNATIVAS DE SOLUCIÓN | B74: Durante los meses de enero y febrero de 2026 se consolidaron un total de 51 alianzas. A continuación, se presenta la distribución de las alianzas de empleo, generación de ingresos y formación para las mujeres de Bogotá, contribuyendo así con su autonomía económica. Empleo: 27 empresas. Generación de ingresos: 5 empresas. Formación: 14 empresas.Gremios: 5 gremios, de los cuales la ANDI, comparte de manera permanente ofertas de empleo, por lo cual la difución de la oferta se hace a traves de la ficha de caracterizción. Se adelantó el proceso de revisión, seguimiento y gestión de continuidad de las alianzas establecidas por la Estrategia con corte a 2025. Este proceso implicó el contacto y articulación con los aliados institucionales y empresariales, con el propósito de ratificar su participación durante la vigencia 2026, esto permitió actualizar las modalidades de vinculación y consolidar las oportunidades disponibles para las mujeres participantes de la Estrategia. Este avance fortalece la red de cooperación público-privada de la Estrategia permitiendo diversificar las oportunidades disponibles para las mujeres de Bogotá y mejorar sus posibilidades de acceso a empleo, formación y alternativas de generación de ingresos, contribuyendo de manera directa en su empoderamiento y autonomía económica. | D74: No se programaron actividades para este periodo
A75: EVIDENCIAS DE EJECUCIÓN | B75: 2. Seguimiento Plan de Acción 8232_Febrero 2026 | D75: N/A
A76: Marzo | B76: PROGRAMACIÓN | C76: EJECUCIÓN | D76: PROGRAMACIÓN | E76: EJECUCIÓN | F76: PROGRAMACIÓN | G76: EJECUCIÓN | H76: PROGRAMACIÓN | I76: EJECUCIÓN
B77: 0.05 | C77: 0.05 | D77: 0.25 | E77: 0.25
A78: LOGROS Y BENEFICIOS Y RETRASOS Y ALTERNATIVAS DE SOLUCIÓN | B78: Durante el mes de marzo de 2026, se continuó la gestión de las alianzas con cierre a 2025, para establecer su continuidad logrando la continuidad de dos alianzas adicionales, alcanzando así un total de 53 alianzas. A continuación, se presenta la distribución de las alianzas de empleo, generación de ingresos y formación para las mujeres de Bogotá, contribuyendo así con su autonomía económica. Empleo: 29 empresas* Generación de ingresos: 5 empresas Formación: 14 empresas* Gremios: 5 gremios *Es importante aclarar que la ANDI si bien es un gremio, la ficha se encuentra en empleo, dado que sus ofertas se divulgan directamente bajo esta modalidad * Se precisa que la Cámara de Comercio de Bogotá no cuenta con una ficha de caracterización, porque se está formalizando un memorando de entendimiento. Su oferta va dirijida a una ruta de emprendimiento, establecida por cliclos de formación de 8 talleres, implementados de manera periodica en la diferentes localidades de Bogotá. | D78: Durante el mes de marzo se realizaron cuatro (4) reuniones de seguimiento con aliados de la Estrategia: 1. COLSUBSIDIO 06/03/2026 2. WOM 19/03/2026 3. DIAGEO 30/03/2026 4. MIBANCO 30/03/2026 Se llevaron a cabo siete (7) reuniones para posibles nuevas oportunidades para la autonomía económica de las mujeres durante el mes de marzo con las siguientes empresas: 1. VISUAL CORE GLOBAL 05/03/2026 2. NEQUI 11/03/2026 3. EQUIRENT 11/03/2026 4. SUPERRICAS 11/03/2026 5. COLVATEL 16/03/2026 6. SAINT GOBAIN 24/03/2026 7. GHL 27/03/2026 Durante el mes de marzo se realizaron tres (3) ferias territoriales de empleo y generación de ingresos en las localidades de: 1. USME con la participación del aliado MUEVE USME 6/03/2026 2. USAQUEN con la participación de los aliados OXXO y ARA 12/03/2026 3. SAN CRISTOBAL con la participación del aliado DICO.20/03/2026 Finalmente, en el mes de marzo se gestionó un (1) espacio de comercialización y/o ferias para emprendedoras de la EAE, mediante articulación con aliados del sector privado a través de los cuales se beneficiaron 4 mujeres con un valor de ventas totales de $431.000: - DICO 20/03/2026
A80: EVIDENCIAS DE EJECUCIÓN | B80: 1. Fichas de caracterización de las ofertas (Excel) 2. Piezas gremios 3. Cuadro alianzas Fichas y Orfeos (Excel) https://secretariadistritald.sharepoint.com/:f:/s/ContratacinSPI-2022/IgCGHzQqDyeVTrQYVhRoGuw9AdITi1OerE4w6hG5ILMSYAk?e=tkau0y | D80: 1. Actas reuniones de seguimiento. 2. Actas reuniones con posibles empresas aliadas 3. Prechequeo eventos presenciales (excel). 4. Seguimiento direccionamiento de oportunidades emprendimiento (Excel) https://secretariadistritald.sharepoint.com/:f:/s/ContratacinSPI-2022/IgCGHzQqDyeVTrQYVhRoGuw9AdITi1OerE4w6hG5ILMSYAk?e=tkau0y
A81: Abril | B81: PROGRAMACIÓN | C81: EJECUCIÓN | D81: PROGRAMACIÓN | E81: EJECUCIÓN | F81: PROGRAMACIÓN | G81: EJECUCIÓN | H81: PROGRAMACIÓN | I81: EJECUCIÓN
B82: 0.1 | C82: 0.1 | D82: 0 | E82: 0
A83: LOGROS Y BENEFICIOS Y RETRASOS Y ALTERNATIVAS DE SOLUCIÓN | B83: Durante el mes de abril de 2026, se continuó la gestión de nuevas alianzas que aún no se han concretado por lo cual, se cuenta con un total de 53 alianzas. A continuación, se presenta la distribución de las alianzas de empleo, generación de ingresos y formación para las mujeres de Bogotá, contribuyendo así con su autonomía económica. Empleo: 29 empresas Generación de ingresos: 5 empresas Formación: 14 empresas Gremios: 5 gremios *Es importante aclarar que si bien la ANDI es un gremio, la ficha se encuentra en empleo dado que sus ofertas se divulgan directamente bajo esta modalidad. *Se precisa que la Cámara de Comercio de Bogotá, no cuenta con una ficha de caracterización porque se está formalizando un memorando de entendimiento. Su oferta va dirigida a una ruta de emprendimiento, establecida por ciclos de formación de 8 talleres, implementados de manera periódica en las diferentes localidades de Bogotá. Actualmente se inició con 7 localidades (Ciudad Bolívar, Engativá, Suba, Fontibón, Kennedy, San Cristóbal, Usaquén). | D83: No se programaron actividades para este periodo
A84: EVIDENCIAS DE EJECUCIÓN | B84: 1. Fichas de caracterización de las ofertas (Excel) 2. Piezas gremios 3. Cuadro alianzas Fichas y Orfeos (Excel) https://secretariadistritald.sharepoint.com/:f:/s/ContratacinSPI-2022/IgAa1OzTN2nDSISgZeyQOVzPAX5ZgBe5_OLk-OLoroiwPFM?e=gONImQ | D84: N/A
A85: Mayo | B85: PROGRAMACIÓN | C85: EJECUCIÓN | D85: PROGRAMACIÓN | E85: EJECUCIÓN | F85: PROGRAMACIÓN | G85: EJECUCIÓN | H85: PROGRAMACIÓN | I85: EJECUCIÓN
B86: 0.1 | C86: 0.1 | D86: 0 | E86: 0
A87: LOGROS Y BENEFICIOS Y RETRASOS Y ALTERNATIVAS DE SOLUCIÓN | B87: Durante el mes de mayo de 2026, se continuó la gestión de alianzas activas con cierre a 2025 y de nuevas alianzas, logrando la continuidad de una alianza adicional y la concreción de dos nuevas alianzas, alcanzando un total de 56 alianzas. A continuación, se presenta la distribución de las alianzas de empleo, generación de ingresos y formación para las mujeres de Bogotá, contribuyendo así con su autonomía económica. Empleo: 31 empresas Generación de ingresos: 5 empresas Formación: 15 empresas Gremios: 5 gremios *Es importante aclarar que, si bien la ANDI es un gremio, la ficha se encuentra en empleo dado que sus ofertas se divulgan directamente bajo esta modalidad. **También se precisa que la Cámara de Comercio de Bogotá, no cuenta con una ficha de caracterización porque se formalizó mediante un memorando de entendimiento. Su oferta va dirigida a una ruta de emprendimiento, establecida por ciclos de formación de 8 talleres, implementados de manera periódica en las diferentes localidades de Bogotá. | D87: No se programaron actividades para este periodo
A88: EVIDENCIAS DE EJECUCIÓN | B88: 1. Fichas de caracterización de las ofertas (Excel) 2. Piezas gremios 3. Cuadro alianzas Fichas y Orfeos (Excel) https://secretariadistritald.sharepoint.com/:f:/s/ContratacinSPI-2022/IgCKjCDGY3NKTKg5VwDBE4dbAYVeNolbotlratcPYGWxk7o?e=xrkxJN | D88: N/A
A89: Junio | B89: PROGRAMACIÓN | C89: EJECUCIÓN | D89: PROGRAMACIÓN | E89: EJECUCIÓN | F89: PROGRAMACIÓN | G89: EJECUCIÓN | H89: PROGRAMACIÓN | I89: EJECUCIÓN
B90: 0.1 | C90: 0.1 | D90: 0.25 | E90: 0.25
A91: LOGROS Y BENEFICIOS Y RETRASOS Y ALTERNATIVAS DE SOLUCIÓN | B91: Durante el mes de junio de 2026, se continuó la gestión de alianzas activas con cierre a la vigencia anterior y de nuevas alianzas, alcanzando un total de 56 alianzas. A continuación, se presenta la distribución de las alianzas de empleo, generación de ingresos y formación para las mujeres de Bogotá, contribuyendo así con su autonomía económica. Empleo: 31 empresas Generación de ingresos: 5 empresas Formación: 15 empresas Gremios: 5 gremios Es importante aclarar que, si bien la ANDI es un gremio, la ficha se encuentra en empleo dado que sus ofertas se divulgan directamente bajo esta modalidad. También se precisa que la Cámara de Comercio de Bogotá, no cuenta con una ficha de caracterización porque se formalizó mediante un memorando de entendimiento. Su oferta va dirigida a una ruta de emprendimiento, establecida por ciclos de formación de 8 talleres, implementados de manera periódica en las diferentes localidades de Bogotá. | D91: Durante el mes de junio se realizaron cuatro (4) reuniones de seguimiento con aliados de la Estrategia: 1. ELEMPLEO.COM 20260602 2. SENA 20260616 3. ELEMPLEO.COM 20260617 4. IMPACTHUB 30/06/2026 Se llevaron a cabo dos (2) reuniones para posibles nuevas oportunidades para la autonomía económica de las mujeres durante el mes de junio con las siguientes entidades y empresas: 1. CONSORCIO 2AC 20260602 2. FUNDACION WWB 20260623 Durante el mes de junio se gestionó un (1) espacio de comercialización y/o ferias para emprendedoras de la EAE, mediante articulación con aliados del sector privado a través de los cuales se beneficiaron 5 mujeres con un valor de ventas totales de $445.600: - WOM 2026/06/16 – 2026/06/17
A92: EVIDENCIAS DE EJECUCIÓN | B92: 1. Fichas de caracterización de las ofertas (Excel) 2. Piezas gremios 3. Cuadro alianzas Fichas y Orfeos (Excel) https://secretariadistritald.sharepoint.com/:f:/s/ContratacinSPI-2022/IgAgYTMPb7gVT6io_63_gz3xAYSoGXqIexiMkFp877rpuJ8?e=ULAvpX | D92: 1. Actas reuniones de seguimiento. 2. Actas reuniones con posibles empresas aliadas 3. Seguimiento direccionamiento de oportunidades emprendimiento (Excel) https://secretariadistritald.sharepoint.com/:f:/s/ContratacinSPI-2022/IgBkZBCjtAw2R6MMEUaA95SfAYi0C3MURXkS7yTjd4dYh84?e=YLyRTw
A93: Julio | B93: PROGRAMACIÓN | C93: EJECUCIÓN | D93: PROGRAMACIÓN | E93: EJECUCIÓN | F93: PROGRAMACIÓN | G93: EJECUCIÓN | H93: PROGRAMACIÓN | I93: EJECUCIÓN
B94: 0.1 | C94: 0.1 | D94: 0 | E94: 0
A95: LOGROS Y BENEFICIOS Y RETRASOS Y ALTERNATIVAS DE SOLUCIÓN | B95: Durante el mes de julio de 2026, se continuó la gestión de alianzas activas con cierre a 2025 y de nuevas alianzas, alcanzando un total de 58 alianzas. A continuación, se presenta la distribución de las alianzas de empleo, generación de ingresos y formación para las mujeres de Bogotá, contribuyendo así con su autonomía económica. Empleo: 32 empresas Generación de ingresos: 5 empresas Formación: 16 empresas Gremios: 5 gremios Es importante aclarar que, si bien la ANDI es un gremio, la ficha se encuentra en empleo dado que sus ofertas se divulgan directamente bajo esta modalidad. También se precisa que la Cámara de Comercio de Bogotá, no cuenta con una ficha de caracterización porque se formalizó mediante un memorando de entendimiento. Su oferta va dirigida a una ruta de emprendimiento, establecida por ciclos de formación de 8 talleres, implementados de manera periódica en las diferentes localidades de Bogotá Asi mismo, duranrte este periodo se llevaron a cabo 4 ferias / espacios de comercialización, mediante la articulación con aliados del sector privado como son: Camara de Comercio de Bogotá (We Trade y Mas Talante), MUEVE USME y MUEVE FONTIBON, logrando beneficiar a 18 mujeres, registrando una ventas de $ 8.122.400 pesos. | D95: No se programaron actividades para este periodo
A96: EVIDENCIAS DE EJECUCIÓN | B96: 1. Fichas de caracterización de las ofertas (Excel) 2. Piezas gremios 3. Cuadro alianzas Fichas y Orfeos (Excel) https://secretariadistritald.sharepoint.com/:f:/s/ContratacinSPI-2022/IgAdcAi-lkGqR5sA946UkgbiAcghq0TsLb5yzXWLw0BC4zE?e=cLspQu | D96: N/A
A97: Agosto | B97: PROGRAMACIÓN | C97: EJECUCIÓN | D97: PROGRAMACIÓN | E97: EJECUCIÓN | F97: PROGRAMACIÓN | G97: EJECUCIÓN | H97: PROGRAMACIÓN | I97: EJECUCIÓN
B98: 0.1 | C98: 0.1 | D98: 0 | E98: 0
A99: LOGROS Y BENEFICIOS Y RETRASOS Y ALTERNATIVAS DE SOLUCIÓN | B99: Durante el mes de agosto de 2026, se continuó la gestión de alianzas activas con cierre a 2025 y de nuevas alianzas, alcanzando un total de 60 alianzas. A continuación, se presenta la distribución de las alianzas de empleo, generación de ingresos y formación para las mujeres de Bogotá, contribuyendo así con su autonomía económica. Empleo: 34 empresas Generación de ingresos: 5 empresas Formación: 16 empresas Gremios: 5 gremios Es importante aclarar que, si bien la ANDI es un gremio, la ficha se encuentra en empleo dado que sus ofertas se divulgan directamente bajo esta modalidad. También se precisa que la Cámara de Comercio de Bogotá, no cuenta con una ficha de caracterización porque se formalizó mediante un memorando de entendimiento. Su oferta va dirigida a una ruta de emprendimiento, establecida por ciclos de formación de 8 talleres, implementados de manera periódica en las diferentes localidades de Bogotá. | D99: No se programaron actividades para este periodo
A100: EVIDENCIAS DE EJECUCIÓN | B100: 1. Fichas de caracterización de las ofertas (Excel) 2. Piezas gremios 3. Cuadro alianzas Fichas y Orfeos (Excel) https://secretariadistritald.sharepoint.com/:f:/s/ContratacinSPI-2022/IgCSbNpljtzSR7TBXMZOPFwZAeNtl7zZbNEaZ7KKnDcvbVM?e=XyGvEj | D100: N/A
A101: Septiembre | B101: PROGRAMACIÓN | C101: EJECUCIÓN | D101: PROGRAMACIÓN | E101: EJECUCIÓN | F101: PROGRAMACIÓN | G101: EJECUCIÓN | H101: PROGRAMACIÓN | I101: EJECUCIÓN
B102: 0.1 | C102: 0.1 | D102: 0.25 | E102: 0.25
A103: LOGROS Y BENEFICIOS Y RETRASOS Y ALTERNATIVAS DE SOLUCIÓN | B103: Durante el mes de septiembre de 2026, se continuó la gestión de alianzas activas con cierre a 2025 y de nuevas alianzas, alcanzando un total de 62 alianzas. A continuación, se presenta la distribución de las alianzas de empleo, generación de ingresos y formación para las mujeres de Bogotá, contribuyendo así con su autonomía económica. Empleo: 34 empresas Generación de ingresos: 5 empresas Formación: 18 empresas Gremios: 5 gremios Es importante aclarar que, si bien la ANDI es un gremio, la ficha se encuentra en empleo dado que sus ofertas se divulgan directamente bajo esta modalidad. También se precisa que la Cámara de Comercio de Bogotá, no cuenta con una ficha de caracterización porque se formalizó mediante un memorando de entendimiento. Su oferta va dirigida a una ruta de emprendimiento, establecida por ciclos de formación de 8 talleres, implementados de manera periódica en las diferentes localidades de Bogotá. | D103: Durante el mes de septiembre se realizaron dos (2) reuniones de seguimiento con aliados de la Estrategia: 1. HOMECENTER SODIMAC 20260909 2. SAINT GOBAIN 20260914 Se llevaron a cabo cinco (5) reuniones para posibles nuevas oportunidades para la autonomía económica de las mujeres durante el mes de septiembre con las siguientes entidades y empresas: 1. INSTITUTO PIO 20260908 2. CASA LUKER 20260908 3. INSTITUTO IXVOS 20260902 4. CONVIVENTIA 20260922 5. JUAN CARLOS GAITAN 20260914 Durante el mes de septiembre se gestionaron tres (3) ferias de empleabilidad en distintas localidades de la ciudad para las mujeres de la Estrategia interesadas en empleabilidad puedan acceder a las ofertas laborales de los cinco (5) aliados que participaron en esos espacios: 1. Antonio Nariño: ZENU, Enfermeras, ARA y OXXO 20260911 2. Usme: ZENU 20260921 3. Usaquén: Crepes y Wafles y ARA 20260923 Durante el mes de septiembre se gestionó un (1) espacio de comercialización y dos (2) ferias para emprendedoras de la EAE, mediante articulación con aliados del sector privado a través de los cuales se beneficiaron 45 mujeres con un valor de ventas totales de $98.365.890 1. CAMARA DE COMERCIO DE BOGOTA – FERIA DEL HOGAR 20260903 - 20260920 2. DIAGEO 20260916 3. EDIFICIO ELEMENTO 20260918
A104: EVIDENCIAS DE EJECUCIÓN | B104: 1. Fichas de caracterización de las ofertas (Excel) 2. Piezas gremios 3. Cuadro alianzas Fichas y Orfeos (Excel) https://secretariadistritald.sharepoint.com/:f:/s/ContratacinSPI-2022/IgBOgCRHrXOHR4N9hSIickd5AeN0FX5UvWWXMGruY0yLVSE?e=fyRszc | D104: 1. Actas reuniones de seguimiento. 2. Actas reuniones con posibles empresas aliadas 3. Seguimiento direccionamiento de oportunidades emprendimiento (Excel) https://secretariadistritald.sharepoint.com/:f:/s/ContratacinSPI-2022/IgCFsNWw8oYfQ465VFfrouMFARvvWGCUoLrRiFPgIMbPnmY?e=gZ6NBb
A105: Octubre | B105: PROGRAMACIÓN | C105: EJECUCIÓN | D105: PROGRAMACIÓN | E105: EJECUCIÓN | F105: PROGRAMACIÓN | G105: EJECUCIÓN | H105: PROGRAMACIÓN | I105: EJECUCIÓN
B106: 0.1 | D106: 0
A107: LOGROS Y BENEFICIOS Y RETRASOS Y ALTERNATIVAS DE SOLUCIÓN
A108: EVIDENCIAS DE EJECUCIÓN
A109: Noviembre | B109: PROGRAMACIÓN | C109: EJECUCIÓN | D109: PROGRAMACIÓN | E109: EJECUCIÓN | F109: PROGRAMACIÓN | G109: EJECUCIÓN | H109: PROGRAMACIÓN | I109: EJECUCIÓN
B110: 0.1 | D110: 0
A111: LOGROS Y BENEFICIOS Y RETRASOS Y ALTERNATIVAS DE SOLUCIÓN
A112: EVIDENCIAS DE EJECUCIÓN
A113: Diciembre | B113: PROGRAMACIÓN | C113: EJECUCIÓN | D113: PROGRAMACIÓN | E113: EJECUCIÓN | F113: PROGRAMACIÓN | G113: EJECUCIÓN | H113: PROGRAMACIÓN | I113: EJECUCIÓN
B114: 0.1 | D114: 0.25
A115: LOGROS Y BENEFICIOS Y RETRASOS Y ALTERNATIVAS DE SOLUCIÓN
...

Sheet Hoja de vida  (3)
F1: DIRECCIONAMIENTO ESTRATÉGICO
F3: HOJA DE VIDA DEL INDICADOR
A5: ASOCIACIÓN
A6: CLASIFICACIÓN | D6: Proyectos | I6: SUB CLASIFICACIÓN | K6: Planes
A7: CATEGORÍA | D7: Resultado | I7: TIPO | K7: Eficacia
A8: PROCESO AL QUE APORTA | D8: Desarrollo de capacidades para la vida de las mujeres | I8: DEPENDENCIAS | K8: Subsecretaría del Cuidado y Políticas de Igualdad
A9: IDENTIFICACIÓN
A10: ACTIVIDAD | E10: Gestionar 1 portafolio de oportunidades a través de aliados públicos y privados para el empoderamiento y autonomía económica de las mujeres de Bogotá.
A11: NOMBRE DEL INDICADOR | E11: =+[1]ACTIVIDAD_3!I16 -> Número de alianzas que contribuyan al empleo, la generación de ingresos y la formación de las mujeres en sus diferencias y diversidades para la gestión del portafolio de oportunidades
A12: OBJETIVO DEL INDICADOR | E12: Cuantificar el número de alianzas que contribuyan al empleo, la generación de ingresos y la formación de las mujeres en sus diferencias y diversidad.
A13: CÓDIGO DEL INDICADOR | D13: NA | I13: MÉTODO DE RECOLECCIÓN | K13: Estadísticas
A14: CRITERIO DEL ANÁLISIS
A15: TIPO DE CÁLCULO | D15: Simple | I15: FRECUENCIA DE MEDICIÓN | K15: Mensual
A16: META PROGRAMADA | D16: =[1]ACTIVIDAD_3!C37 -> 1 | I16: TIPO DE ANUALIZACIÓN | K16: Constante
A17: RANGO DE GESTIÓN
A18: No. | B18: ALIAS | C18: VARIABLES | H18: DESCRIPCIÓN | J18: UNIDAD DE MEDIDA | L18: FUENTE
A19: 1 | B19: NA | C19: Alianzas que contribuyan al empleo, la generación de ingresos y la formación de las mujeres en sus diferencias y diversidad | H19: Mantener mínimo 50 alianzas mensuales, con el sector privado,que permitan llevar a las mujeres oportunidades laborales, de generación de ingresos y formación aportando así a la consolidación de su autonomía económica. | J19: Número | L19: Matriz de alianzas Orfeos de formalización Fichas de caracterización
A20: No. | B20: FÓRMULA DEL INDICADOR | L20: UNIDAD DE MEDIDA FÓRMULA
A21: 1 | B21: Número de alianzas gestionadas que contribuyan al empleo, la generación de ingresos y la formación de las mujeres en sus diferencias y diversidad | L21: Número
A22: DESCRIPCIÓN DEL INDICADOR
A23: LÍNEA BASE | D23: 50 | F23: Año de línea base | H23: 2024 | I23: FUENTE DE VERIFICACIÓN | K23: Plan de accion
A24: ANÁLISIS DEL INDICADOR
A25: GLOSARIO DE TÉRMINOS
A26: OBSERVACIONES

Sheet META_PDD
B1: SECRETARÍA DISTRITAL DE LA MUJER | I1: Código | J1: Código: DE-FO-5
B2: DIRECCIONAMIENTO ESTRATEGICO | I2: Versión | J2: Versión: 14
B3: PROGRAMACIÓN, ACTUALIZACIÓN Y SEGUIMIENTO PLAN DE ACCIÓN DE PROYECTOS DE INVERSIÓN | I3: Fecha de Emisión | J3: Fecha de Emisión: 28/04/2025
B4: META PLAN DE DESARROLLO | I4: Página | J4: Página 3 de 7
A7: NOMBRE DEL PROYECTO | B7: 8232 - Implementación de estrategias para el empoderamiento económico de las mujeres en toda su diversidad en Bogotá D.C. | I7: BPIN | J7: 2024110010318
A12: PERIODO REPORTADO | B12: Enero | D12: Febrero | F12: Marzo | H12: Abril
B13: Mayo | D13: Junio | F13: Julio | H13: Agosto
B14: Septiembre | C14: X | D14: Octubre | F14: Noviembre | H14: Diciembre
A16: TIPO DE REPORTE | C16: FORMULACION
C17: ACTUALIZACION
C18: SEGUIMIENTO | D18: X
A21: REPORTE INDICADOR META PDD
A22: META PDD | B22: Cualificar 9000 mujeres, en sus diferencias y diversidades, en herramientas para la autonomía económica. | E22: OBJETIVO ODS | F22: 5 - Igualdad de género | G22: META ODS | H22: 5.2. Eliminar todas las formas de violencia contra todas las mujeres y las niñas en los ámbitos público y privado, incluidas la trata y la explotación sexual y otros tipos de explotación
A23: INDICADOR META PDD | B23: 4060- Número de mujeres que participan en las estrategias de fomento del empoderamiento económico en la ciudad.
A24: PROGRAMACIÓN CUATRIENAL INDICADOR PDD | B24: 2024 | C24: 2025 | D24: 2026 | E24: 2027 | F24: TOTAL | G24: AVANCE ACUMULADO CUATRIENIO | H24: TIPO DE ANUALIZACIÓN (Según aplique)
B25: 1070 | C25: 4013 | D25: 2027 | E25: 1890 | F25: =B25+C25+D25+E25 -> 9000 | G25: =1070+C25 -> 5083 | H25: Suma
B26: EJECUCIÓN MENSUAL INDICADOR PDD
A27: ENERO | B27: PROGRAMACIÓN | C27: EJECUCIÓN | D27: AVANCES Y LOGROS MENSUAL (2.000 CARACTERES) | F27: AVANCES Y LOGROS ACUMULADO (2.000 CARACTERES) | H27: RETRASOS Y ALTERNATIVAS DE SOLUCIÓN (1.000 CARACTERES) | I27: BENEFICIOS | J27: EVIDENCIAS DEL AVANCE
B28: 0 | C28: 0 | D28: No se programaron actividades para este periodo
A29: FEBRERO | B29: PROGRAMACIÓN | C29: EJECUCIÓN | D29: AVANCES Y LOGROS MENSUAL (2.000 CARACTERES) | F29: AVANCES Y LOGROS ACUMULADO (2.000 CARACTERES) | H29: RETRASOS Y ALTERNATIVAS DE SOLUCIÓN (1.000 CARACTERES) | I29: BENEFICIOS | J29: EVIDENCIAS DEL AVANCE
B30: 104 | C30: 80 | D30: Durante febrero de 2026, la Estrategia para la Autonomía Económica de las Mujeres avanzó en acciones de alistamiento, visibilización y consolidación territorial, iniciando su presencia en diferentes localidades de Bogotá y fortaleciendo la difusión de la ruta de cualificación para la autonomía económica. En este marco, se desarrollaron orientaciones a mujeres en diversos escenarios institucionales y comunitarios, así como jornadas territoriales de difusión del portafolio de oportunidades para la generación de ingresos. De igual manera, se promovieron espacios de cualificación en modalidades presenciales y virtuales, a través de los cuales 80 mujeres culminaron su proceso de cualifcación en herramientas orientadas al fortalecimiento de su autonomía económica, contribuyendo así a ampliar sus capacidades para el acceso a oportunidades de empleo, emprendimiento y generación de ingresos. | F30: En febrero se cualificaron 80 mujeres de las 2027 programadas para la vigencia 2026, en herramietas para la la autonomía económica. | H30: No se alcanzó a cumplir con la meta establecida, tendiendo un rezago de 24 mujeres, esto obedece principalmente a que si bien se ha logrado llegar a un número significativo de ciudadanas, el tiempo para la culminación de la cualificación puede variar según la disponibilidad de tiempo de las mujeres. Para mejorar el cumplimiento de la meta, se van a intensificar acciones durante el mes de marzo a traves de espacios conmemorativos, asimismo se va ampliar la articulación interinstitucional con otros actores locales, con el fin de llegar a escenarios no abordados anteriormente para la difusión de la ruta de cualificación, los cuales pueden impactar en alcanzar los cumplimientos de meta programados. | I30: Las acciones desarrolladas en esta actividad, contribuyen a que las mujeres de la ciudad conozcan y accedan a oportunidades reales para fortalecer su autonomía económica, mediante orientación, información y acompañamiento sobre alternativas de empleo, formación y generación de ingresos. Asimismo, los espacios de cualificación les permiten desarrollar habilidades y herramientas para mejorar su perfil ocupacional, fortalecer iniciativas productivas y ampliar sus posibilidades de inserción laboral o emprendimiento. De esta manera, se promueve el empoderamiento económico de las mujeres, el fortalecimiento de sus capacidades para la toma de decisiones sobre su vida económica y la reducción de barreras de acceso a oportunidades en el mercado laboral y productivo de la ciudad. | J30: https://secretariadistritald.sharepoint.com/:f:/s/ContratacinSPI-2022/IgCCqGFsuSg7To866FqRrCQ6AR2BNNIVpVeCx7cKp6_dEoM?e=G7KUBJ
A31: MARZO | B31: PROGRAMACIÓN | C31: EJECUCIÓN | D31: AVANCES Y LOGROS MENSUAL (2.000 CARACTERES) | F31: AVANCES Y LOGROS ACUMULADO (2.000 CARACTERES) | H31: RETRASOS Y ALTERNATIVAS DE SOLUCIÓN (1.000 CARACTERES) | I31: BENEFICIOS | J31: EVIDENCIAS DEL AVANCE
B32: 220 | C32: 256 | D32: Durante marzo se logró cualificar a 256 mujeres, alcanzado el cumplimiento 100% respecto a la programación. Adicionalmente se supera el rezago del mes anterior esto dado a que en el marco de la conmemoración del día internacional de los Derechos de las mujeres se realizó un espacio de reconocimiento a la culminación de la ruta con las mujeres y se aperturó un escenario de comercialización de sus producto posibilitando el reconocimiento de sus estrategias de generación de ingresos. Paralelamente, se fortalecieron acciones de gestión en espacios locales conmemorativos y se avanzó en el impulso de la gestión de nuevos escenarios locales no abordados anteriormente para la difusión de la ruta de cualificación, los cuales impactan en alcanzar los cumplimientos de meta programados. | F32: A marzo de 2026, se han cualificado 336 mujeres de las 2.027 programadas para la vigencia, a través de la ruta de cualificación de la Estrategia. Este proceso se ha desarrollado mediante contenidos virtuales y presenciales, abordando temas como derechos laborales de las mujeres, habilidades socioemocionales (autorreconocimiento, toma de decisiones y comunicación asertiva) y herramientas laborales y financieras, tales como facturación electrónica, elaboración de hoja de vida, preparación para entrevistas de trabajo y formación en endeudamiento responsable para emprendimientos, entre otros. Desde la Estrategia, se fortalecen las capacidades de las mujeres para acceder y mantenerse en oportunidades de empleo, generación de ingresos y formación, promoviendo su autonomía económica. Asimismo, se impulsa la transformación de roles de género que han limitado su desarrollo, especialmente aquellos relacionados con el trabajo de cuidado no remunerado. A través de la ruta de cualificación, se brindan herramientas para el reconocimiento de sus derechos, el fortalecimiento de habilidades socioemocionales y financieras, y el acceso efectivo a oportunidades acordes con sus intereses y necesidades. | H32: N/A | I32: Los beneficios para las mujeres se evidencian en el fortalecimiento integral de sus capacidades personales, sociales y económicas, a través de procesos de cualificación que promueven el reconocimiento de sus derechos, el desarrollo de habilidades socioemocionales y el acceso a herramientas prácticas para la empleabilidad y el emprendimiento. Asimismo, la presencia territorial y la ampliación de espacios de participación facilitan un mayor acceso a información, orientación y oportunidades, lo que contribuye a mejorar su autonomía, potenciar sus iniciativas de generación de ingresos y favorecer su inclusión en escenarios económicos y sociales. Todo ello se traduce en un impacto positivo en su bienestar, en su capacidad de toma de decisiones y en el reconocimiento de su rol activo dentro de la comunidad. | J32: https://secretariadistritald.sharepoint.com/:f:/s/ContratacinSPI-2022/IgCGHzQqDyeVTrQYVhRoGuw9AdITi1OerE4w6hG5ILMSYAk?e=k2kizr
A33: ABRIL | B33: PROGRAMACIÓN | C33: EJECUCIÓN | D33: AVANCES Y LOGROS MENSUAL (2.000 CARACTERES) | F33: AVANCES Y LOGROS ACUMULADO (2.000 CARACTERES) | H33: RETRASOS Y ALTERNATIVAS DE SOLUCIÓN (1.000 CARACTERES) | I33: BENEFICIOS | J33: EVIDENCIAS DEL AVANCE
B34: 150 | C34: 253 | D34: Durante el mes de marzo se cualificaron 253 mujeres, superando la meta programada, gracias a la apertura de nuevos espacios de cualificación en articulación con la Cámara de Comercio de Bogotá y a la participación de las mujeres en la jornada “Lidertesas”, fortaleciendo sus habilidades comerciales, estratégicas y digitales. Así mismo, se fortalecieron las acciones de gestión territorial y articulación interinstitucional. De manera complementaria, el equipo territorial continúa impulsando la fase de direccionamiento a oportunidades,a las mujeres cualificadas, favoreciendo la permanencia y culminación efectiva de la ruta de cualificación. | F34: Al mes de abril de 2026, se han cualificado 589 mujeres de las 2.027 programadas para la vigencia, a través de la ruta de cualificación de la Estrategia. Este proceso se ha desarrollado mediante contenidos virtuales y presenciales, abordando temas como derechos laborales de las mujeres, habilidades socioemocionales (autorreconocimiento, toma de decisiones y comunicación asertiva) y herramientas laborales y financieras, tales como facturación electrónica, elaboración de hoja de vida, preparación para entrevistas de trabajo y formación en endeudamiento responsable para emprendimientos, entre otros. | H34: N/A | I34: Durante el periodo reportado, las mujeres participantes fortalecieron sus capacidades para el empleo, el emprendimiento y la generación de ingresos, mediante procesos de cualificación en habilidades comerciales, estratégicas, digitales, socioemocionales y de gestión financiera y laboral. Así mismo, accedieron a espacios de comercialización y posicionamiento de sus productos a través de ferias locales y jornadas de emprendimiento, favoreciendo el fortalecimiento de sus iniciativas productivas. De igual manera, se promovió el conocimiento y ejercicio de los derechos humanos de las mujeres. | J34: https://secretariadistritald.sharepoint.com/:f:/s/ContratacinSPI-2022/IgAa1OzTN2nDSISgZeyQOVzPAX5ZgBe5_OLk-OLoroiwPFM?e=gONImQ
A35: MAYO | B35: PROGRAMACIÓN | C35: EJECUCIÓN | D35: AVANCES Y LOGROS MENSUAL (2.000 CARACTERES) | F35: AVANCES Y LOGROS ACUMULADO (2.000 CARACTERES) | H35: RETRASOS Y ALTERNATIVAS DE SOLUCIÓN (1.000 CARACTERES) | I35: BENEFICIOS | J35: EVIDENCIAS DEL AVANCE
B36: 250 | C36: 240 | D36: Durante el mes de mayo se logró la cualificación de 240 mujeres, alcanzando el 96 % de la meta programada para el periodo y presentando un rezago de 10 mujeres frente a lo previsto. Esta diferencia se asocia principalmente a factores relacionados con la disponibilidad de tiempo de las participantes y la asistencia efectiva a los espacios programados, situación que incidió en la culminación de algunos procesos de cualificación dentro del mes. No obstante, se mantuvo una alta ejecución de las actividades previstas y se continuó fortaleciendo la gestión y articulación territorial para la difusión de la ruta de cualificación y la vinculación de nuevas participantes. | F36: Al mes de mayo de 2026, se han cualificado 829 mujeres de las 2.027 programadas para la vigencia, a través de la ruta de cualificación de la Estrategia. Este proceso se ha desarrollado mediante contenidos virtuales y presenciales, abordando temas como derechos laborales de las mujeres, habilidades socioemocionales (autorreconocimiento, toma de decisiones y comunicación asertiva) y herramientas laborales y financieras, tales como facturación electrónica, elaboración de hoja de vida, preparación para entrevistas de trabajo y formación en endeudamiento responsable para emprendimientos, entre otros. | H36: Con el fin de alcanzar el cumplimiento de la meta programada, se fortalecerán las estrategias de convocatoria, seguimiento y confirmación de asistencia de las participantes, mediante la articulación con actores territoriales y la ampliación de los canales de difusión de la oferta. Así mismo, se priorizará la vinculación de mujeres previamente orientadas e interesadas en los procesos de cualificación, promoviendo su participación en los espacios programados durante los meses siguientes, con el propósito de recuperar el rezago presentado y garantizar el cumplimiento de la meta anual. | I36: Las acciones desarrolladas durante el mes de mayo beneficiaron a las mujeres participantes al fortalecer sus conocimientos y capacidades en temas relacionados con derechos humanos, habilidades socioemocionales y herramientas para la empleabilidad y el emprendimiento, contribuyendo al fortalecimiento de su autonomía económica. Asimismo, la gestión y articulación territorial permitió ampliar el acceso a la oferta institucional, facilitando que un mayor número de mujeres conocieran y se vincularan a los procesos de cualificación, generando mayores oportunidades para el desarrollo de sus proyectos personales, laborales y productivos. | J36: https://secretariadistritald.sharepoint.com/:f:/s/ContratacinSPI-2022/IgAZ7pShzolHRJa6zL3ou7qOAU1Gu_mHED69Oayj3YQ3zrA?e=br5bgu
A37: JUNIO | B37: PROGRAMACIÓN | C37: EJECUCIÓN | D37: AVANCES Y LOGROS MENSUAL (2.000 CARACTERES) | F37: AVANCES Y LOGROS ACUMULADO (2.000 CARACTERES) | H37: RETRASOS Y ALTERNATIVAS DE SOLUCIÓN (1.000 CARACTERES) | I37: BENEFICIOS | J37: EVIDENCIAS DEL AVANCE
B38: 180 | C38: 239 | D38: Durante el mes de junio se logró la cualificación de 239 mujeres, superando la meta programada y el rezago de las 10 mujeres del mes inmediatamente anterior, esto se logro a través de la participación en espacios de cualificación presenciales y/o virtuales; en contenidos relacionados con derechos humanos, en habilidades socioemocionales, así como de gestión financiera en empleabilidad y emprendimiento. Se continúan fortalecieron acciones de gestión y articulación local, para la difusión de la ruta de cualificación, los cuales impactan en alcanzar los cumplimientos de meta programados. | F38: Con corte al mes de junio de 2026, se ha logrado la cualificación de 1.068 mujeres, equivalente al avance en la meta de 2.027 mujeres programadas para la vigencia, mediante la implementación de la Ruta de Cualificación de la Estrategia. Este proceso se ha desarrollado a través de modalidades presencial y virtual, con contenidos orientados al fortalecimiento de capacidades en derechos laborales de las mujeres, habilidades socioemocionales como autorreconocimiento, toma de decisiones y comunicación asertiva, así como herramientas para la empleabilidad, el emprendimiento y la gestión financiera, incluyendo temas como facturación electrónica, elaboración de hoja de vida, preparación para entrevistas laborales y endeudamiento responsable, entre otros. | H38: N/A | I38: El avance alcanzado durante el mes de junio permitió que un mayor número de mujeres fortaleciera sus capacidades para el ejercicio de sus derechos, la toma de decisiones, el desarrollo de habilidades socioemocionales y la adquisición de herramientas para la empleabilidad, el emprendimiento y la gestión financiera. Asimismo, las acciones de articulación y gestión territorial favorecieron una mayor difusión y acceso a la Ruta de Cualificación, ampliando las oportunidades para que más mujeres de Bogotá participen en procesos que contribuyen al fortalecimiento de su autonomía económica y al mejoramiento de sus condiciones de vida. | J38: https://secretariadistritald.sharepoint.com/:f:/s/ContratacinSPI-2022/IgAnMRIcRxD2Qbc6UlerKp-YAYiBwuCCKX-JoMGnfG2yJnI?e=XOrFDl
A39: JULIO | B39: PROGRAMACIÓN | C39: EJECUCIÓN | D39: AVANCES Y LOGROS MENSUAL (2.000 CARACTERES) | F39: AVANCES Y LOGROS ACUMULADO (2.000 CARACTERES) | H39: RETRASOS Y ALTERNATIVAS DE SOLUCIÓN (1.000 CARACTERES) | I39: BENEFICIOS | J39: EVIDENCIAS DEL AVANCE
B40: 270 | C40: 262 | D40: Durante el mes de julio se cualificaron 262 mujeres, alcanzando un resultado de ocho (8) mujeres por debajo de la meta programada para el periodo. Es importante señalar que el cumplimiento de la meta mensual está condicionado por el tiempo que requiere el proceso de cualificación y, especialmente, por la permanencia y la participación voluntaria de las mujeres a lo largo de la ruta. En este contexto, el equipo mantuvo de manera permanente las acciones de convocatoria y seguimiento, promoviendo la participación de las mujeres en espacios de cualificación presenciales y virtuales, mediante el desarrollo de contenidos en derechos humanos, habilidades socioemocionales y herramientas para la gestión financiera orientadas al fortalecimiento de capacidades para la empleabilidad y el emprendimiento. De igual manera, se fortalecieron las acciones de gestión y articulación con actores locales para ampliar la difusión de la ruta de cualificación y acercar la oferta institucional a un mayor número de mujeres. Estas acciones contribuyen a incrementar la participación, fortalecer la permanencia en el proceso de formación y avanzar de manera progresiva en el cumplimiento de las metas programadas por la Estrategia. Es importante resaltar que, aunque en el mes de julio se presentó un rezago de ocho (8) mujeres frente a la meta mensual, el comportamiento acumulado de la vigencia continúa por encima de la meta programada, lo que evidencia un avance satisfactorio en la implementación de la Estrategia y permite prever el cumplimiento de la meta anual. | F40: A corte julio de 2026, la Estrategia para la Autonomía Económica registra la cualificación de 1.330 mujeres, lo que representa un avance significativo frente a la meta anual de 2.027 mujeres programadas para la vigencia. Este resultado es producto de la implementación continua de la Ruta de Cualificación, la cual ha permitido fortalecer las capacidades de las participantes mediante procesos formativos desarrollados en modalidades presencial y virtual, adaptados a las diferentes necesidades y contextos de las mujeres en su diversidad. Durante este periodo se consolidó la oferta de contenidos orientados al fortalecimiento de competencias para la autonomía económica, integrando herramientas para el ejercicio de los derechos laborales, el desarrollo de habilidades socioemocionales, la empleabilidad, el emprendimiento y la gestión financiera. De esta manera, la Estrategia continúa aportando al fortalecimiento de las capacidades de las mujeres para mejorar sus posibilidades de acceso al mercado laboral, impulsar iniciativas de generación de ingresos y avanzar hacia una mayor autonomía económica, en coherencia con los objetivos establecidos para la vigencia. | H40: Se van a continuar desarrollando acciones para mantener el cumplimiento de las metas establecidas, fortaleciendo la convocatoria y el seguimiento a las mujeres interesadas en la ruta de cualificación, promoviendo su permanencia y culminación del proceso formativo. Asimismo, se reforzará la articulación con aliados estratégicos y actores territoriales para ampliar la difusión de la oferta institucional y facilitar el acceso de más mujeres a los espacios de formación. De igual manera, se mantendrá el monitoreo permanente de las metas e indicadores de ejecución, realizando los ajustes operativos que sean necesarios para garantizar el cumplimiento de la programación. | I40: Las acciones desarrolladas durante el mes de julio fortalecieron el acceso y la permanencia de las mujeres en la ruta de cualificación, permitiéndoles adquirir herramientas en derechos humanos, habilidades socioemocionales y gestión financiera que fortalecen sus capacidades para la empleabilidad, el emprendimiento y la generación de ingresos. Asimismo, el fortalecimiento de la convocatoria, el seguimiento y la articulación con actores territoriales facilitó que un mayor número de mujeres conociera y accediera a la oferta institucional de la Estrategia, promoviendo procesos formativos más oportunos e incluyentes que contribuyen al fortalecimiento de su autonomía económica, la ampliación de sus oportunidades y el ejercicio efectivo de sus derechos. | J40: https://secretariadistritald.sharepoint.com/:f:/s/ContratacinSPI-2022/IgACNZ9jJgc4QpJ4W6F-1-o5ATLDMMtaI0GApKqdkykLHqs?e=bcWlih
A41: AGOSTO | B41: PROGRAMACIÓN | C41: EJECUCIÓN | D41: AVANCES Y LOGROS MENSUAL (2.000 CARACTERES) | F41: AVANCES Y LOGROS ACUMULADO (2.000 CARACTERES) | H41: RETRASOS Y ALTERNATIVAS DE SOLUCIÓN (1.000 CARACTERES) | I41: BENEFICIOS | J41: EVIDENCIAS DEL AVANCE
B42: 200 | C42: 197 | D42: Durante el mes de agosto de 2026, se logró la cualificación de 197 mujeres en contenidos relacionados con derechos humanos, habilidades socioemocionales y gestión financiera para el empleo y el emprendimiento, contribuyendo al cumplimiento de la meta establecida para el periodo. Este resultado fue posible mediante el desarrollo de procesos de formación en los diferentes escenarios de intervención de la Estrategia, fortaleciendo los conocimientos y competencias de las participantes para el ejercicio de sus derechos, el acceso a oportunidades de empleo y emprendimiento y el fortalecimiento de su autonomía económica. La participación y permanencia de las mujeres en los procesos de cualificación responde a su vinculación voluntaria y a las dinámicas propias de cada proceso formativo, factores que inciden en el comportamiento del resultado mensual. | F42: A corte de agosto de 2026, la Estrategia para la Autonomía Económica de las Mujeres ha cualificado a 1.527 mujeres, alcanzando un avance frente a la meta anual de 2.027 mujeres establecida para la vigencia. Este resultado evidencia la continuidad y consolidación de la Ruta de Cualificación, mediante el desarrollo de espacios formativos en modalidades presencial y virtual, que han permitido ampliar el acceso de las mujeres a contenidos y herramientas pertinentes para el fortalecimiento de sus capacidades. Los procesos implementados han abordado temáticas relacionadas con el ejercicio de derechos, habilidades socioemocionales, empleabilidad, emprendimiento y gestión financiera, contribuyendo a mejorar las condiciones y capacidades de las mujeres para acceder a oportunidades laborales, fortalecer sus iniciativas productivas y avanzar en el desarrollo de su autonomía económica. | H42: En agosto se alcanzó la cualificación de 197 mujeres frente a las 200 programadas, con una diferencia de tres participantes. Para el siguiente periodo se fortalecerán las acciones de convocatoria, seguimiento y articulación con aliados, con el fin de ampliar la participación y garantizar el cumplimiento de las metas establecidas. | I42: La cualificación de 197 mujeres durante el mes de agosto contribuyó al fortalecimiento de sus conocimientos y capacidades en derechos humanos, habilidades socioemocionales y gestión financiera, brindándoles herramientas para mejorar su preparación frente al acceso a oportunidades de empleo, emprendimiento y generación de ingresos. De esta manera, la acción aporta al desarrollo de competencias para la toma de decisiones, el ejercicio de sus derechos y el fortalecimiento de su autonomía económica, favoreciendo mejores condiciones para su participación en los ámbitos laboral y productivo. | J42: https://secretariadistritald.sharepoint.com/:f:/s/ContratacinSPI-2022/IgCHw066y312QpvlI9jlSjutARbHYWlgzvlEGyHih4cWNZU?e=AA66rc
A43: SEPTIEMBRE | B43: PROGRAMACIÓN | C43: EJECUCIÓN | D43: AVANCES Y LOGROS MENSUAL (2.000 CARACTERES) | F43: AVANCES Y LOGROS ACUMULADO (2.000 CARACTERES) | H43: RETRASOS Y ALTERNATIVAS DE SOLUCIÓN (1.000 CARACTERES) | I43: BENEFICIOS | J43: EVIDENCIAS DEL AVANCE
B44: 200 | C44: 297 | D44: Durante septiembre de 2026, la Estrategia para la Autonomía Económica fortaleció su presencia territorial en las 19 localidades de Bogotá, cualificar a 297 mujeres en herramientas para la autonomía económica. este avance fue posible mediante la participación y la articulación con nuevos escenarios institucionales, educativos y comunitarios, ampliando el acceso de las mujeres a oportunidades de formación, generación de ingresos y fortalecimiento de capacidades para su autonomía económica. | F44: A corte de septiembre de 2026, la Estrategia para la Autonomía Económica de las Mujeres ha cualificado a 1.824 mujeres, alcanzando un avance frente a la meta anual de 2.027 mujeres establecida para la vigencia. Del total de mujeres cualificadas 414 manifestaron interes en empleabilidad y 1410 en emprendimiento. Las mujeres han contado con acompañamiento durante la ruta, encontrando una diversidad de contenidos presenciales o virtuales para fortalecer sus procesos de generación de ingresos. Se ha llevado la ruta de cualificación a espacios de incidencia local y barrial, fortaleciendo la articulación interinstitucional y la visibilizando la Estrategia en diversos escenarios distritales. El avance alcanzado refleja la capacidad de la Estrategia para ampliar su cobertura y acercar la oferta institucional a las mujeres en sus diferencias y diversidad, contribuyendo al fortalecimiento de sus capacidades para la toma de decisiones económicas y la generación de oportunidades que favorezcan su autonomía y bienestar. | H44: N/A | I44: Las mujeres beneficiarias fortalecen sus capacidades y conocimientos para avanzar en su autonomía económica, mediante el acceso a herramientas para la empleabilidad, el emprendimiento, la generación de ingresos, la gestión financiera y el desarrollo de habilidades socioemocionales. Esto contribuye a mejorar su confianza, capacidad para tomar decisiones, identificación de oportunidades laborales y productivas y manejo de sus recursos económicos, favoreciendo mayores posibilidades para construir y consolidar proyectos de vida con mayor independencia económica. | J44: https://secretariadistritald.sharepoint.com/:f:/s/ContratacinSPI-2022/IgCHw066y312QpvlI9jlSjutARbHYWlgzvlEGyHih4cWNZU?e=AA66rc
A45: OCTUBRE | B45: PROGRAMACIÓN | C45: EJECUCIÓN | D45: AVANCES Y LOGROS MENSUAL (2.000 CARACTERES) | F45: AVANCES Y LOGROS ACUMULADO (2.000 CARACTERES) | H45: RETRASOS Y ALTERNATIVAS DE SOLUCIÓN (1.000 CARACTERES) | I45: BENEFICIOS | J45: EVIDENCIAS DEL AVANCE
B46: 200
A47: NOVIEMBRE | B47: PROGRAMACIÓN | C47: EJECUCIÓN | D47: AVANCES Y LOGROS MENSUAL (2.000 CARACTERES) | F47: AVANCES Y LOGROS ACUMULADO (2.000 CARACTERES) | H47: RETRASOS Y ALTERNATIVAS DE SOLUCIÓN (1.000 CARACTERES) | I47: BENEFICIOS | J47: EVIDENCIAS DEL AVANCE
B48: 200
A49: DICIEMBRE | B49: PROGRAMACIÓN | C49: EJECUCIÓN | D49: AVANCES Y LOGROS MENSUAL (2.000 CARACTERES) | F49: AVANCES Y LOGROS ACUMULADO (2.000 CARACTERES) | H49: RETRASOS Y ALTERNATIVAS DE SOLUCIÓN (1.000 CARACTERES) | I49: BENEFICIOS | J49: EVIDENCIAS DEL AVANCE
B50: 53
B51: =B28+B30+B32+B34+B36+B38+B40+B42+B44+B46+B48+B50 -> 2027 | C51: =C28+C30+C32+C34+C36+C38+C40+C42+C44+C46+C48+C50 -> 1824
A53: Avance mensual | B53: Enero | C53: Febrero | D53: Marzo | E53: Abril | F53: Mayo | G53: Junio | H53: Julio | I53: Agosto | J53: Septiembre | K53: Octubre | L53: Noviembre | M53: Diciembre
B54: =C28 -> 0 | C54: =C30 -> 80 | D54: =C32 -> 256 | E54: =C34 -> 253 | F54: =C36 -> 240 | G54: =C38 -> 239 | H54: =C40 -> 262 | I54: =C42 -> 197 | J54: =C44 -> 297 | K54: =C46 -> 0 | L54: =C48 -> 0 | M54: =C50 -> 0
A57: Elaboró | B57: Firma | D57: Aprobó (Según aplique Gerenta de proyecto, Líder técnica y responsable de proceso) | E57: Firma | G57: Revisó (Oficina Asesora de Planeación) | H57: VoBo:
B58: Nombre | C58: Angela Mateus, Sandra Díaz | E58: Nombre | F58: Juliana Martínez Londoño | H58: Nombre: | I58: Yurieth Paola Rojas Mayorga
B59: Cargo | C59: Contratistas Estrategia Autonomía Económica -SCPI | E59: Cargo | F59: Subsecretaria del Cuidado y Políticas de Igualdad | H59: Cargo: | I59: Jefe Oficina Asesora de Planeación
B60: Firma | E60: Firma | H60: VoBo:
B61: Nombre | C61: Iván Felipe Vargas Aldana | E61: Nombre | H61: Nombre: | I61: Yuly Emperatriz Sánchez Cancelado
B62: Cargo | C62: Contratista SCPI | E62: Cargo | H62: Cargo: | I62: Contratista OAP

Sheet PRODUCTO_MGA
B1: SECRETARÍA DISTRITAL DE LA MUJER | J1: Código: DE-FO-5
B2: DIRECCIONAMIENTO ESTRATEGICO | J2: Versión: 14
B3: PROGRAMACIÓN, ACTUALIZACIÓN Y SEGUIMIENTO PLAN DE ACCIÓN DE PROYECTOS DE INVERSIÓN | J3: Fecha de Emisión: 28/04/2025
B4: PRODUCTO - MGA | J4: Página 4 de 7
A6: PROYECTO DE INVERSIÓN | B6: 8232 - Implementación de estrategias para el empoderamiento económico de las mujeres en toda su diversidad en Bogotá D.C. | J6: BPIN | K6: 2024110010318
A8: PERIODO REPORTADO | B8: Enero | D8: Febrero | F8: Marzo | H8: Abril | J8: TIPO DE REPORTE | K8: FORMULACION
B9: Mayo | D9: Junio | F9: Julio | H9: Agosto | K9: ACTUALIZACION
B10: Septiembre | C10: X | D10: Octubre | F10: Noviembre | H10: Diciembre | K10: SEGUIMIENTO | L10: X
A12: EJECUCIÓN PRESUPUESTAL DEL PRODUCTO I TRIMESTRE
A13: OBJETIVO ESPECIFICO | B13: ACTIVIDAD | C13: PRODUCTO MGA | D13: ENERO | G13: FEBRERO | J13: MARZO
D14: COMPROMISOS | E14: GIROS | F14: EJECUTADO MAGNITUD | G14: COMPROMISOS | H14: GIROS | I14: EJECUTADO MAGNITUD | J14: COMPROMISOS | K14: GIROS | L14: EJECUTADO MAGNITUD
A15: Implementar acciones de cualificación y fortalecimiento de capacidades dirigidas a las mujeres en sus diversidades para su empoderamiento económico | B15: Desarrollar 1 estrategia para potenciar las habilidades y capacidades de las mujeres en sus diversidades que aporten a su empoderamiento y autonomía | C15: PRODUCTO 1 Servicio de educación informal | D15: =+'ACTIVIDAD_1 '!B25+'ACTIVIDAD 2'!B25 -> 1325412000 | E15: ='ACTIVIDAD_1 '!B26+'ACTIVIDAD 2'!B26 -> 0 | G15: ='ACTIVIDAD_1 '!C25+'ACTIVIDAD 2'!C25 -> 0 | H15: =+'ACTIVIDAD_1 '!C26+'ACTIVIDAD 2'!C26 -> 44000620 | I15: 80 | J15: ='ACTIVIDAD_1 '!D25+'ACTIVIDAD 2'!D25 -> -11348800 | K15: =+'ACTIVIDAD_1 '!D26+'ACTIVIDAD 2'!D26 -> 121777092 | L15: 256
B16: Cualificar 9000 mujeres en sus diferencias y diversidades en herramientas para la autonomía económica
A17: Proporcionar oportunidades para la autonomía económica de las mujeres en sus diversidade | B17: Gestionar 1 portafolio de oportunidades a través de aliados públicos y privados para el empoderamiento y autonomía económica de las mujeres de Bogotá. | C17: PRODUCTO 2 Documentos de lineamientos técnicos | D17: =ACTIVIDAD_3!B25 -> 293491000 | E17: =ACTIVIDAD_3!B26 -> 0 | G17: =ACTIVIDAD_3!C25 -> 0 | H17: =ACTIVIDAD_3!C26 -> 8604046 | I17: 0.05 | J17: =ACTIVIDAD_3!D25 -> -316667 | K17: =ACTIVIDAD_3!D26 -> 29894754 | L17: 0.15
A20: EJECUCIÓN PRESUPUESTAL DEL PRODUCTO II TRIMESTRE
A21: OBJETIVO ESPECIFICO | B21: ACTIVIDAD | C21: PRODUCTO MGA | D21: ABRIL | G21: MAYO | J21: JUNIO
D22: COMPROMISOS | E22: GIROS | F22: EJECUTADO MAGNITUD | G22: COMPROMISOS | H22: GIROS | I22: EJECUTADO MAGNITUD | J22: COMPROMISOS | K22: GIROS | L22: EJECUTADO MAGNITUD
A23: Implementar acciones de cualificación y fortalecimiento de capacidades dirigidas a las mujeres en sus diversidades para su empoderamiento económico | B23: Desarrollar 1 estrategia para potenciar las habilidades y capacidades de las mujeres en sus diversidades que aporten a su empoderamiento y autonomía | C23: PRODUCTO 1 Servicio de educación informal | D23: ='ACTIVIDAD_1 '!E25+'ACTIVIDAD 2'!E25 -> 21433612 | E23: ='ACTIVIDAD_1 '!E26+'ACTIVIDAD 2'!E26 -> 117950683 | F23: ='ACTIVIDAD 2'!C45 -> 253 | G23: ='ACTIVIDAD_1 '!F25+'ACTIVIDAD 2'!F25 -> 526000 | H23: ='ACTIVIDAD_1 '!F26+'ACTIVIDAD 2'!F26 -> 115156133 | I23: ='ACTIVIDAD 2'!C47 -> 240 | J23: ='ACTIVIDAD_1 '!G25+'ACTIVIDAD 2'!G25 -> 45967000 | K23: ='ACTIVIDAD_1 '!G26+'ACTIVIDAD 2'!G26 -> 131248412 | L23: ='ACTIVIDAD 2'!C49 -> 239
B24: Cualificar 9000 mujeres en sus diferencias y diversidades en herramientas para la autonomía económica
A25: Proporcionar oportunidades para la autonomía económica de las mujeres en sus diversidade | B25: Gestionar 1 portafolio de oportunidades a través de aliados públicos y privados para el empoderamiento y autonomía económica de las mujeres de Bogotá. | C25: PRODUCTO 2 Documentos de lineamientos técnicos | D25: =ACTIVIDAD_3!E25 -> 10085625 | E25: =ACTIVIDAD_3!E26 -> 25520957 | F25: =ACTIVIDAD_3!C45 -> 0.05 | G25: =ACTIVIDAD_3!F25 -> 0 | H25: =ACTIVIDAD_3!F26 -> 25520957 | I25: =ACTIVIDAD_3!C47 -> 0.05 | J25: =ACTIVIDAD_3!G25 -> 0 | K25: =ACTIVIDAD_3!G26 -> 35606582 | L25: =ACTIVIDAD_3!C49 -> 0.15
A28: EJECUCIÓN PRESUPUESTAL DEL PRODUCTO III TRIMESTRE
A29: OBJETIVO ESPECIFICO | B29: ACTIVIDAD | C29: PRODUCTO MGA | D29: JULIO | G29: AGOSTO | J29: SEPTIEMBRE
D30: COMPROMISOS | E30: GIROS | F30: EJECUTADO MAGNITUD | G30: COMPROMISOS | H30: GIROS | I30: EJECUTADO MAGNITUD | J30: COMPROMISOS | K30: GIROS | L30: EJECUTADO MAGNITUD
A31: Implementar acciones de cualificación y fortalecimiento de capacidades dirigidas a las mujeres en sus diversidades para su empoderamiento económico | B31: Desarrollar 1 estrategia para potenciar las habilidades y capacidades de las mujeres en sus diversidades que aporten a su empoderamiento y autonomía | C31: PRODUCTO 1 Servicio de educación informal | D31: =+'ACTIVIDAD_1 '!H25+'ACTIVIDAD 2'!H25 -> 1856479 | E31: ='ACTIVIDAD_1 '!H26+'ACTIVIDAD 2'!H26 -> 109958005 | F31: ='ACTIVIDAD 2'!C51 -> 262 | G31: =+'ACTIVIDAD_1 '!I25+'ACTIVIDAD 2'!I25 -> 25268800 | H31: =+'ACTIVIDAD_1 '!I26+'ACTIVIDAD 2'!I26 -> 105683542 | I31: ='ACTIVIDAD 2'!C54 -> 197 | J31: ='ACTIVIDAD_1 '!J25+'ACTIVIDAD 2'!J25 -> 0 | K31: ='ACTIVIDAD_1 '!J26+'ACTIVIDAD 2'!J26 -> 109772213 | L31: ='ACTIVIDAD 2'!C56 -> 297
B32: Cualificar 9000 mujeres en sus diferencias y diversidades en herramientas para la autonomía económica
A33: Proporcionar oportunidades para la autonomía económica de las mujeres en sus diversidade | B33: Gestionar 1 portafolio de oportunidades a través de aliados públicos y privados para el empoderamiento y autonomía económica de las mujeres de Bogotá. | C33: PRODUCTO 2 Documentos de lineamientos técnicos | D33: =ACTIVIDAD_3!H25 -> 0 | E33: =ACTIVIDAD_3!H26 -> 25520957 | F33: =ACTIVIDAD_3!C51 -> 0.05 | G33: =ACTIVIDAD_3!I25 -> 0 | H33: =ACTIVIDAD_3!I26 -> 25520957 | I33: =ACTIVIDAD_3!C53 -> 0.05 | J33: =ACTIVIDAD_3!J25 -> 0 | K33: =ACTIVIDAD_3!J26 -> 25520957 | L33: =ACTIVIDAD_3!C55 -> 0.15
A36: EJECUCIÓN PRESUPUESTAL DEL PRODUCTO IV TRIMESTRE
A37: OBJETIVO ESPECIFICO | B37: ACTIVIDAD | C37: PRODUCTO MGA | D37: OCTUBRE | G37: NOVIEMBRE | J37: DICIEMBRE
D38: COMPROMISOS | E38: GIROS | F38: EJECUTADO MAGNITUD | G38: COMPROMISOS | H38: GIROS | I38: EJECUTADO MAGNITUD | J38: COMPROMISOS | K38: GIROS | L38: EJECUTADO MAGNITUD
A39: Implementar acciones de cualificación y fortalecimiento de capacidades dirigidas a las mujeres en sus diversidades para su empoderamiento económico | B39: Desarrollar 1 estrategia para potenciar las habilidades y capacidades de las mujeres en sus diversidades que aporten a su empoderamiento y autonomía | C39: PRODUCTO 1 Servicio de educación informal
B40: Cualificar 9000 mujeres en sus diferencias y diversidades en herramientas para la autonomía económica
A41: Proporcionar oportunidades para la autonomía económica de las mujeres en sus diversidade | B41: Gestionar 1 portafolio de oportunidades a través de aliados públicos y privados para el empoderamiento y autonomía económica de las mujeres de Bogotá. | C41: PRODUCTO 2 Documentos de lineamientos técnicos

Sheet TERRITORIALIZACIÓN
B1: SECRETARÍA DISTRITAL DE LA MUJER DIRECCINAMIENTO ESTRATÉGICO PROGRAMACIÓN, ACTUALIZACIÓN Y SEGUIMIENTO PLAN DE ACCIÓN DE PROYECTOS DE INVERSIÓN TERRITORIALIZACIÓN
A8: NOMBRE DEL PROYECTO | B8: 8232 - Implementación de estrategias para el empoderamiento económico de las mujeres en toda su diversidad en Bogotá D.C. | AA8: BPIN | AB8: 2024110010318 | AC8: Código | AE8: Código: DE-FO-5
AC9: Versión | AE9: Versión: 14
AC10: Fecha de Emisión | AE10: Fecha de Emisión: 28/04/2025
AC11: Página | AE11: Página 5 de 7
A14: PERIODO REPORTADO | B14: Enero | D14: Febrero | F14: Marzo | H14: Abril | K14: TIPO DE REPORTE | M14: FORMULACION
B15: Mayo | D15: Junio | F15: Julio | H15: Agosto | M15: ACTUALIZACION
B16: Septiembre | D16: Octubre | F16: Noviembre | H16: Diciembre | M16: SEGUIMIENTO
A18: REPORTE TERRITORIALIZACIÓN
A19: INDICADOR PMR TERRITORIALIZABLE
A20: I SEMESTRE | B20: LOCALIDAD | C20: PROGRAMACIÓN | O20: EJECUCIÓN
